Workbook

Sheet Note for users
A1: Note for users
A2: Draft Business Plan Financial Calculator
A3: 1.0 About the calculator
A4: The business plan financial calculator will be the tool to generate the financial projection of the business plan based on the certain data inputs. It will be the tool which can be easily used by any professional who understand the basic accounting. The business plan financial calculator will generate following statements automatically based on certain data inputs: 1. Profit and Loss Statement 2. Cash Flow Statement 3. Balance Sheet 4. Depreciation, amortization and tax calculation It will also auto calculate the following financial ratios to understand the viability of the business plan / Full Project Proposal: 1. Break Even Point 2. Internal Rate of Return 3. Net Present Value 4. Return on Capital Employed 5. Project Payback Period 6. DSCR 7.Sensitivity analysis The above ratios will help decision makers for approving the business plan / Full Project Report.
A5: 2.0 Features
A6: 1.0 It helps in preparing financial projections for both type of sub-projects.i.e. Grain and Frutis & Vegetables. 2.0 It can be easily used by any person / professional who understand the basic accounting. 3.0 Assist planners to map marketable surplus of key commodities quickly. 3.0 This tool will generate P & L , Cash flow statement and balance sheet automatically. 4.0 The calculator helps to prepare all categories of business plans envisaged in SMART Project viz. PPs, MAPs, CIIs, Warehousing related) 5.0 It will also calculate all ratios automatically.
A7: 3.0 Preparatory work
A8: 1.0 Please collect basic data of targeted commodities in the cluster accurately (area, productivity and consumption at HH level ) 2.0 Finalize Business activity in consultation with CBO members and officials / experts. 3.0 Accordingly, please add CAPEX details i.e. related to building, machinery and other infrastructure properly. 4.0 In CAPEX SHEET, please refer area and rates mentioned in estimates of civil structures prepared by engineer whereas quotation's in case of machinery and other equipment or material. 5.0 Please write down assumptions clearly for each business activity (example- produce aggregation and bulk marketing in the form of % in Y-1, Y-2.......... )
A9: 4.0 Colour codes used
A10: Colour code | B10: Description
B11: Need to change/Place Values Manually
B12: Need to change figures subject to
A14: 5.0 Guidance note for using calculator
A15: Steps | B15: Sheet name | C15: Process | D15: Sheet No | E15: Remark
A16: A | B16: Sheet in which need to enter data
A17: Step-1 | B17: Grain production details & or F & V production details (Marketable surplus) | C17: Please fill data in yellow colour cells i.e. members no, non-members , average area etc. | D17: Sheet No. 10 for grain and 11 for F & V
A18: Step-2 | B18: CAPEX Details | C18: Kindly fill yellow cells by using rates mentioned in estimates of civil structures and quotation's of machineries and equipment's | D18: Sheet No. 2
A19: Step-3 | B19: Project cost and Means of finance with financial indicators | C19: Please add bank loan per cent if applicable other wise put zero | D19: Sheet No. 1 | E19: Generate automatically
A20: Step-4 | B20: Business activity wise revenue, expenditure and profit calculation
A21: 4.1 | B21: Facility-1 / Business activity -Trading | C21: Please fill necessary details in yellow cells for calculating revenue and expenditure of identified business activities only. | D21: Sheet No. 12
A22: 4.2 | B22: Facility-2 / Business activity - Processing (Grain, pulses, oilseed) | D22: Sheet No. 13
A23: 4.3 | B23: Facility-3 Business activity -Warehouse | D23: Sheet No. 14
A24: 4.4 | B24: Facility-4 Business activity -Custom hiring | D24: Sheet No. 15
A25: 4.5 | B25: Facility-5 Business activity - Agri. Input | D25: Sheet No. 16
A26: 4.6 | B26: Facility-6 Business activity -Processing (Horti. Produce) | D26: Sheet No. 17
A27: Step-5 | B27: Other expenditure and taxes | C27: Please add staff salary and other details in Yellow cell (in 3.1 table only) | D27: Sheet no.3 (Ref. 3.1 table only)
A28: Step-6 | B28: TL repayment schedule | C28: Please add interest rate, tenure and Moratorium Period ( In Month) in green cells | D28: Sheet No. 4
A29: Step-7 | B29: Closing stock and working capital | C29: Please add necessary details in yellow and green cells | D29: Sheet No. 5
A30: B | B30: Auto generating sheets (No need to enter any data)
A31: B1 | B31: Profit and Loss Statement | D31: Sheet No. 6 | E31: Generate automatically
A32: B2 | B32: Cash Flow Statement | D32: Sheet No. 7 | E32: Generate automatically
A33: B3 | B33: Balance Sheet | D33: Sheet No. 8 | E33: Generate automatically
A34: B4 | B34: Financial indicators (IRR, BEP,NPV, ROI, Pay back period, DSCR, sensitivity analysis ) | D34: Sheet No.9 | E34: Generate automatically
A35: B5 | B35: Depreciation, amortization and tax calculation | D35: Sheet No. 3 (Ref. 3.2 & 3.3) | E35: Generate automatically
A36: Step-8 | B36: Copy relevant tables in word file of FPP

Sheet 1.Project Cost and MOF
B2: 1.1 Total Project Cost
B4: Sr. No. | C4: Particular | D4: Amount (Rs.) | E4: Grant (%) | F4: Grant Amount (Rs.)
B5: 1 | C5: ='2.Capex Details'!B2 -> Land and Building | D5: ='2.Capex Details'!G11 -> 21653053 | E5: 0.6 | F5: =D5*E5 -> 12991832
B6: 2 | C6: ='2.Capex Details'!B16 -> Machinery and Equipment | D6: ='2.Capex Details'!G62 -> 3323300 | E6: 0.6 | F6: =D6*E6 -> 1993980
B7: 3 | C7: ='2.Capex Details'!B68 -> Furniture and Fixture | D7: ='2.Capex Details'!F77 -> 601357.98 | E7: 0.6 | F7: =D7*E7 -> 360814.79
B8: 4 | C8: ='2.Capex Details'!B82 -> IT & It Infrastracture | D8: ='2.Capex Details'!F91 -> 0 | E8: 0.6 | F8: =D8*E8 -> 0
B9: 5 | C9: ='2.Capex Details'!B96 -> Transport vehical (Refer van and other) | D9: ='2.Capex Details'!F102 -> 0 | E9: 0.6 | F9: =D9*E9 -> 0
B10: 6 | C10: ='2.Capex Details'!B106 -> Preliminary Expenses | D10: ='2.Capex Details'!D114 -> 1325000 | E10: 0.6 | F10: =D10*E10 -> 795000 | L10: pre-operative
B11: 7 | C11: Working Capital | D11: ='5.Closing Stock & W Capital'!E56 -> 813366.27
B12: Total | D12: =SUM(D5:D11) -> 27716077 | F12: =SUM(F5:F11) -> 16141627
M13: 48
A14: Total Project Costs means the costs incurred or to be incurred by a FPC in connection with or incidental to the Construction and acquisition of assets including preoprtaive expenditure , design, construction and Working Capital | M14: 11.64
M15: =M13+M14 -> 59.64
B16: 1.2 Means of Finance | M16: 19.05
M17: =M15+M16 -> 78.69
B18: Sr. No. | C18: Particular | D18: Bank Loan (% ) | E18: Amount (Rs.) | I18: =277.84*5% -> 13.892
B19: 1 | C19: Govt. Grant under SMART Project | E19: =F12 -> 16141627
B20: 2 | C20: Bank Finance - Long Term Loan | D20: 0.3 | E20: =SUM(D5:D9)*D20 -> 7673313.3
B21: 3 | C21: Own Contribution | E21: =D12-E19-E20 -> 3901137.4
B22: Total | E22: =SUM(E19:E21) -> 27716077
B24: This sheet provide details of how total project cost will raised
B26: 1.3 Financial Indicators
B27: Sr. No. | C27: Financial ratio | D27: Estimated | E27: Result | F27: Permissible limit
B28: 1 | C28: Break Even Point (BEP) | D28: ='9. Financial indiacators'!C49 -> 0.42233401 | E28: Project Viable | F28: BEP shall be less than 60% | G28: <60%
B29: 2 | C29: Avg. Return on Capital Employed Average (ROCE) | D29: ='9. Financial indiacators'!C85 -> 0.2033744 | E29: Project Viable | F29: RoCE for the project shall be more than 20% | G29: >20%
B30: 3 | C30: Internal Rate of Return (IRR) | D30: ='9. Financial indiacators'!C16 -> 0.12057922 | E30: Project Viable | F30: The project internal rate of return shall be more than 12% | G30: >12%
B31: 4 | C31: Net present value (at a discount rate of 10 per cent) | D31: ='9. Financial indiacators'!C73 -> 2443815.8 | E31: NPV is high and positive at a conservative project life of 7 years | F31: With a discount rate of 10% and a span of 7 operational years, the NPV should be positive | G31: Positive
B32: 5 | C32: Payback period | D32: ='9. Financial indiacators'!D101 -> 5.2592499 | E32: Project Viable | F32: The Pack Back Period (Project/ Equity) shall be less than 7 years | G32: <7 years
B33: 6 | C33: Debt Service Coverage Ratio (DSCR) | D33: ='9. Financial indiacators'!C119 -> 2.4769381 | E33: Project Viable | F33: DSCR shall be more than 2 for better performing project. | G33: >2

Sheet 2.Capex Details
A2: 2.1 | B2: Land and Building
B4: Sr. No. | C4: Particular | D4: Unit | E4: No. of Unit | F4: Rate per unit | G4: Amount (Rs.)
B5: 1 | C5: Land | D5: Sq. ft. | G5: Lease
B6: 2 | C6: Shed for Processing Unit for Cleaning Grading (3500 Sq. ft. X 1600 Rs.) | D6: 2500 sq. ft. | E6: 1 | F6: 2515600 | G6: =E6*F6 -> 2515600 | J6: =G6/D6 -> #VALUE!
B7: 3 | C7: Godown | D7: 1800MT | E7: 1 | F7: =10631.92*1800-3 -> 19137453 | G7: =E7*F7 -> 19137453 | J7: =G7/1800 -> 10631.918 | L7: =11000/10.76*1.8 -> 1840.1487 | M7: =12500+10500 -> 23000
G10: =E10*F10 -> 0 | J10: =5600125/3500 -> 1600.0357
B11: Total | G11: =SUM(G6:G10) -> 21653053
K13: =19137600 -> 19137600 | M13: =5600125/3500 -> 1600.0357
B14: This Sheet provide details of land and various construction, including area, rate per unit and total amount
K15: =19137453/1800 -> 10631.918
A16: 2.2 | B16: Machinery and Equipment
B18: Sr. No. | C18: Description | D18: Capacity | E18: No. Required | F18: Rate | G18: Amount (Rs.) | H18: Total HP
B20: A | C20: Custom Hiring | G20: =E20*F20 -> 0 | J20: =2515600/2500 -> 1006.24 | L20: =G7/11000 -> 1739.7685
G21: =E21*F21 -> 0
G22: =E22*F22 -> 0
G23: =E23*F23 -> 0
G28: =E28*F28 -> 0
G29: =E29*F29 -> 0
G30: =E30*F30 -> 0
B31: Subtotal | G31: =SUM(G20:G30) -> 0 | H31: =SUM(H20:H30) -> 0
B32: B | C32: Dal Mill Unit
G33: =E33*F33 -> 0
G34: =E34*F34 -> 0
G35: =E35*F35 -> 0
G36: =E36*F36 -> 0
G37: =E37*F37 -> 0
G38: =E38*F38 -> 0
G39: =F39 -> 0
G40: =F40 -> 0
G41: =F41 -> 0
G42: =F42 -> 0
G43: =F43 -> 0
G44: =F44 -> 0
G45: =F45 -> 0
B46: Subtotal | G46: =SUM(G33:G45) -> 0 | H46: =SUM(H33:H45) -> 0
B48: C | C48: Cleaning & Grading | G48: =E48*F48 -> 0
B49: 1 | C49: Cleaning & Grading Fully Automatic Plant | D49: 2TPH | E49: 1 | F49: 2574000 | G49: =E49*F49 -> 2574000 | H49: 50
B50: 2 | C50: 50 MT Fully Electronic Weighbridge | D50: 50 MT | E50: 1 | F50: 749300 | G50: =E50*F50 -> 749300
G51: =E51*F51 -> 0
G52: =E52*F52 -> 0
G53: =E53*F53 -> 0
B54: Subtotal | G54: =SUM(G48:G53) -> 3323300 | H54: =SUM(H48:H53) -> 50
B56: D | C56: F & V Processing Machainary | G56: =E56*F56 -> 0
G57: =E57*F57 -> 0
G58: =E58*F58 -> 0
G59: =E59*F59 -> 0
B60: Subtotal | G60: =SUM(G56:G59) -> 0 | H60: =SUM(H56:H59) -> 0
B62: Total | G62: =G54+G46+G31+G60 -> 3323300 | H62: =H46+H20+H54+H60 -> 50
B64: This Sheet provide details of Plant & Machinary, including Capacity, rate per machaine, Power Consuption and total amount
A68: 2.3 | B68: Furniture and Fixture
B70: Sr. No. | C70: Particular | D70: No. Required | E70: Rate | F70: Amount (Rs.)
B71: 1 | C71: 16 KVA Single Phase 3 Nos HT line with RSJ Poles | D71: 1 | E71: 601357.98 | F71: =D71*E71 -> 601357.98
F72: =D72*E72 -> 0
F73: =D73*E73 -> 0
F74: =D74*E74 -> 0
F75: =D75*E75 -> 0
F76: =D76*E76 -> 0
B77: Total | F77: =SUM(F71:F76) -> 601357.98
A79: This Sheet provide details of furniture and fixture, no.of Quantity, rate per unit and total amount
A82: 2.4 | B82: IT & It Infrastracture
B84: Sr. No. | C84: Particular | D84: No. Required | E84: Rate | F84: Amount (Rs.)
B85: 1 | F85: =D85*E85 -> 0
F86: =D86*E86 -> 0
F87: =D87*E87 -> 0
F88: =D88*E88 -> 0
F89: =D89*E89 -> 0
F90: =D90*E90 -> 0
B91: Total | F91: =SUM(F85:F90) -> 0
A93: This Sheet provide details of furniture and fixture, no.of Quantity, rate per unit and total amount
A96: 2.5 | B96: Transport vehical (Refer van and other)
B98: Sr. No. | C98: Particular | D98: No. Required | E98: Rate | F98: Amount (Rs.)
B99: 1 | F99: =E99*D99 -> 0
F100: =E100*D100 -> 0
F101: =E101*D101 -> 0
B102: Total | F102: =SUM(F99:F101) -> 0
A103: This Sheet provide details of vehicles, no.of vehicle, rate per vehicle and total amount
A106: 2.6 | B106: Preliminary Expenses
B108: Sr. No. | C108: Particular | D108: Amount (Rs.)
B109: 1 | C109: CA/CS - Audit, DPR Technical Consultancy, ConsultantAnnual Compliance, Govt. Fees, Stamp Duty, Registration, Training etc. | D109: 1325000
B114: Total | D114: =SUM(D109:D113) -> 1325000
A116: Preliminary expenses are considered as prior expenses before the beginning of business or Projects

Sheet 3.Other Exp & Taxes
A2: 3.1 Schedule of General Admin Expenses
E4: 1 | F4: =(E4*5%)+E4 -> 1.05 | G4: =(F4*5%)+F4 -> 1.1025 | H4: =(G4*5%)+G4 -> 1.157625 | I4: =(H4*5%)+H4 -> 1.2155063 | J4: =(I4*5%)+I4 -> 1.2762816 | K4: =(J4*5%)+J4 -> 1.3400956
A6: Particulars | B6: Unit | C6: No.of Unit | D6: Unit Cost | E6: Y1 | F6: Y2 | G6: Y3 | H6: Y4 | I6: Y5 | J6: Y6 | K6: Y7
A8: Manager | B8: No. | C8: 1 | D8: 50000 | E8: =$C8*$D8*12*E$4 -> 600000 | F8: =$C8*$D8*12*F$4 -> 630000 | G8: =$C8*$D8*12*G$4 -> 661500 | H8: =$C8*$D8*12*H$4 -> 694575 | I8: =$C8*$D8*12*I$4 -> 729303.75 | J8: =$C8*$D8*12*J$4 -> 765768.94 | K8: =$C8*$D8*12*K$4 -> 804057.38
A9: Accountant | B9: No. | C9: 1 | D9: 22000 | E9: =$C9*$D9*12*E$4 -> 264000 | F9: =$C9*$D9*12*F$4 -> 277200 | G9: =$C9*$D9*12*G$4 -> 291060 | H9: =$C9*$D9*12*H$4 -> 305613 | I9: =$C9*$D9*12*I$4 -> 320893.65 | J9: =$C9*$D9*12*J$4 -> 336938.33 | K9: =$C9*$D9*12*K$4 -> 353785.25
A10: Clerk | B10: No. | C10: 5 | D10: 20000 | E10: =$C10*$D10*12*E$4 -> 1200000 | F10: =$C10*$D10*12*F$4 -> 1260000 | G10: =$C10*$D10*12*G$4 -> 1323000 | H10: =$C10*$D10*12*H$4 -> 1389150 | I10: =$C10*$D10*12*I$4 -> 1458607.5 | J10: =$C10*$D10*12*J$4 -> 1531537.9 | K10: =$C10*$D10*12*K$4 -> 1608114.8
A11: Watchmen | B11: No. | C11: 2 | D11: 12000 | E11: =$C11*$D11*12*E$4 -> 288000 | F11: =$C11*$D11*12*F$4 -> 302400 | G11: =$C11*$D11*12*G$4 -> 317520 | H11: =$C11*$D11*12*H$4 -> 333396 | I11: =$C11*$D11*12*I$4 -> 350065.8 | J11: =$C11*$D11*12*J$4 -> 367569.09 | K11: =$C11*$D11*12*K$4 -> 385947.54
A12: Telephone and internet Exp | B12: Months | C12: 12 | D12: 10000 | E12: =$C12*$D12*E$4 -> 120000 | F12: =$C12*$D12*F$4 -> 126000 | G12: =$C12*$D12*G$4 -> 132300 | H12: =$C12*$D12*H$4 -> 138915 | I12: =$C12*$D12*I$4 -> 145860.75 | J12: =$C12*$D12*J$4 -> 153153.79 | K12: =$C12*$D12*K$4 -> 160811.48
A13: Office Electricity Exp | B13: Months | C13: 12 | D13: 5000 | E13: =$C13*$D13*E$4 -> 60000 | F13: =$C13*$D13*F$4 -> 63000 | G13: =$C13*$D13*G$4 -> 66150 | H13: =$C13*$D13*H$4 -> 69457.5 | I13: =$C13*$D13*I$4 -> 72930.375 | J13: =$C13*$D13*J$4 -> 76576.894 | K13: =$C13*$D13*K$4 -> 80405.738
A14: Printing & Stationary | B14: Months | C14: 12 | D14: 5000 | E14: =$C14*$D14*E$4 -> 60000 | F14: =$C14*$D14*F$4 -> 63000 | G14: =$C14*$D14*G$4 -> 66150 | H14: =$C14*$D14*H$4 -> 69457.5 | I14: =$C14*$D14*I$4 -> 72930.375 | J14: =$C14*$D14*J$4 -> 76576.894 | K14: =$C14*$D14*K$4 -> 80405.738
A15: Land Lease | B15: Months | C15: 12 | D15: 100 | E15: =$C15*$D15*E$4 -> 1200 | F15: =$C15*$D15*F$4 -> 1260 | G15: =$C15*$D15*G$4 -> 1323 | H15: =$C15*$D15*H$4 -> 1389.15 | I15: =$C15*$D15*I$4 -> 1458.6075 | J15: =$C15*$D15*J$4 -> 1531.5379 | K15: =$C15*$D15*K$4 -> 1608.1148
A16: Misc.expenses | B16: Months | C16: 12 | D16: 10000 | E16: =$C16*$D16*E$4 -> 120000 | F16: =$C16*$D16*F$4 -> 126000 | G16: =$C16*$D16*G$4 -> 132300 | H16: =$C16*$D16*H$4 -> 138915 | I16: =$C16*$D16*I$4 -> 145860.75 | J16: =$C16*$D16*J$4 -> 153153.79 | K16: =$C16*$D16*K$4 -> 160811.48
A17: Audit and Legal Compliences expenses | B17: Lumsum | C17: 1 | D17: 100000 | E17: =$D17*E$4*$C17 -> 100000 | F17: =$D17*F$4*$C17 -> 105000 | G17: =$D17*G$4*$C17 -> 110250 | H17: =$D17*H$4*$C17 -> 115762.5 | I17: =$D17*I$4*$C17 -> 121550.63 | J17: =$D17*J$4*$C17 -> 127628.16 | K17: =$D17*K$4*$C17 -> 134009.56
E18: =$D18*E$4*$C18 -> 0 | F18: =$D18*F$4*$C18 -> 0 | G18: =$D18*G$4*$C18 -> 0 | H18: =$D18*H$4*$C18 -> 0 | I18: =$D18*I$4*$C18 -> 0 | J18: =$D18*J$4*$C18 -> 0 | K18: =$D18*K$4*$C18 -> 0
E19: =$D19*E$4*$C19 -> 0 | F19: =$D19*F$4*$C19 -> 0 | G19: =$D19*G$4*$C19 -> 0 | H19: =$D19*H$4*$C19 -> 0 | I19: =$D19*I$4*$C19 -> 0 | J19: =$D19*J$4*$C19 -> 0 | K19: =$D19*K$4*$C19 -> 0
E20: =$D20*E$4*$C20 -> 0 | F20: =$D20*F$4*$C20 -> 0 | G20: =$D20*G$4*$C20 -> 0 | H20: =$D20*H$4*$C20 -> 0 | I20: =$D20*I$4*$C20 -> 0 | J20: =$D20*J$4*$C20 -> 0 | K20: =$D20*K$4*$C20 -> 0
E21: =$D21*E$4*$C21 -> 0 | F21: =$D21*F$4*$C21 -> 0 | G21: =$D21*G$4*$C21 -> 0 | H21: =$D21*H$4*$C21 -> 0 | I21: =$D21*I$4*$C21 -> 0 | J21: =$D21*J$4*$C21 -> 0 | K21: =$D21*K$4*$C21 -> 0
E22: =$D22*E$4*$C22 -> 0 | F22: =$D22*F$4*$C22 -> 0 | G22: =$D22*G$4*$C22 -> 0 | H22: =$D22*H$4*$C22 -> 0 | I22: =$D22*I$4*$C22 -> 0 | J22: =$D22*J$4*$C22 -> 0 | K22: =$D22*K$4*$C22 -> 0
E23: =$D23*E$4*$C23 -> 0 | F23: =$D23*F$4*$C23 -> 0 | G23: =$D23*G$4*$C23 -> 0 | H23: =$D23*H$4*$C23 -> 0 | I23: =$D23*I$4*$C23 -> 0 | J23: =$D23*J$4*$C23 -> 0 | K23: =$D23*K$4*$C23 -> 0
A24: Total Admin Expense | E24: =SUM(E8:E23) -> 2813200 | F24: =SUM(F8:F23) -> 2953860 | G24: =SUM(G8:G23) -> 3101553 | H24: =SUM(H8:H23) -> 3256630.7 | I24: =SUM(I8:I23) -> 3419462.2 | J24: =SUM(J8:J23) -> 3590435.3 | K24: =SUM(K8:K23) -> 3769957.1
A30: 3.2 Depreciation
C32: As per companies Act | K32: As per IT Act
A33: Particulars | C33: Y1 | D33: Y2 | E33: Y3 | F33: Y4 | G33: Y5 | H33: Y6 | I33: Y7 | K33: Y1 | L33: Y2 | M33: Y3 | N33: Y4 | O33: Y5 | P33: Y6 | Q33: Y7
A34: Assets
A37: Building
A38: Asset Value | C38: ='1.Project Cost and MOF'!D5 -> 21653053 | D38: =C41 -> 20966651 | E38: =D41 -> 20280249 | F38: =E41 -> 19593848 | G38: =F41 -> 18907446 | H38: =G41 -> 18221044 | I38: =H41 -> 17534642 | K38: =C38 -> 21653053 | L38: =K41 -> 19487748 | M38: =L41 -> 17538973 | N38: =M41 -> 15785076 | O38: =N41 -> 14206568 | P38: =O41 -> 12785911 | Q38: =P41 -> 11507320
A39: Depreciation | C39: =$C$38*$B$75 -> 686401.78 | D39: =$C$38*$B$75 -> 686401.78 | E39: =$C$38*$B$75 -> 686401.78 | F39: =$C$38*$B$75 -> 686401.78 | G39: =$C$38*$B$75 -> 686401.78 | H39: =$C$38*$B$75 -> 686401.78 | I39: =$C$38*$B$75 -> 686401.78 | K39: =K38*$C$75 -> 2165305.3 | L39: =L38*$C$75 -> 1948774.8 | M39: =M38*$C$75 -> 1753897.3 | N39: =N38*$C$75 -> 1578507.6 | O39: =O38*$C$75 -> 1420656.8 | P39: =P38*$C$75 -> 1278591.1 | Q39: =Q38*$C$75 -> 1150732
A40: Accumulated Depreciation | C40: =C39 -> 686401.78 | D40: =C40+D39 -> 1372803.6 | E40: =D40+E39 -> 2059205.3 | F40: =E40+F39 -> 2745607.1 | G40: =F40+G39 -> 3432008.9 | H40: =G40+H39 -> 4118410.7 | I40: =H40+I39 -> 4804812.5 | K40: =K39 -> 2165305.3 | L40: =K40+L39 -> 4114080.1 | M40: =L40+M39 -> 5867977.4 | N40: =M40+N39 -> 7446484.9 | O40: =N40+O39 -> 8867141.7 | P40: =O40+P39 -> 10145733 | Q40: =P40+Q39 -> 11296465
A41: Net Fixed Assets | C41: =C38-C39 -> 20966651 | D41: =D38-D39 -> 20280249 | E41: =E38-E39 -> 19593848 | F41: =F38-F39 -> 18907446 | G41: =G38-G39 -> 18221044 | H41: =H38-H39 -> 17534642 | I41: =I38-I39 -> 16848241 | K41: =K38-K39 -> 19487748 | L41: =L38-L39 -> 17538973 | M41: =M38-M39 -> 15785076 | N41: =N38-N39 -> 14206568 | O41: =O38-O39 -> 12785911 | P41: =P38-P39 -> 11507320 | Q41: =Q38-Q39 -> 10356588
A43: Plant and Machinary
A44: Asset Value | C44: ='1.Project Cost and MOF'!D6 -> 3323300 | D44: =C47 -> 3112935.1 | E44: =D47 -> 2902570.2 | F44: =E47 -> 2692205.3 | G44: =F47 -> 2481840.4 | H44: =G47 -> 2271475.5 | I44: =H47 -> 2061110.7 | K44: =C44 -> 3323300 | L44: =K47 -> 2824805 | M44: =L47 -> 2401084.2 | N44: =M47 -> 2040921.6 | O44: =N47 -> 1734783.4 | P44: =O47 -> 1474565.9 | Q44: =P47 -> 1253381
A45: Depreciation | C45: =$C$44*$B$79 -> 210364.89 | D45: =$C$44*$B$79 -> 210364.89 | E45: =$C$44*$B$79 -> 210364.89 | F45: =$C$44*$B$79 -> 210364.89 | G45: =$C$44*$B$79 -> 210364.89 | H45: =$C$44*$B$79 -> 210364.89 | I45: =$C$44*$B$79 -> 210364.89 | K45: =K44*$C$79 -> 498495 | L45: =L44*$C$79 -> 423720.75 | M45: =M44*$C$79 -> 360162.64 | N45: =N44*$C$79 -> 306138.24 | O45: =O44*$C$79 -> 260217.51 | P45: =P44*$C$79 -> 221184.88 | Q45: =Q44*$C$79 -> 188007.15
A46: Accumulated Depreciation | C46: =C45 -> 210364.89 | D46: =C46+D45 -> 420729.78 | E46: =D46+E45 -> 631094.67 | F46: =E46+F45 -> 841459.56 | G46: =F46+G45 -> 1051824.4 | H46: =G46+H45 -> 1262189.3 | I46: =H46+I45 -> 1472554.2 | K46: =K45 -> 498495 | L46: =K46+L45 -> 922215.75 | M46: =L46+M45 -> 1282378.4 | N46: =M46+N45 -> 1588516.6 | O46: =N46+O45 -> 1848734.1 | P46: =O46+P45 -> 2069919 | Q46: =P46+Q45 -> 2257926.2
A47: Net Fixed Assets | C47: =C44-C45 -> 3112935.1 | D47: =D44-D45 -> 2902570.2 | E47: =E44-E45 -> 2692205.3 | F47: =F44-F45 -> 2481840.4 | G47: =G44-G45 -> 2271475.5 | H47: =H44-H45 -> 2061110.7 | I47: =I44-I45 -> 1850745.8 | K47: =K44-K45 -> 2824805 | L47: =L44-L45 -> 2401084.2 | M47: =M44-M45 -> 2040921.6 | N47: =N44-N45 -> 1734783.4 | O47: =O44-O45 -> 1474565.9 | P47: =P44-P45 -> 1253381 | Q47: =Q44-Q45 -> 1065373.8
A49: Furniture and Electrification
A50: Asset Value | C50: ='1.Project Cost and MOF'!D7 -> 601357.98 | D50: =C53 -> 541222.18 | E50: =D53 -> 481086.38 | F50: =E53 -> 420950.59 | G50: =F53 -> 360814.79 | H50: =G53 -> 300678.99 | I50: =H53 -> 240543.19 | K50: =C50 -> 601357.98 | L50: =K53 -> 541222.18 | M50: =L53 -> 487099.96 | N50: =M53 -> 438389.97 | O50: =N53 -> 394550.97 | P50: =O53 -> 355095.87 | Q50: =P53 -> 319586.29
A51: Depreciation | C51: =$C$50*$B$76 -> 60135.798 | D51: =$C$50*$B$76 -> 60135.798 | E51: =$C$50*$B$76 -> 60135.798 | F51: =$C$50*$B$76 -> 60135.798 | G51: =$C$50*$B$76 -> 60135.798 | H51: =$C$50*$B$76 -> 60135.798 | I51: =$C$50*$B$76 -> 60135.798 | K51: =K50*$C$76 -> 60135.798 | L51: =L50*$C$76 -> 54122.218 | M51: =M50*$C$76 -> 48709.996 | N51: =N50*$C$76 -> 43838.997 | O51: =O50*$C$76 -> 39455.097 | P51: =P50*$C$76 -> 35509.587 | Q51: =Q50*$C$76 -> 31958.629
A52: Accumulated Depreciation | C52: =C51 -> 60135.798 | D52: =C52+D51 -> 120271.6 | E52: =D52+E51 -> 180407.39 | F52: =E52+F51 -> 240543.19 | G52: =F52+G51 -> 300678.99 | H52: =G52+H51 -> 360814.79 | I52: =H52+I51 -> 420950.59 | K52: =K51 -> 60135.798 | L52: =K52+L51 -> 114258.02 | M52: =L52+M51 -> 162968.01 | N52: =M52+N51 -> 206807.01 | O52: =N52+O51 -> 246262.11 | P52: =O52+P51 -> 281771.69 | Q52: =P52+Q51 -> 313730.32
A53: Net Fixed Assets | C53: =C50-C51 -> 541222.18 | D53: =D50-D51 -> 481086.38 | E53: =E50-E51 -> 420950.59 | F53: =F50-F51 -> 360814.79 | G53: =G50-G51 -> 300678.99 | H53: =H50-H51 -> 240543.19 | I53: =I50-I51 -> 180407.39 | K53: =K50-K51 -> 541222.18 | L53: =L50-L51 -> 487099.96 | M53: =M50-M51 -> 438389.97 | N53: =N50-N51 -> 394550.97 | O53: =O50-O51 -> 355095.87 | P53: =P50-P51 -> 319586.29 | Q53: =Q50-Q51 -> 287627.66
A55: Vehical
A56: Asset Value | C56: ='1.Project Cost and MOF'!D9 -> 0 | D56: =C59 -> 0 | E56: =D59 -> 0 | F56: =E59 -> 0 | G56: =F59 -> 0 | H56: =G59 -> 0 | I56: =H59 -> 0 | K56: =C56 -> 0 | L56: =K59 -> 0 | M56: =L59 -> 0 | N56: =M59 -> 0 | O56: =N59 -> 0 | P56: =O59 -> 0 | Q56: =P59 -> 0
A57: Depreciation | C57: =$C$56*$B$78 -> 0 | D57: =$C$56*$B$78 -> 0 | E57: =$C$56*$B$78 -> 0 | F57: =$C$56*$B$78 -> 0 | G57: =$C$56*$B$78 -> 0 | H57: =$C$56*$B$78 -> 0 | I57: =$C$56*$B$78 -> 0 | K57: =K56*$C$78 -> 0 | L57: =L56*$C$78 -> 0 | M57: =M56*$C$78 -> 0 | N57: =N56*$C$78 -> 0 | O57: =O56*$C$78 -> 0 | P57: =P56*$C$78 -> 0 | Q57: =Q56*$C$78 -> 0
A58: Accumulated Depreciation | C58: =C57 -> 0 | D58: =C58+D57 -> 0 | E58: =D58+E57 -> 0 | F58: =E58+F57 -> 0 | G58: =F58+G57 -> 0 | H58: =G58+H57 -> 0 | I58: =H58+I57 -> 0 | K58: =K57 -> 0 | L58: =K58+L57 -> 0 | M58: =L58+M57 -> 0 | N58: =M58+N57 -> 0 | O58: =N58+O57 -> 0 | P58: =O58+P57 -> 0 | Q58: =P58+Q57 -> 0
A59: Net Fixed Assets | C59: =C56-C57 -> 0 | D59: =D56-D57 -> 0 | E59: =E56-E57 -> 0 | F59: =F56-F57 -> 0 | G59: =G56-G57 -> 0 | H59: =H56-H57 -> 0 | I59: =I56-I57 -> 0 | K59: =K56-K57 -> 0 | L59: =L56-L57 -> 0 | M59: =M56-M57 -> 0 | N59: =N56-N57 -> 0 | O59: =O56-O57 -> 0 | P59: =P56-P57 -> 0 | Q59: =Q56-Q57 -> 0
A61: IT Infrastracture
A62: =A56 -> Asset Value | C62: ='1.Project Cost and MOF'!D8 -> 0 | D62: =C65 -> 0 | E62: =D65 -> 0 | F62: =E65 -> 0 | G62: =F65 -> 0 | H62: =G65 -> 0 | I62: =H65 -> 0 | K62: =C62 -> 0 | L62: =K65 -> 0 | M62: =L65 -> 0 | N62: =M65 -> 0 | O62: =N65 -> 0 | P62: =O65 -> 0 | Q62: =P65 -> 0
A63: =A57 -> Depreciation | C63: =$C$62*$B$77 -> 0 | D63: =$C$62*$B$77 -> 0 | E63: =$C$62*$B$77 -> 0 | F63: =$C$62*$B$77 -> 0 | G63: =$C$62*$B$77 -> 0 | H63: =$C$62*$B$77 -> 0 | I63: =$C$62*$B$77 -> 0 | K63: =K62*$C$77 -> 0 | L63: =L62*$C$77 -> 0 | M63: =M62*$C$77 -> 0 | N63: =N62*$C$77 -> 0 | O63: =O62*$C$77 -> 0 | P63: =P62*$C$77 -> 0 | Q63: =Q62*$C$77 -> 0
A64: =A58 -> Accumulated Depreciation | C64: =C63 -> 0 | D64: =D63+C64 -> 0 | E64: =E63+D64 -> 0 | F64: =F63+E64 -> 0 | G64: =G63+F64 -> 0 | H64: =H63+G64 -> 0 | I64: =I63+H64 -> 0 | K64: =K63 -> 0 | L64: =L63+K64 -> 0 | M64: =M63+L64 -> 0 | N64: =N63+M64 -> 0 | O64: =O63+N64 -> 0 | P64: =P63+O64 -> 0 | Q64: =Q63+P64 -> 0
A65: =A59 -> Net Fixed Assets | C65: =C62-C63 -> 0 | D65: =D62-D63 -> 0 | E65: =E62-E63 -> 0 | F65: =F62-F63 -> 0 | G65: =G62-G63 -> 0 | H65: =H62-H63 -> 0 | I65: =I62-I63 -> 0 | K65: =K62-K63 -> 0 | L65: =L62-L63 -> 0 | M65: =M62-M63 -> 0 | N65: =N62-N63 -> 0 | O65: =O62-O63 -> 0 | P65: =P62-P63 -> 0 | Q65: =Q62-Q63 -> 0
A66: Gross Fixed Asset | C66: =C50+C44+C38+C56+C62 -> 25577711 | D66: =D50+D44+D38+D56+D62 -> 24620809 | E66: =E50+E44+E38+E56+E62 -> 23663906 | F66: =F50+F44+F38+F56+F62 -> 22707004 | G66: =G50+G44+G38+G56+G62 -> 21750101 | H66: =H50+H44+H38+H56+H62 -> 20793199 | I66: =I50+I44+I38+I56+I62 -> 19836296 | K66: =K50+K44+K38+K56+K62 -> 25577711 | L66: =L50+L44+L38+L56+L62 -> 22853775 | M66: =M50+M44+M38+M56+M62 -> 20427157 | N66: =N50+N44+N38+N56+N62 -> 18264387 | O66: =O50+O44+O38+O56+O62 -> 16335902 | P66: =P50+P44+P38+P56+P62 -> 14615573 | Q66: =Q50+Q44+Q38+Q56+Q62 -> 13080287
A67: Total Depreciation | C67: =C51+C45+C39+C57+C63 -> 956902.47 | D67: =D51+D45+D39+D57+D63 -> 956902.47 | E67: =E51+E45+E39+E57+E63 -> 956902.47 | F67: =F51+F45+F39+F57+F63 -> 956902.47 | G67: =G51+G45+G39+G57+G63 -> 956902.47 | H67: =H51+H45+H39+H57+H63 -> 956902.47 | I67: =I51+I45+I39+I57+I63 -> 956902.47 | K67: =K51+K45+K39+K57+K63 -> 2723936.1 | L67: =L51+L45+L39+L57+L63 -> 2426617.7 | M67: =M51+M45+M39+M57+M63 -> 2162769.9 | N67: =N51+N45+N39+N57+N63 -> 1928484.8 | O67: =O51+O45+O39+O57+O63 -> 1720329.4 | P67: =P51+P45+P39+P57+P63 -> 1535285.6 | Q67: =Q51+Q45+Q39+Q57+Q63 -> 1370697.8
A68: Accumalated Depreciation | C68: =C52+C46+C40+C58+C64 -> 956902.47 | D68: =D52+D46+D40+D58+D64 -> 1913804.9 | E68: =E52+E46+E40+E58+E64 -> 2870707.4 | F68: =F52+F46+F40+F58+F64 -> 3827609.9 | G68: =G52+G46+G40+G58+G64 -> 4784512.3 | H68: =H52+H46+H40+H58+H64 -> 5741414.8 | I68: =I52+I46+I40+I58+I64 -> 6698317.3 | K68: =K52+K46+K40+K58+K64 -> 2723936.1 | L68: =L52+L46+L40+L58+L64 -> 5150553.8 | M68: =M52+M46+M40+M58+M64 -> 7313323.8 | N68: =N52+N46+N40+N58+N64 -> 9241808.6 | O68: =O52+O46+O40+O58+O64 -> 10962138 | P68: =P52+P46+P40+P58+P64 -> 12497424 | Q68: =Q52+Q46+Q40+Q58+Q64 -> 13868121
A69: Net Fixed Assets | C69: =C53+C47+C41+C59+C65 -> 24620809 | D69: =D53+D47+D41+D59+D65 -> 23663906 | E69: =E53+E47+E41+E59+E65 -> 22707004 | F69: =F53+F47+F41+F59+F65 -> 21750101 | G69: =G53+G47+G41+G59+G65 -> 20793199 | H69: =H53+H47+H41+H59+H65 -> 19836296 | I69: =I53+I47+I41+I59+I65 -> 18879394 | K69: =K53+K47+K41+K59+K65 -> 22853775 | L69: =L53+L47+L41+L59+L65 -> 20427157 | M69: =M53+M47+M41+M59+M65 -> 18264387 | N69: =N53+N47+N41+N59+N65 -> 16335902 | O69: =O53+O47+O41+O59+O65 -> 14615573 | P69: =P53+P47+P41+P59+P65 -> 13080287 | Q69: =Q53+Q47+Q41+Q59+Q65 -> 11709590
A72: Amortization: Straight Line Method (SLM) is used | B72: Companies Act | C72: IT Act
A73: Depreciation: Straight Line Method (SLM) is used | B73: SLM | C73: WDV
A74: Land | B74: 0 | C74: 0
A75: Building | B75: 0.0317 | C75: 0.1
A76: Furniture and Electrification | B76: 0.1 | C76: 0.1
A77: IT and Infrastructure | B77: 0.1 | C77: 0.4
A78: Vehicle | B78: 0.1188 | C78: 0.15
A79: Plant and machinery | B79: 0.0633 | C79: 0.15
A80: Amortization: Straight Line Method (SLM) is used
A81: Pre-operative or pre-incubation | B81: 0.2 | C81: 0.2
A84: 3.3 Amortization Schedule
A86: Particulars | B86: Years | C86: Y1 | D86: Y2 | E86: Y3 | F86: Y4 | G86: Y5 | H86: Y6 | I86: Y7
A87: Preliminary Expenses | B87: 5 | C87: ='1.Project Cost and MOF'!$D$10/5 -> 265000 | D87: ='1.Project Cost and MOF'!$D$10/5 -> 265000 | E87: ='1.Project Cost and MOF'!$D$10/5 -> 265000 | F87: ='1.Project Cost and MOF'!$D$10/5 -> 265000 | G87: ='1.Project Cost and MOF'!$D$10/5 -> 265000 | H87: 0 | I87: 0
A88: Total Value | C88: =SUM(C86:C87) -> 265000 | D88: =SUM(D86:D87) -> 265000 | E88: =SUM(E86:E87) -> 265000 | F88: =SUM(F86:F87) -> 265000 | G88: =SUM(G86:G87) -> 265000 | H88: =SUM(H86:H87) -> 0 | I88: =SUM(I86:I87) -> 0
A93: 3.4 Tax Schedule
A95: Particulars | B95: Y1 | C95: Y2 | D95: Y3 | E95: Y4 | F95: Y5 | G95: Y6 | H95: Y7
A96: EBT | B96: ='6.Cons Profit & Loss'!B49 -> 1451439.4 | C96: ='6.Cons Profit & Loss'!C49 -> 2453198.5 | D96: ='6.Cons Profit & Loss'!D49 -> 4467354 | E96: ='6.Cons Profit & Loss'!E49 -> 6681719.9 | F96: ='6.Cons Profit & Loss'!F49 -> 9113532.2 | G96: ='6.Cons Profit & Loss'!G49 -> 11922906 | H96: ='6.Cons Profit & Loss'!H49 -> 14711248
A97: Add Depreciation as per companies Act | B97: ='6.Cons Profit & Loss'!B42 -> 956902.47 | C97: ='6.Cons Profit & Loss'!C42 -> 956902.47 | D97: ='6.Cons Profit & Loss'!D42 -> 956902.47 | E97: ='6.Cons Profit & Loss'!E42 -> 956902.47 | F97: ='6.Cons Profit & Loss'!F42 -> 956902.47 | G97: ='6.Cons Profit & Loss'!G42 -> 956902.47 | H97: ='6.Cons Profit & Loss'!H42 -> 956902.47
A98: Less Depreciation as per IT Act | B98: ='3.Other Exp & Taxes'!K67 -> 2723936.1 | C98: ='3.Other Exp & Taxes'!L67 -> 2426617.7 | D98: ='3.Other Exp & Taxes'!M67 -> 2162769.9 | E98: ='3.Other Exp & Taxes'!N67 -> 1928484.8 | F98: ='3.Other Exp & Taxes'!O67 -> 1720329.4 | G98: ='3.Other Exp & Taxes'!P67 -> 1535285.6 | H98: ='3.Other Exp & Taxes'!Q67 -> 1370697.8
A99: Taxable Income | B99: =B96+B97-B98 -> -315594.19 | C99: =C96+C97-C98 -> 983483.24 | D99: =D96+D97-D98 -> 3261486.6 | E99: =E96+E97-E98 -> 5710137.5 | F99: =F96+F97-F98 -> 8350105.2 | G99: =G96+G97-G98 -> 11344523 | H99: =H96+H97-H98 -> 14297453
A100: Provision of Taxes | B100: =B99*$B$103 -> -82054.489 | C100: =C99*$B$103 -> 255705.64 | D100: =D99*$B$103 -> 847986.51 | E100: =E99*$B$103 -> 1484635.8 | F100: =F99*$B$103 -> 2171027.4 | G100: =G99*$B$103 -> 2949576 | H100: =H99*$B$103 -> 3717337.8
A103: Maximum Tax rate | B103: 0.26
A105: This Sheet refer for provision of tax calculation

Sheet 4.TL repayment sch
A2: 4.1 Repayment Schedule
C4: Loan Amount (Rs) | D4: ='1.Project Cost and MOF'!E20 -> 7673313.3
C5: Interest rate /PA | D5: 0.14
C6: Loan Tenure in years | D6: 5
C7: Moratorium Period ( In Months) | D7: 6
C8: EMI | D8: =PMT(D5/12,(D6-(D7/12))*12,-D4) -> 192329.12
A9: Year | B9: Particluars | C9: Opening Balance | D9: Interest | E9: Pricipal Repayment | F9: EMI | G9: Closing Outstanding
A10: Year 1 | B10: Month 1 | C10: =D4 -> 7673313.3 | D10: =C10*$D$5/12 -> 89521.988 | E10: =F10-D10 -> 0 | F10: =D10 -> 89521.988 | G10: =C10-E10 -> 7673313.3
B11: Month 2 | C11: =G10 -> 7673313.3 | D11: =C11*$D$5/12 -> 89521.988 | E11: =F11-D11 -> 0 | F11: =D11 -> 89521.988 | G11: =C11-E11 -> 7673313.3
B12: Month 3 | C12: =G11 -> 7673313.3 | D12: =C12*$D$5/12 -> 89521.988 | E12: =F12-D12 -> 0 | F12: =D12 -> 89521.988 | G12: =C12-E12 -> 7673313.3
B13: Month 4 | C13: =G12 -> 7673313.3 | D13: =C13*$D$5/12 -> 89521.988 | E13: =F13-D13 -> 0 | F13: =D13 -> 89521.988 | G13: =C13-E13 -> 7673313.3
B14: Month 5 | C14: =G13 -> 7673313.3 | D14: =C14*$D$5/12 -> 89521.988 | E14: =F14-D14 -> 0 | F14: =D14 -> 89521.988 | G14: =C14-E14 -> 7673313.3
B15: Month 6 | C15: =G14 -> 7673313.3 | D15: =C15*$D$5/12 -> 89521.988 | E15: =F15-D15 -> 0 | F15: =D15 -> 89521.988 | G15: =C15-E15 -> 7673313.3
B16: Month 7 | C16: =G15 -> 7673313.3 | D16: =C16*$D$5/12 -> 89521.988 | E16: =F16-D16 -> 102807.13 | F16: =$D$8 -> 192329.12 | G16: =C16-E16 -> 7570506.2
B17: Month 8 | C17: =G16 -> 7570506.2 | D17: =C17*$D$5/12 -> 88322.572 | E17: =F17-D17 -> 104006.55 | F17: =$D$8 -> 192329.12 | G17: =C17-E17 -> 7466499.6
B18: Month 9 | C18: =G17 -> 7466499.6 | D18: =C18*$D$5/12 -> 87109.162 | E18: =F18-D18 -> 105219.96 | F18: =$D$8 -> 192329.12 | G18: =C18-E18 -> 7361279.6
B19: Month 10 | C19: =G18 -> 7361279.6 | D19: =C19*$D$5/12 -> 85881.596 | E19: =F19-D19 -> 106447.53 | F19: =$D$8 -> 192329.12 | G19: =C19-E19 -> 7254832.1
B20: Month 11 | C20: =G19 -> 7254832.1 | D20: =C20*$D$5/12 -> 84639.708 | E20: =F20-D20 -> 107689.41 | F20: =$D$8 -> 192329.12 | G20: =C20-E20 -> 7147142.7
B21: Month 12 | C21: =G20 -> 7147142.7 | D21: =C21*$D$5/12 -> 83383.332 | E21: =F21-D21 -> 108945.79 | F21: =$D$8 -> 192329.12 | G21: =C21-E21 -> 7038196.9
A22: Year 2 | B22: Month 13 | C22: =G21 -> 7038196.9 | D22: =C22*$D$5/12 -> 82112.297 | E22: =F22-D22 -> 110216.83 | F22: =$D$8 -> 192329.12 | G22: =C22-E22 -> 6927980.1
B23: Month 14 | C23: =G22 -> 6927980.1 | D23: =C23*$D$5/12 -> 80826.434 | E23: =F23-D23 -> 111502.69 | F23: =$D$8 -> 192329.12 | G23: =C23-E23 -> 6816477.4
B24: Month 15 | C24: =G23 -> 6816477.4 | D24: =C24*$D$5/12 -> 79525.57 | E24: =F24-D24 -> 112803.55 | F24: =$D$8 -> 192329.12 | G24: =C24-E24 -> 6703673.9
B25: Month 16 | C25: =G24 -> 6703673.9 | D25: =C25*$D$5/12 -> 78209.528 | E25: =F25-D25 -> 114119.59 | F25: =$D$8 -> 192329.12 | G25: =C25-E25 -> 6589554.3
B26: Month 17 | C26: =G25 -> 6589554.3 | D26: =C26*$D$5/12 -> 76878.133 | E26: =F26-D26 -> 115450.99 | F26: =$D$8 -> 192329.12 | G26: =C26-E26 -> 6474103.3
B27: Month 18 | C27: =G26 -> 6474103.3 | D27: =C27*$D$5/12 -> 75531.205 | E27: =F27-D27 -> 116797.92 | F27: =$D$8 -> 192329.12 | G27: =C27-E27 -> 6357305.3
B28: Month 19 | C28: =G27 -> 6357305.3 | D28: =C28*$D$5/12 -> 74168.562 | E28: =F28-D28 -> 118160.56 | F28: =$D$8 -> 192329.12 | G28: =C28-E28 -> 6239144.8
B29: Month 20 | C29: =G28 -> 6239144.8 | D29: =C29*$D$5/12 -> 72790.023 | E29: =F29-D29 -> 119539.1 | F29: =$D$8 -> 192329.12 | G29: =C29-E29 -> 6119605.7
B30: Month 21 | C30: =G29 -> 6119605.7 | D30: =C30*$D$5/12 -> 71395.4 | E30: =F30-D30 -> 120933.72 | F30: =$D$8 -> 192329.12 | G30: =C30-E30 -> 5998672
B31: Month 22 | C31: =G30 -> 5998672 | D31: =C31*$D$5/12 -> 69984.506 | E31: =F31-D31 -> 122344.62 | F31: =$D$8 -> 192329.12 | G31: =C31-E31 -> 5876327.3
B32: Month 23 | C32: =G31 -> 5876327.3 | D32: =C32*$D$5/12 -> 68557.152 | E32: =F32-D32 -> 123771.97 | F32: =$D$8 -> 192329.12 | G32: =C32-E32 -> 5752555.4
B33: Month 24 | C33: =G32 -> 5752555.4 | D33: =C33*$D$5/12 -> 67113.146 | E33: =F33-D33 -> 125215.98 | F33: =$D$8 -> 192329.12 | G33: =C33-E33 -> 5627339.4
A34: Year 3 | B34: Month 25 | C34: =G33 -> 5627339.4 | D34: =C34*$D$5/12 -> 65652.293 | E34: =F34-D34 -> 126676.83 | F34: =$D$8 -> 192329.12 | G34: =C34-E34 -> 5500662.6
B35: Month 26 | C35: =G34 -> 5500662.6 | D35: =C35*$D$5/12 -> 64174.397 | E35: =F35-D35 -> 128154.73 | F35: =$D$8 -> 192329.12 | G35: =C35-E35 -> 5372507.8
B36: Month 27 | C36: =G35 -> 5372507.8 | D36: =C36*$D$5/12 -> 62679.258 | E36: =F36-D36 -> 129649.86 | F36: =$D$8 -> 192329.12 | G36: =C36-E36 -> 5242858
B37: Month 28 | C37: =G36 -> 5242858 | D37: =C37*$D$5/12 -> 61166.676 | E37: =F37-D37 -> 131162.45 | F37: =$D$8 -> 192329.12 | G37: =C37-E37 -> 5111695.5
B38: Month 29 | C38: =G37 -> 5111695.5 | D38: =C38*$D$5/12 -> 59636.448 | E38: =F38-D38 -> 132692.67 | F38: =$D$8 -> 192329.12 | G38: =C38-E38 -> 4979002.9
B39: Month 30 | C39: =G38 -> 4979002.9 | D39: =C39*$D$5/12 -> 58088.367 | E39: =F39-D39 -> 134240.76 | F39: =$D$8 -> 192329.12 | G39: =C39-E39 -> 4844762.1
B40: Month 31 | C40: =G39 -> 4844762.1 | D40: =C40*$D$5/12 -> 56522.225 | E40: =F40-D40 -> 135806.9 | F40: =$D$8 -> 192329.12 | G40: =C40-E40 -> 4708955.2
B41: Month 32 | C41: =G40 -> 4708955.2 | D41: =C41*$D$5/12 -> 54937.811 | E41: =F41-D41 -> 137391.31 | F41: =$D$8 -> 192329.12 | G41: =C41-E41 -> 4571563.9
B42: Month 33 | C42: =G41 -> 4571563.9 | D42: =C42*$D$5/12 -> 53334.912 | E42: =F42-D42 -> 138994.21 | F42: =$D$8 -> 192329.12 | G42: =C42-E42 -> 4432569.7
B43: Month 34 | C43: =G42 -> 4432569.7 | D43: =C43*$D$5/12 -> 51713.313 | E43: =F43-D43 -> 140615.81 | F43: =$D$8 -> 192329.12 | G43: =C43-E43 -> 4291953.9
B44: Month 35 | C44: =G43 -> 4291953.9 | D44: =C44*$D$5/12 -> 50072.795 | E44: =F44-D44 -> 142256.33 | F44: =$D$8 -> 192329.12 | G44: =C44-E44 -> 4149697.5
B45: Month 36 | C45: =G44 -> 4149697.5 | D45: =C45*$D$5/12 -> 48413.138 | E45: =F45-D45 -> 143915.98 | F45: =$D$8 -> 192329.12 | G45: =C45-E45 -> 4005781.6
A46: Year 4 | B46: Month 37 | C46: =G45 -> 4005781.6 | D46: =C46*$D$5/12 -> 46734.118 | E46: =F46-D46 -> 145595 | F46: =$D$8 -> 192329.12 | G46: =C46-E46 -> 3860186.6
B47: Month 38 | C47: =G46 -> 3860186.6 | D47: =C47*$D$5/12 -> 45035.51 | E47: =F47-D47 -> 147293.61 | F47: =$D$8 -> 192329.12 | G47: =C47-E47 -> 3712892.9
B48: Month 39 | C48: =G47 -> 3712892.9 | D48: =C48*$D$5/12 -> 43317.084 | E48: =F48-D48 -> 149012.04 | F48: =$D$8 -> 192329.12 | G48: =C48-E48 -> 3563880.9
B49: Month 40 | C49: =G48 -> 3563880.9 | D49: =C49*$D$5/12 -> 41578.611 | E49: =F49-D49 -> 150750.51 | F49: =$D$8 -> 192329.12 | G49: =C49-E49 -> 3413130.4
B50: Month 41 | C50: =G49 -> 3413130.4 | D50: =C50*$D$5/12 -> 39819.855 | E50: =F50-D50 -> 152509.27 | F50: =$D$8 -> 192329.12 | G50: =C50-E50 -> 3260621.1
B51: Month 42 | C51: =G50 -> 3260621.1 | D51: =C51*$D$5/12 -> 38040.58 | E51: =F51-D51 -> 154288.54 | F51: =$D$8 -> 192329.12 | G51: =C51-E51 -> 3106332.6
B52: Month 43 | C52: =G51 -> 3106332.6 | D52: =C52*$D$5/12 -> 36240.547 | E52: =F52-D52 -> 156088.58 | F52: =$D$8 -> 192329.12 | G52: =C52-E52 -> 2950244
B53: Month 44 | C53: =G52 -> 2950244 | D53: =C53*$D$5/12 -> 34419.513 | E53: =F53-D53 -> 157909.61 | F53: =$D$8 -> 192329.12 | G53: =C53-E53 -> 2792334.4
B54: Month 45 | C54: =G53 -> 2792334.4 | D54: =C54*$D$5/12 -> 32577.235 | E54: =F54-D54 -> 159751.89 | F54: =$D$8 -> 192329.12 | G54: =C54-E54 -> 2632582.5
B55: Month 46 | C55: =G54 -> 2632582.5 | D55: =C55*$D$5/12 -> 30713.463 | E55: =F55-D55 -> 161615.66 | F55: =$D$8 -> 192329.12 | G55: =C55-E55 -> 2470966.9
B56: Month 47 | C56: =G55 -> 2470966.9 | D56: =C56*$D$5/12 -> 28827.947 | E56: =F56-D56 -> 163501.18 | F56: =$D$8 -> 192329.12 | G56: =C56-E56 -> 2307465.7
B57: Month 48 | C57: =G56 -> 2307465.7 | D57: =C57*$D$5/12 -> 26920.433 | E57: =F57-D57 -> 165408.69 | F57: =$D$8 -> 192329.12 | G57: =C57-E57 -> 2142057
A58: Year 5 | B58: Month 49 | C58: =G57 -> 2142057 | D58: =C58*$D$5/12 -> 24990.665 | E58: =F58-D58 -> 167338.46 | F58: =$D$8 -> 192329.12 | G58: =C58-E58 -> 1974718.5
B59: Month 50 | C59: =G58 -> 1974718.5 | D59: =C59*$D$5/12 -> 23038.383 | E59: =F59-D59 -> 169290.74 | F59: =$D$8 -> 192329.12 | G59: =C59-E59 -> 1805427.8
B60: Month 51 | C60: =G59 -> 1805427.8 | D60: =C60*$D$5/12 -> 21063.324 | E60: =F60-D60 -> 171265.8 | F60: =$D$8 -> 192329.12 | G60: =C60-E60 -> 1634162
B61: Month 52 | C61: =G60 -> 1634162 | D61: =C61*$D$5/12 -> 19065.223 | E61: =F61-D61 -> 173263.9 | F61: =$D$8 -> 192329.12 | G61: =C61-E61 -> 1460898.1
B62: Month 53 | C62: =G61 -> 1460898.1 | D62: =C62*$D$5/12 -> 17043.811 | E62: =F62-D62 -> 175285.31 | F62: =$D$8 -> 192329.12 | G62: =C62-E62 -> 1285612.8
B63: Month 54 | C63: =G62 -> 1285612.8 | D63: =C63*$D$5/12 -> 14998.816 | E63: =F63-D63 -> 177330.31 | F63: =$D$8 -> 192329.12 | G63: =C63-E63 -> 1108282.5
B64: Month 55 | C64: =G63 -> 1108282.5 | D64: =C64*$D$5/12 -> 12929.962 | E64: =F64-D64 -> 179399.16 | F64: =$D$8 -> 192329.12 | G64: =C64-E64 -> 928883.31
B65: Month 56 | C65: =G64 -> 928883.31 | D65: =C65*$D$5/12 -> 10836.972 | E65: =F65-D65 -> 181492.15 | F65: =$D$8 -> 192329.12 | G65: =C65-E65 -> 747391.16
B66: Month 57 | C66: =G65 -> 747391.16 | D66: =C66*$D$5/12 -> 8719.5636 | E66: =F66-D66 -> 183609.56 | F66: =$D$8 -> 192329.12 | G66: =C66-E66 -> 563781.6
B67: Month 58 | C67: =G66 -> 563781.6 | D67: =C67*$D$5/12 -> 6577.452 | E67: =F67-D67 -> 185751.67 | F67: =$D$8 -> 192329.12 | G67: =C67-E67 -> 378029.93
B68: Month 59 | C68: =G67 -> 378029.93 | D68: =C68*$D$5/12 -> 4410.3492 | E68: =F68-D68 -> 187918.77 | F68: =$D$8 -> 192329.12 | G68: =C68-E68 -> 190111.16
B69: Month 60 | C69: =G68 -> 190111.16 | D69: =C69*$D$5/12 -> 2217.9635 | E69: =F69-D69 -> 190111.16 | F69: =$D$8 -> 192329.12 | G69: =C69-E69 -> -5.5297278e-10
A70: Year 6 | B70: Month 61 | C70: =G69 -> -5.5297278e-10 | D70: =C70*$D$5/12 -> -6.4513491e-12 | E70: =F70-D70 -> 192329.12 | F70: =$D$8 -> 192329.12 | G70: =C70-E70 -> -192329.12
B71: Month 62 | C71: =G70 -> -192329.12 | D71: =C71*$D$5/12 -> -2243.8398 | E71: =F71-D71 -> 194572.96 | F71: =$D$8 -> 192329.12 | G71: =C71-E71 -> -386902.08
B72: Month 63 | C72: =G71 -> -386902.08 | D72: =C72*$D$5/12 -> -4513.8577 | E72: =F72-D72 -> 196842.98 | F72: =$D$8 -> 192329.12 | G72: =C72-E72 -> -583745.07
B73: Month 64 | C73: =G72 -> -583745.07 | D73: =C73*$D$5/12 -> -6810.3591 | E73: =F73-D73 -> 199139.48 | F73: =$D$8 -> 192329.12 | G73: =C73-E73 -> -782884.55
B74: Month 65 | C74: =G73 -> -782884.55 | D74: =C74*$D$5/12 -> -9133.653 | E74: =F74-D74 -> 201462.78 | F74: =$D$8 -> 192329.12 | G74: =C74-E74 -> -984347.32
B75: Month 66 | C75: =G74 -> -984347.32 | D75: =C75*$D$5/12 -> -11484.052 | E75: =F75-D75 -> 203813.17 | F75: =$D$8 -> 192329.12 | G75: =C75-E75 -> -1188160.5
B76: Month 67 | C76: =G75 -> -1188160.5 | D76: =C76*$D$5/12 -> -13861.872 | E76: =F76-D76 -> 206191 | F76: =$D$8 -> 192329.12 | G76: =C76-E76 -> -1394351.5
B77: Month 68 | C77: =G76 -> -1394351.5 | D77: =C77*$D$5/12 -> -16267.434 | E77: =F77-D77 -> 208596.56 | F77: =$D$8 -> 192329.12 | G77: =C77-E77 -> -1602948
B78: Month 69 | C78: =G77 -> -1602948 | D78: =C78*$D$5/12 -> -18701.061 | E78: =F78-D78 -> 211030.18 | F78: =$D$8 -> 192329.12 | G78: =C78-E78 -> -1813978.2
B79: Month 70 | C79: =G78 -> -1813978.2 | D79: =C79*$D$5/12 -> -21163.079 | E79: =F79-D79 -> 213492.2 | F79: =$D$8 -> 192329.12 | G79: =C79-E79 -> -2027470.4
B80: Month 71 | C80: =G79 -> -2027470.4 | D80: =C80*$D$5/12 -> -23653.822 | E80: =F80-D80 -> 215982.94 | F80: =$D$8 -> 192329.12 | G80: =C80-E80 -> -2243453.4
B81: Month 72 | C81: =G80 -> -2243453.4 | D81: =C81*$D$5/12 -> -26173.623 | E81: =F81-D81 -> 218502.75 | F81: =$D$8 -> 192329.12 | G81: =C81-E81 -> -2461956.1
A82: Year 7 | B82: Month 73 | C82: =G81 -> -2461956.1 | D82: =C82*$D$5/12 -> -28722.821 | E82: =F82-D82 -> 221051.94 | F82: =$D$8 -> 192329.12 | G82: =C82-E82 -> -2683008.1
B83: Month 74 | C83: =G82 -> -2683008.1 | D83: =C83*$D$5/12 -> -31301.761 | E83: =F83-D83 -> 223630.88 | F83: =$D$8 -> 192329.12 | G83: =C83-E83 -> -2906639
B84: Month 75 | C84: =G83 -> -2906639 | D84: =C84*$D$5/12 -> -33910.788 | E84: =F84-D84 -> 226239.91 | F84: =$D$8 -> 192329.12 | G84: =C84-E84 -> -3132878.9
B85: Month 76 | C85: =G84 -> -3132878.9 | D85: =C85*$D$5/12 -> -36550.253 | E85: =F85-D85 -> 228879.38 | F85: =$D$8 -> 192329.12 | G85: =C85-E85 -> -3361758.2
B86: Month 77 | C86: =G85 -> -3361758.2 | D86: =C86*$D$5/12 -> -39220.513 | E86: =F86-D86 -> 231549.64 | F86: =$D$8 -> 192329.12 | G86: =C86-E86 -> -3593307.9
B87: Month 78 | C87: =G86 -> -3593307.9 | D87: =C87*$D$5/12 -> -41921.925 | E87: =F87-D87 -> 234251.05 | F87: =$D$8 -> 192329.12 | G87: =C87-E87 -> -3827558.9
B88: Month 79 | C88: =G87 -> -3827558.9 | D88: =C88*$D$5/12 -> -44654.854 | E88: =F88-D88 -> 236983.98 | F88: =$D$8 -> 192329.12 | G88: =C88-E88 -> -4064542.9
B89: Month 80 | C89: =G88 -> -4064542.9 | D89: =C89*$D$5/12 -> -47419.667 | E89: =F89-D89 -> 239748.79 | F89: =$D$8 -> 192329.12 | G89: =C89-E89 -> -4304291.7
B90: Month 81 | C90: =G89 -> -4304291.7 | D90: =C90*$D$5/12 -> -50216.736 | E90: =F90-D90 -> 242545.86 | F90: =$D$8 -> 192329.12 | G90: =C90-E90 -> -4546837.5
B91: Month 82 | C91: =G90 -> -4546837.5 | D91: =C91*$D$5/12 -> -53046.438 | E91: =F91-D91 -> 245375.56 | F91: =$D$8 -> 192329.12 | G91: =C91-E91 -> -4792213.1
B92: Month 83 | C92: =G91 -> -4792213.1 | D92: =C92*$D$5/12 -> -55909.153 | E92: =F92-D92 -> 248238.28 | F92: =$D$8 -> 192329.12 | G92: =C92-E92 -> -5040451.4
B93: Month 84 | C93: =G92 -> -5040451.4 | D93: =C93*$D$5/12 -> -58805.266 | E93: =F93-D93 -> 251134.39 | F93: =$D$8 -> 192329.12 | G93: =C93-E93 -> -5291585.8
D94: =SUM(D10:D93) -> 2573904.4 | E94: =SUM(E10:E93) -> 12964899
A95: This Sheet Provide details of loan repayment schedule. The borrower is able to check how much of the monthly EMI is being allocated towards the repayment of the principal outstanding and interest respectively, depending on the rate of interest and tenure of the loan.
A96: Assumption:
A97: 1 | B97: Rate of Interest assumed as 12%
A98: 2 | B98: Moratorium Period 6 Months

Sheet 5.Closing Stock & W Capital
C2: 5.1 Closing and Opening Stock Calculation
C4: Particulars | E4: Y1 | F4: Y2 | G4: Y3 | H4: Y4 | I4: Y5 | J4: Y6 | K4: Y7
C5: Opening Stock | N5: Grain Processing - Dal Mill | U5: F & V Processing - Pomegrantes
C6: Agri Input | F6: =E15 -> 0 | G6: =F15 -> 0 | H6: =G15 -> 0 | I6: =H15 -> 0 | J6: =I15 -> 0 | K6: =J15 -> 0 | N6: Cost Of Production/Quintals | U6: Cost Of Production/Quintals
C7: Trading | F7: =E16 -> 1053433.1 | G7: =F16 -> 1382630.9 | H7: =G16 -> 1742115 | I7: =H16 -> 2134090.8 | J7: =I16 -> 2560909 | K7: =J16 -> 3025073.7 | N7: Particulars | O7: Bengal Gram | P7: Red Gram | Q7: Black Gram | R7: Green Gram | U7: Particulars | V7: Pomegranate
C8: Grain Processing | F8: =E17 -> 1104760.8 | G8: =F17 -> 1449794.3 | H8: =G17 -> 1826740.8 | I8: =H17 -> 2237757.5 | J8: =I17 -> 2685309 | K8: =J17 -> 3172021.3 | N8: Purachse Price | O8: ='13.Facility 2 Grain Processing'!C159 -> 5200 | P8: ='13.Facility 2 Grain Processing'!C160 -> 0 | Q8: ='13.Facility 2 Grain Processing'!C161 -> 6000 | R8: ='13.Facility 2 Grain Processing'!C162 -> 5900 | U8: Purchase Price | V8: ='17.Facility 6 Horti Processing '!C163 -> 6000
C9: =C18 -> Horticulture Processing | F9: =E18 -> 0 | G9: =F18 -> 0 | H9: =G18 -> 0 | I9: =H18 -> 0 | J9: =I18 -> 0 | K9: =J18 -> 0 | N9: ='13.Facility 2 Grain Processing'!A169 -> Oil (Liters) | O9: =('13.Facility 2 Grain Processing'!B169*'13.Facility 2 Grain Processing'!C169/1000)*100 -> 0 | P9: =O9 -> 0 | Q9: =P9 -> 0 | R9: =Q9 -> 0 | U9: ='17.Facility 6 Horti Processing '!A164 -> Other Consumbales | V9: ='17.Facility 6 Horti Processing '!C164 -> 2000
N10: ='13.Facility 2 Grain Processing'!A170 -> Daily Labour | O10: =('13.Facility 2 Grain Processing'!B170*'13.Facility 2 Grain Processing'!C170)/('13.Facility 2 Grain Processing'!B5*'13.Facility 2 Grain Processing'!B6) -> 9.375 | P10: =O10 -> 9.375 | Q10: =P10 -> 9.375 | R10: =Q10 -> 9.375 | U10: ='17.Facility 6 Horti Processing '!A165 -> Daily Labour | V10: ='17.Facility 6 Horti Processing '!B165*'17.Facility 6 Horti Processing '!C165/('17.Facility 6 Horti Processing '!B5*'17.Facility 6 Horti Processing '!B6) -> 187.5
N11: ='13.Facility 2 Grain Processing'!A171 -> Electricity Charges | O11: =('13.Facility 2 Grain Processing'!B171*'13.Facility 2 Grain Processing'!C171)/('13.Facility 2 Grain Processing'!B5*'13.Facility 2 Grain Processing'!B6) -> 0 | P11: =O11 -> 0 | Q11: =P11 -> 0 | R11: =Q11 -> 0 | U11: ='17.Facility 6 Horti Processing '!A166 -> Electricity Charges | V11: ='17.Facility 6 Horti Processing '!B166*'17.Facility 6 Horti Processing '!C166/('17.Facility 6 Horti Processing '!B5*'17.Facility 6 Horti Processing '!B6) -> 0
C12: Total | F12: =SUM(F6:F11) -> 2158193.8 | G12: =SUM(G6:G11) -> 2832425.2 | H12: =SUM(H6:H11) -> 3568855.8 | I12: =SUM(I6:I11) -> 4371848.3 | J12: =SUM(J6:J11) -> 5246218 | K12: =SUM(K6:K11) -> 6197095 | N12: ='13.Facility 2 Grain Processing'!A172 -> Loading/Unloading Charges | O12: ='13.Facility 2 Grain Processing'!C172*2 -> 20 | P12: =O12 -> 20 | Q12: =P12 -> 20 | R12: =Q12 -> 20 | U12: ='17.Facility 6 Horti Processing '!A167 -> Loading/Unloading Charges | V12: ='17.Facility 6 Horti Processing '!C167 -> 10
N13: ='13.Facility 2 Grain Processing'!A173 -> packaging Exp | O13: ='13.Facility 2 Grain Processing'!C173*2 -> 40 | P13: =O13 -> 40 | Q13: =P13 -> 40 | R13: =Q13 -> 40 | U13: ='17.Facility 6 Horti Processing '!A168 -> packaging Exp | V13: ='17.Facility 6 Horti Processing '!C168*100 -> 200
C14: Closing Stock
C15: =C6 -> Agri Input | D15: 0.05 | E15: =SUM('16.Facility 5 Agri Input'!D197:D252)*$D$15 -> 0 | F15: =SUM('16.Facility 5 Agri Input'!E197:E252)*$D$15 -> 0 | G15: =SUM('16.Facility 5 Agri Input'!F197:F252)*$D$15 -> 0 | H15: =SUM('16.Facility 5 Agri Input'!G197:G252)*$D$15 -> 0 | I15: =SUM('16.Facility 5 Agri Input'!H197:H252)*$D$15 -> 0 | J15: =SUM('16.Facility 5 Agri Input'!I197:I252)*$D$15 -> 0 | K15: =SUM('16.Facility 5 Agri Input'!J197:J252)*$D$15 -> 0
C16: =C7 -> Trading | D16: 0.05 | E16: =SUM('12.Facility 1 - Trading'!D233:D284)*$D$16 -> 1053433.1 | F16: =SUM('12.Facility 1 - Trading'!E233:E284)*$D$16 -> 1382630.9 | G16: =SUM('12.Facility 1 - Trading'!F233:F284)*$D$16 -> 1742115 | H16: =SUM('12.Facility 1 - Trading'!G233:G284)*$D$16 -> 2134090.8 | I16: =SUM('12.Facility 1 - Trading'!H233:H284)*$D$16 -> 2560909 | J16: =SUM('12.Facility 1 - Trading'!I233:I284)*$D$16 -> 3025073.7 | K16: =SUM('12.Facility 1 - Trading'!J233:J284)*$D$16 -> 3529252.7 | N16: Total Cost of Production | O16: =SUM(O8:O13) -> 5269.375 | P16: =SUM(P8:P13) -> 69.375 | Q16: =SUM(Q8:Q13) -> 6069.375 | R16: =SUM(R8:R13) -> 5969.375 | U16: Total | V16: =SUM(V8:V15) -> 8397.5
C17: =C8 -> Grain Processing | D17: 0.05 | E17: =SUM('13.Facility 2 Grain Processing'!D159:D173)*$D$17 -> 1104760.8 | F17: =SUM('13.Facility 2 Grain Processing'!E159:E173)*$D$17 -> 1449794.3 | G17: =SUM('13.Facility 2 Grain Processing'!F159:F173)*$D$17 -> 1826740.8 | H17: =SUM('13.Facility 2 Grain Processing'!G159:G173)*$D$17 -> 2237757.5 | I17: =SUM('13.Facility 2 Grain Processing'!H159:H173)*$D$17 -> 2685309 | J17: =SUM('13.Facility 2 Grain Processing'!I159:I173)*$D$17 -> 3172021.3 | K17: =SUM('13.Facility 2 Grain Processing'!J159:J173)*$D$17 -> 3700691.5
C18: Horticulture Processing | D18: 0 | E18: =SUM('17.Facility 6 Horti Processing '!D163:D168)*$D$18 -> 0 | F18: =SUM('17.Facility 6 Horti Processing '!E163:E168)*$D$18 -> 0 | G18: =SUM('17.Facility 6 Horti Processing '!F163:F168)*$D$18 -> 0 | H18: =SUM('17.Facility 6 Horti Processing '!G163:G168)*$D$18 -> 0 | I18: =SUM('17.Facility 6 Horti Processing '!H163:H168)*$D$18 -> 0 | J18: =SUM('17.Facility 6 Horti Processing '!I163:I168)*$D$18 -> 0 | K18: =SUM('17.Facility 6 Horti Processing '!J163:J168)*$D$18 -> 0
C21: Total | E21: =SUM(E15:E20) -> 2158193.8 | F21: =SUM(F15:F20) -> 2832425.2 | G21: =SUM(G15:G20) -> 3568855.8 | H21: =SUM(H15:H20) -> 4371848.3 | I21: =SUM(I15:I20) -> 5246218 | J21: =SUM(J15:J20) -> 6197095 | K21: =SUM(K15:K20) -> 7229944.2
A23: Closing Stock is an amount of unsold stock lying in your business on a given date. In simple words, it's the inventory which is still in your business waiting to be sold for a given period. The closing stock can be in various forms such as raw materials, in-process goods (WIP) or finished goods
A24: Assumption:
A25: 1 | B25: Closing stock of each facility is 5%
B28: 5.2 Working Capital Calculation
B30: Sr. No. | C30: Particulars | D30: Duration (In days) | E30: Amount (Rs.)
E31: Y1 | F31: Y2 | G31: Y3 | H31: Y4 | I31: Y5 | J31: Y6 | K31: Y7
B33: A | C33: Accounts Receivables (Debtors)
B34: 1 | C34: Agri Input | D34: 14 | E34: =('16.Facility 5 Agri Input'!D191/365)*$D$34 -> 0 | F34: =('16.Facility 5 Agri Input'!E191/365)*$D$34 -> 0 | G34: =('16.Facility 5 Agri Input'!F191/365)*$D$34 -> 0 | H34: =('16.Facility 5 Agri Input'!G191/365)*$D$34 -> 0 | I34: =('16.Facility 5 Agri Input'!H191/365)*$D$34 -> 0 | J34: =('16.Facility 5 Agri Input'!I191/365)*$D$34 -> 0 | K34: =('16.Facility 5 Agri Input'!J191/365)*$D$34 -> 0
B35: 2 | C35: Custom Hiring | D35: 14 | E35: =('15. Facility 4 Custom Hiring'!E39/365)*$D$35 -> 0 | F35: =('15. Facility 4 Custom Hiring'!F39/365)*$D$35 -> 0 | G35: =('15. Facility 4 Custom Hiring'!G39/365)*$D$35 -> 0 | H35: =('15. Facility 4 Custom Hiring'!H39/365)*$D$35 -> 0 | I35: =('15. Facility 4 Custom Hiring'!I39/365)*$D$35 -> 0 | J35: =('15. Facility 4 Custom Hiring'!J39/365)*$D$35 -> 0 | K35: =('15. Facility 4 Custom Hiring'!K39/365)*$D$35 -> 0
B36: 3 | C36: Cleaning & Grading | D36: 14 | E36: =('12.Facility 1 - Trading'!D229/365)*$D$36 -> 788263.58 | F36: =('12.Facility 1 - Trading'!E229/365)*$D$36 -> 1077416.3 | G36: =('12.Facility 1 - Trading'!F229/365)*$D$36 -> 1359792.6 | H36: =('12.Facility 1 - Trading'!G229/365)*$D$36 -> 1667713 | I36: =('12.Facility 1 - Trading'!H229/365)*$D$36 -> 2003026 | J36: =('12.Facility 1 - Trading'!I229/365)*$D$36 -> 2367701 | K36: =('12.Facility 1 - Trading'!J229/365)*$D$36 -> 2763835.9
B37: 4 | C37: Dal Mill | D37: 14 | E37: =('13.Facility 2 Grain Processing'!D155/365)*$D$37 -> 1062591.2 | F37: =('13.Facility 2 Grain Processing'!E155/365)*$D$37 -> 1395676.4 | G37: =('13.Facility 2 Grain Processing'!F155/365)*$D$37 -> 1758552.3 | H37: =('13.Facility 2 Grain Processing'!G155/365)*$D$37 -> 2154226.6 | I37: =('13.Facility 2 Grain Processing'!H155/365)*$D$37 -> 2585071.9 | J37: =('13.Facility 2 Grain Processing'!I155/365)*$D$37 -> 3053616.2 | K37: =('13.Facility 2 Grain Processing'!J155/365)*$D$37 -> 3562552.2
B38: 5 | C38: Warehouse | D38: 14 | E38: =('14. Facility 3 Warehouse'!D23/365)*$D$38 -> 52195.068 | F38: =('14. Facility 3 Warehouse'!E23/365)*$D$38 -> 58719.452 | G38: =('14. Facility 3 Warehouse'!F23/365)*$D$38 -> 65765.786 | H38: =('14. Facility 3 Warehouse'!G23/365)*$D$38 -> 73369.955 | I38: =('14. Facility 3 Warehouse'!H23/365)*$D$38 -> 81570.127 | J38: =('14. Facility 3 Warehouse'!I23/365)*$D$38 -> 85648.633 | K38: =('14. Facility 3 Warehouse'!J23/365)*$D$38 -> 89931.065
B39: 6 | C39: Processing Unit - Horti Commodity | D39: 14 | E39: =('17.Facility 6 Horti Processing '!D159/365)*$D$39 -> 0 | F39: =('17.Facility 6 Horti Processing '!E159/365)*$D$39 -> 0 | G39: =('17.Facility 6 Horti Processing '!F159/365)*$D$39 -> 0 | H39: =('17.Facility 6 Horti Processing '!G159/365)*$D$39 -> 0 | I39: =('17.Facility 6 Horti Processing '!H159/365)*$D$39 -> 0 | J39: =('17.Facility 6 Horti Processing '!I159/365)*$D$39 -> 0 | K39: =('17.Facility 6 Horti Processing '!J159/365)*$D$39 -> 0
C41: Subtotal | E41: =SUM(E34:E40) -> 1903049.8 | F41: =SUM(F34:F40) -> 2531812.2 | G41: =SUM(G34:G40) -> 3184110.7 | H41: =SUM(H34:H40) -> 3895309.6 | I41: =SUM(I34:I40) -> 4669668 | J41: =SUM(J34:J40) -> 5506965.8 | K41: =SUM(K34:K40) -> 6416319.2
B42: B | C42: Closing Stock | E42: ='5.Closing Stock & W Capital'!E21 -> 2158193.8 | F42: ='5.Closing Stock & W Capital'!F21 -> 2832425.2 | G42: ='5.Closing Stock & W Capital'!G21 -> 3568855.8 | H42: ='5.Closing Stock & W Capital'!H21 -> 4371848.3 | I42: ='5.Closing Stock & W Capital'!I21 -> 5246218 | J42: ='5.Closing Stock & W Capital'!J21 -> 6197095 | K42: ='5.Closing Stock & W Capital'!K21 -> 7229944.2
B44: Total | E44: =SUM(E41:E42) -> 4061243.7 | F44: =SUM(F41:F42) -> 5364237.4 | G44: =SUM(G41:G42) -> 6752966.5 | H44: =SUM(H41:H42) -> 8267157.9 | I44: =SUM(I41:I42) -> 9915886 | J44: =SUM(J41:J42) -> 11704061 | K44: =SUM(K41:K42) -> 13646263
B46: C | C46: Accounts Payable & Accrued Expenses (Creditors)
B47: 1 | C47: =C34 -> Agri Input | D47: 7 | E47: =('16.Facility 5 Agri Input'!D262/365)*$D$47 -> 0 | F47: =('16.Facility 5 Agri Input'!E262/365)*$D$47 -> 0 | G47: =('16.Facility 5 Agri Input'!F262/365)*$D$47 -> 0 | H47: =('16.Facility 5 Agri Input'!G262/365)*$D$47 -> 0 | I47: =('16.Facility 5 Agri Input'!H262/365)*$D$47 -> 0 | J47: =('16.Facility 5 Agri Input'!I262/365)*$D$47 -> 0 | K47: =('16.Facility 5 Agri Input'!J262/365)*$D$47 -> 0
B48: 2 | C48: =C35 -> Custom Hiring | D48: 7 | E48: =('15. Facility 4 Custom Hiring'!E49/365)*$D$49 -> 0 | F48: =('15. Facility 4 Custom Hiring'!F49/365)*$D$49 -> 0 | G48: =('15. Facility 4 Custom Hiring'!G49/365)*$D$49 -> 0 | H48: =('15. Facility 4 Custom Hiring'!H49/365)*$D$49 -> 0 | I48: =('15. Facility 4 Custom Hiring'!I49/365)*$D$49 -> 0 | J48: =('15. Facility 4 Custom Hiring'!J49/365)*$D$49 -> 0 | K48: =('15. Facility 4 Custom Hiring'!K49/365)*$D$49 -> 0
B49: 3 | C49: =C36 -> Cleaning & Grading | D49: 7 | E49: =('12.Facility 1 - Trading'!D292/365)*$D$49 -> 390361.86 | F49: =('12.Facility 1 - Trading'!E292/365)*$D$49 -> 532552.76 | G49: =('12.Facility 1 - Trading'!F292/365)*$D$49 -> 672077.13 | H49: =('12.Facility 1 - Trading'!G292/365)*$D$49 -> 824222.55 | I49: =('12.Facility 1 - Trading'!H292/365)*$D$49 -> 989902.32 | J49: =('12.Facility 1 - Trading'!I292/365)*$D$49 -> 1170089.5 | K49: =('12.Facility 1 - Trading'!J292/365)*$D$49 -> 1365820.7
B50: 4 | C50: =C37 -> Dal Mill | D50: 7 | E50: =('13.Facility 2 Grain Processing'!D182/365)*$D$50 -> 407244.69 | F50: =('13.Facility 2 Grain Processing'!E182/365)*$D$50 -> 555229.89 | G50: =('13.Facility 2 Grain Processing'!F182/365)*$D$50 -> 700698.07 | H50: =('13.Facility 2 Grain Processing'!G182/365)*$D$50 -> 859328.29 | I50: =('13.Facility 2 Grain Processing'!H182/365)*$D$50 -> 1032069.8 | J50: =('13.Facility 2 Grain Processing'!I182/365)*$D$50 -> 1219937.1 | K50: =('13.Facility 2 Grain Processing'!J182/365)*$D$50 -> 1424011
B51: 5 | C51: =C38 -> Warehouse | D51: 7 | E51: =('14. Facility 3 Warehouse'!D34/365)*$D$51 -> 10172.055 | F51: =('14. Facility 3 Warehouse'!E34/365)*$D$51 -> 10680.658 | G51: =('14. Facility 3 Warehouse'!F34/365)*$D$51 -> 11214.69 | H51: =('14. Facility 3 Warehouse'!G34/365)*$D$51 -> 11775.425 | I51: =('14. Facility 3 Warehouse'!H34/365)*$D$51 -> 12364.196 | J51: =('14. Facility 3 Warehouse'!I34/365)*$D$51 -> 12982.406 | K51: =('14. Facility 3 Warehouse'!J34/365)*$D$51 -> 13631.526
C52: =C39 -> Processing Unit - Horti Commodity | D52: 7 | E52: =('17.Facility 6 Horti Processing '!D177/365)*$D$52 -> 0 | F52: =('17.Facility 6 Horti Processing '!E177/365)*$D$52 -> 0 | G52: =('17.Facility 6 Horti Processing '!F177/365)*$D$52 -> 0 | H52: =('17.Facility 6 Horti Processing '!G177/365)*$D$52 -> 0 | I52: =('17.Facility 6 Horti Processing '!H177/365)*$D$52 -> 0 | J52: =('17.Facility 6 Horti Processing '!I177/365)*$D$52 -> 0 | K52: =('17.Facility 6 Horti Processing '!J177/365)*$D$52 -> 0
C54: Total | E54: =SUM(E47:E53) -> 807778.6 | F54: =SUM(F47:F53) -> 1098463.3 | G54: =SUM(G47:G53) -> 1383989.9 | H54: =SUM(H47:H53) -> 1695326.3 | I54: =SUM(I47:I53) -> 2034336.3 | J54: =SUM(J47:J53) -> 2403009 | K54: =SUM(K47:K53) -> 2803463.2
B55: D | C55: Working Capital | E55: =E44-E54 -> 3253465.1 | F55: =F44-F54 -> 4265774.1 | G55: =G44-G54 -> 5368976.6 | H55: =H44-H54 -> 6571831.7 | I55: =I44-I54 -> 7881549.7 | J55: =J44-J54 -> 9301051.8 | K55: =K44-K54 -> 10842800
C56: Own Contribution | D56: 0.25 | E56: =E55*$D$56 -> 813366.27
A59: Working capital, also known as net working capital (NWC), is the difference between a company’s current assets, such as accounts receivable (customers’ unpaid bills), and inventories of raw materials and finished goods, and its current liabilities, such as accounts payable.This sheet provide requirement of working capital for running business
A60: Asumption:
A61: 1 | B61: Company has to give credit for sale at 14 Days
A62: 2 | B62: Company will receive credit from suppliers for 7 days
A63: 3 | B63: 25 % of Working Capital will be financed by the company and balance 75% from bank finance at 12% rate of interest

Sheet 6.Cons Profit & Loss
A2: 6.1 Consolidated Profit and loss account for the Project
A5: Particulars | B5: Y1 | C5: Y2 | D5: Y3 | E5: Y4 | F5: Y5 | G5: Y6 | H5: Y7
A6: Revenue
A8: Faclitiy 1 - Trading | B8: ='12.Facility 1 - Trading'!D229 -> 20551158 | C8: ='12.Facility 1 - Trading'!E229 -> 28089783 | D8: ='12.Facility 1 - Trading'!F229 -> 35451736 | E8: ='12.Facility 1 - Trading'!G229 -> 43479661 | F8: ='12.Facility 1 - Trading'!H229 -> 52221749 | G8: ='12.Facility 1 - Trading'!I229 -> 61729347 | H8: ='12.Facility 1 - Trading'!J229 -> 72057150
A9: Faclitiy 2 - Processing Unit- Cleaning Grading | B9: ='13.Facility 2 Grain Processing'!D155 -> 27703270 | C9: ='13.Facility 2 Grain Processing'!E155 -> 36387279 | D9: ='13.Facility 2 Grain Processing'!F155 -> 45847971 | E9: ='13.Facility 2 Grain Processing'!G155 -> 56163765 | F9: ='13.Facility 2 Grain Processing'!H155 -> 67396518 | G9: ='13.Facility 2 Grain Processing'!I155 -> 79612137 | H9: ='13.Facility 2 Grain Processing'!J155 -> 92880826
A10: Faclitiy 3 - Warehouse | B10: ='14. Facility 3 Warehouse'!D23 -> 1360800 | C10: ='14. Facility 3 Warehouse'!E23 -> 1530900 | D10: ='14. Facility 3 Warehouse'!F23 -> 1714608 | E10: ='14. Facility 3 Warehouse'!G23 -> 1912859.6 | F10: ='14. Facility 3 Warehouse'!H23 -> 2126649.7 | G10: ='14. Facility 3 Warehouse'!I23 -> 2232982.2 | H10: ='14. Facility 3 Warehouse'!J23 -> 2344631.3
A11: Faclitiy 4 - Custom Hiring | B11: ='15. Facility 4 Custom Hiring'!E39 -> 0 | C11: ='15. Facility 4 Custom Hiring'!F39 -> 0 | D11: ='15. Facility 4 Custom Hiring'!G39 -> 0 | E11: ='15. Facility 4 Custom Hiring'!H39 -> 0 | F11: ='15. Facility 4 Custom Hiring'!I39 -> 0 | G11: ='15. Facility 4 Custom Hiring'!J39 -> 0 | H11: ='15. Facility 4 Custom Hiring'!K39 -> 0
A12: Faclitiy 5 - Agri Input Centre | B12: ='16.Facility 5 Agri Input'!D191 -> 0 | C12: ='16.Facility 5 Agri Input'!E191 -> 0 | D12: ='16.Facility 5 Agri Input'!F191 -> 0 | E12: ='16.Facility 5 Agri Input'!G191 -> 0 | F12: ='16.Facility 5 Agri Input'!H191 -> 0 | G12: ='16.Facility 5 Agri Input'!I191 -> 0 | H12: ='16.Facility 5 Agri Input'!J191 -> 0
A13: Facility 6 - Processing Unit - Horti Commodity | B13: ='17.Facility 6 Horti Processing '!D159 -> 0 | C13: ='17.Facility 6 Horti Processing '!E159 -> 0 | D13: ='17.Facility 6 Horti Processing '!F159 -> 0 | E13: ='17.Facility 6 Horti Processing '!G159 -> 0 | F13: ='17.Facility 6 Horti Processing '!H159 -> 0 | G13: ='17.Facility 6 Horti Processing '!I159 -> 0 | H13: ='17.Facility 6 Horti Processing '!J159 -> 0
A15: Total Revenue | B15: =SUM(B8:B14) -> 49615228 | C15: =SUM(C8:C14) -> 66007961 | D15: =SUM(D8:D14) -> 83014316 | E15: =SUM(E8:E14) -> 1.0155629e+08 | F15: =SUM(F8:F14) -> 1.2174492e+08 | G15: =SUM(G8:G14) -> 1.4357447e+08 | H15: =SUM(H8:H14) -> 1.6728261e+08
A17: Variable Cost
A18: =A8 -> Faclitiy 1 - Trading | B18: ='12.Facility 1 - Trading'!D292 -> 20354583 | C18: ='12.Facility 1 - Trading'!E292 -> 27768823 | D18: ='12.Facility 1 - Trading'!F292 -> 35044022 | E18: ='12.Facility 1 - Trading'!G292 -> 42977319 | F18: ='12.Facility 1 - Trading'!H292 -> 51616335 | G18: ='12.Facility 1 - Trading'!I292 -> 61011810 | H18: ='12.Facility 1 - Trading'!J292 -> 71217792
A19: =A9 -> Faclitiy 2 - Processing Unit- Cleaning Grading | B19: ='13.Facility 2 Grain Processing'!D182 -> 21234901 | C19: ='13.Facility 2 Grain Processing'!E182 -> 28951273 | D19: ='13.Facility 2 Grain Processing'!F182 -> 36536400 | E19: ='13.Facility 2 Grain Processing'!G182 -> 44807832 | F19: ='13.Facility 2 Grain Processing'!H182 -> 53815067 | G19: ='13.Facility 2 Grain Processing'!I182 -> 63611006 | H19: ='13.Facility 2 Grain Processing'!J182 -> 74252001
A20: =A10 -> Faclitiy 3 - Warehouse | B20: ='14. Facility 3 Warehouse'!D34 -> 530400 | C20: ='14. Facility 3 Warehouse'!E34 -> 556920 | D20: ='14. Facility 3 Warehouse'!F34 -> 584766 | E20: ='14. Facility 3 Warehouse'!G34 -> 614004.3 | F20: ='14. Facility 3 Warehouse'!H34 -> 644704.52 | G20: ='14. Facility 3 Warehouse'!I34 -> 676939.74 | H20: ='14. Facility 3 Warehouse'!J34 -> 710786.73
A21: =A11 -> Faclitiy 4 - Custom Hiring | B21: ='15. Facility 4 Custom Hiring'!E49 -> 0 | C21: ='15. Facility 4 Custom Hiring'!F49 -> 0 | D21: ='15. Facility 4 Custom Hiring'!G49 -> 0 | E21: ='15. Facility 4 Custom Hiring'!H49 -> 0 | F21: ='15. Facility 4 Custom Hiring'!I49 -> 0 | G21: ='15. Facility 4 Custom Hiring'!J49 -> 0 | H21: ='15. Facility 4 Custom Hiring'!K49 -> 0
A22: =A12 -> Faclitiy 5 - Agri Input Centre | B22: ='16.Facility 5 Agri Input'!D262 -> 0 | C22: ='16.Facility 5 Agri Input'!E262 -> 0 | D22: ='16.Facility 5 Agri Input'!F262 -> 0 | E22: ='16.Facility 5 Agri Input'!G262 -> 0 | F22: ='16.Facility 5 Agri Input'!H262 -> 0 | G22: ='16.Facility 5 Agri Input'!I262 -> 0 | H22: ='16.Facility 5 Agri Input'!J262 -> 0
A23: =A13 -> Facility 6 - Processing Unit - Horti Commodity | B23: ='17.Facility 6 Horti Processing '!D177 -> 0 | C23: ='17.Facility 6 Horti Processing '!E177 -> 0 | D23: ='17.Facility 6 Horti Processing '!F177 -> 0 | E23: ='17.Facility 6 Horti Processing '!G177 -> 0 | F23: ='17.Facility 6 Horti Processing '!H177 -> 0 | G23: ='17.Facility 6 Horti Processing '!I177 -> 0 | H23: ='17.Facility 6 Horti Processing '!J177 -> 0
A25: Total Variable Cost | B25: =SUM(B18:B24) -> 42119884 | C25: =SUM(C18:C24) -> 57277015 | D25: =SUM(D18:D24) -> 72165187 | E25: =SUM(E18:E24) -> 88399155 | F25: =SUM(F18:F24) -> 1.0607611e+08 | G25: =SUM(G18:G24) -> 1.2529976e+08 | H25: =SUM(H18:H24) -> 1.4618058e+08
A27: Fixed Cost
A28: =A18 -> Faclitiy 1 - Trading | B28: ='12.Facility 1 - Trading'!D301 -> 120000 | C28: ='12.Facility 1 - Trading'!E301 -> 126000 | D28: ='12.Facility 1 - Trading'!F301 -> 132300 | E28: ='12.Facility 1 - Trading'!G301 -> 138915 | F28: ='12.Facility 1 - Trading'!H301 -> 145860.75 | G28: ='12.Facility 1 - Trading'!I301 -> 153153.79 | H28: ='12.Facility 1 - Trading'!J301 -> 160811.48
A29: =A19 -> Faclitiy 2 - Processing Unit- Cleaning Grading | B29: ='13.Facility 2 Grain Processing'!D190 -> 240000 | C29: ='13.Facility 2 Grain Processing'!E190 -> 252000 | D29: ='13.Facility 2 Grain Processing'!F190 -> 264600 | E29: ='13.Facility 2 Grain Processing'!G190 -> 277830 | F29: ='13.Facility 2 Grain Processing'!H190 -> 291721.5 | G29: ='13.Facility 2 Grain Processing'!I190 -> 306307.58 | H29: ='13.Facility 2 Grain Processing'!J190 -> 321622.95
A30: =A20 -> Faclitiy 3 - Warehouse | B30: ='14. Facility 3 Warehouse'!D43 -> 300000 | C30: ='14. Facility 3 Warehouse'!E43 -> 315000 | D30: ='14. Facility 3 Warehouse'!F43 -> 330750 | E30: ='14. Facility 3 Warehouse'!G43 -> 347287.5 | F30: ='14. Facility 3 Warehouse'!H43 -> 364651.88 | G30: ='14. Facility 3 Warehouse'!I43 -> 382884.47 | H30: ='14. Facility 3 Warehouse'!J43 -> 402028.69
A31: =A21 -> Faclitiy 4 - Custom Hiring | B31: ='15. Facility 4 Custom Hiring'!E56 -> 0 | C31: ='15. Facility 4 Custom Hiring'!F56 -> 0 | D31: ='15. Facility 4 Custom Hiring'!G56 -> 0 | E31: ='15. Facility 4 Custom Hiring'!H56 -> 0 | F31: ='15. Facility 4 Custom Hiring'!I56 -> 0 | G31: ='15. Facility 4 Custom Hiring'!J56 -> 0 | H31: ='15. Facility 4 Custom Hiring'!K56 -> 0
A32: =A22 -> Faclitiy 5 - Agri Input Centre | B32: ='16.Facility 5 Agri Input'!D273 -> 0 | C32: ='16.Facility 5 Agri Input'!E273 -> 0 | D32: ='16.Facility 5 Agri Input'!F273 -> 0 | E32: ='16.Facility 5 Agri Input'!G273 -> 0 | F32: ='16.Facility 5 Agri Input'!H273 -> 0 | G32: ='16.Facility 5 Agri Input'!I273 -> 0 | H32: ='16.Facility 5 Agri Input'!J273 -> 0
A33: =A23 -> Facility 6 - Processing Unit - Horti Commodity | B33: ='17.Facility 6 Horti Processing '!D185 -> 0 | C33: ='17.Facility 6 Horti Processing '!E185 -> 0 | D33: ='17.Facility 6 Horti Processing '!F185 -> 0 | E33: ='17.Facility 6 Horti Processing '!G185 -> 0 | F33: ='17.Facility 6 Horti Processing '!H185 -> 0 | G33: ='17.Facility 6 Horti Processing '!I185 -> 0 | H33: ='17.Facility 6 Horti Processing '!J185 -> 0
A35: Admin Expenses | B35: ='3.Other Exp & Taxes'!E24 -> 2813200 | C35: ='3.Other Exp & Taxes'!F24 -> 2953860 | D35: ='3.Other Exp & Taxes'!G24 -> 3101553 | E35: ='3.Other Exp & Taxes'!H24 -> 3256630.7 | F35: ='3.Other Exp & Taxes'!I24 -> 3419462.2 | G35: ='3.Other Exp & Taxes'!J24 -> 3590435.3 | H35: ='3.Other Exp & Taxes'!K24 -> 3769957.1
A36: Total Fixed Cost | B36: =SUM(B28:B35) -> 3473200 | C36: =SUM(C28:C35) -> 3646860 | D36: =SUM(D28:D35) -> 3829203 | E36: =SUM(E28:E35) -> 4020663.2 | F36: =SUM(F28:F35) -> 4221696.3 | G36: =SUM(G28:G35) -> 4432781.1 | H36: =SUM(H28:H35) -> 4654420.2
A38: Total Cost | B38: =B25+B36 -> 45593084 | C38: =C25+C36 -> 60923875 | D38: =D25+D36 -> 75994390 | E38: =E25+E36 -> 92419818 | F38: =F25+F36 -> 1.102978e+08 | G38: =G25+G36 -> 1.2973254e+08 | H38: =H25+H36 -> 1.50835e+08
A40: Profit Before Depreciation ,Interest and Tax | B40: =B15-B38 -> 4022144.1 | C40: =C15-C38 -> 5084085.8 | D40: =D15-D38 -> 7019925.3 | E40: =E15-E38 -> 9136467 | F40: =F15-F38 -> 11447113 | G40: =G15-G38 -> 13841928 | H40: =H15-H38 -> 16447607 | J40: =B49+B42+B43 -> 2673341.9
J41: ='5.Closing Stock & W Capital'!E56 -> 813366.27
A42: Depreciation | B42: ='3.Other Exp & Taxes'!C67 -> 956902.47 | C42: ='3.Other Exp & Taxes'!D67 -> 956902.47 | D42: ='3.Other Exp & Taxes'!E67 -> 956902.47 | E42: ='3.Other Exp & Taxes'!F67 -> 956902.47 | F42: ='3.Other Exp & Taxes'!G67 -> 956902.47 | G42: ='3.Other Exp & Taxes'!H67 -> 956902.47 | H42: ='3.Other Exp & Taxes'!I67 -> 956902.47 | J42: =J40+J41 -> 3486708.2
A43: Amortization | B43: ='3.Other Exp & Taxes'!C87 -> 265000 | C43: ='3.Other Exp & Taxes'!D87 -> 265000 | D43: ='3.Other Exp & Taxes'!E87 -> 265000 | E43: ='3.Other Exp & Taxes'!F87 -> 265000 | F43: ='3.Other Exp & Taxes'!G87 -> 265000 | G43: ='3.Other Exp & Taxes'!H87 -> 0 | H43: ='3.Other Exp & Taxes'!I87 -> 0
A45: Profit Before Interest and Tax | B45: =B40-B42-B43 -> 2800241.6 | C45: =C40-C42-C43 -> 3862183.4 | D45: =D40-D42-D43 -> 5798022.8 | E45: =E40-E42-E43 -> 7914564.6 | F45: =F40-F42-F43 -> 10225211 | G45: =G40-G42-G43 -> 12885026 | H45: =H40-H42-H43 -> 15490704
A47: Interest on Term loan | B47: ='8.Cash Flow '!C26+'8.Cash Flow '!C28 -> 1348802.1 | C47: ='8.Cash Flow '!D26+'8.Cash Flow '!D28 -> 1408984.9 | D47: ='8.Cash Flow '!E26+'8.Cash Flow '!E28 -> 1330668.8 | E47: ='8.Cash Flow '!F26+'8.Cash Flow '!F28 -> 1232844.7 | F47: ='8.Cash Flow '!G26+'8.Cash Flow '!G28 -> 1111678.5 | G47: ='8.Cash Flow '!H26+'8.Cash Flow '!H28 -> 962119.56 | H47: ='8.Cash Flow '!I26+'8.Cash Flow '!I28 -> 779455.85
A49: Profit Before Tax | B49: =B45-B47 -> 1451439.4 | C49: =C45-C47 -> 2453198.5 | D49: =D45-D47 -> 4467354 | E49: =E45-E47 -> 6681719.9 | F49: =F45-F47 -> 9113532.2 | G49: =G45-G47 -> 11922906 | H49: =H45-H47 -> 14711248
A50: Less. Tax | B50: ='3.Other Exp & Taxes'!B100 -> -82054.489 | C50: ='3.Other Exp & Taxes'!C100 -> 255705.64 | D50: ='3.Other Exp & Taxes'!D100 -> 847986.51 | E50: ='3.Other Exp & Taxes'!E100 -> 1484635.8 | F50: ='3.Other Exp & Taxes'!F100 -> 2171027.4 | G50: ='3.Other Exp & Taxes'!G100 -> 2949576 | H50: ='3.Other Exp & Taxes'!H100 -> 3717337.8
A51: Profit After Tax | B51: =B49-B50 -> 1533493.9 | C51: =C49-C50 -> 2197492.9 | D51: =D49-D50 -> 3619367.5 | E51: =E49-E50 -> 5197084.1 | F51: =F49-F50 -> 6942504.8 | G51: =G49-G50 -> 8973330.1 | H51: =H49-H50 -> 10993911
A53: Cumuilative Profit | B53: =B51 -> 1533493.9 | C53: =B53+C51 -> 3730986.8 | D53: =C53+D51 -> 7350354.3 | E53: =D53+E51 -> 12547438 | F53: =E53+F51 -> 19489943 | G53: =F53+G51 -> 28463273 | H53: =G53+H51 -> 39457184
A56: Projected Consolidated Profit and Loss account is to give a projection of how much money you will bring in by selling products or services and how much profit you will make from these sales.

Sheet 7.Balance Sheet
A2: 7.1 Balancesheet for the Project
A4: Particulars | B4: Y1 | C4: Y2 | D4: Y3 | E4: Y4 | F4: Y5 | G4: Y6 | H4: Y7
A6: ASSETS
A7: Current Assets
A8: Cash and Bank Balance | B8: ='8.Cash Flow '!C33 -> 2933646.3 | C8: ='8.Cash Flow '!D33 -> 4942184.1 | D8: ='8.Cash Flow '!E33 -> 8161896.3 | E8: ='8.Cash Flow '!F33 -> 12717158 | F8: ='8.Cash Flow '!G33 -> 18739509 | G8: ='8.Cash Flow '!H33 -> 26207785 | H8: ='8.Cash Flow '!I33 -> 35328968
A9: Accounts Receivables
A10: Other Current Assets
A11: Total Current Assets | B11: =SUM(B8:B10) -> 2933646.3 | C11: =SUM(C8:C10) -> 4942184.1 | D11: =SUM(D8:D10) -> 8161896.3 | E11: =SUM(E8:E10) -> 12717158 | F11: =SUM(F8:F10) -> 18739509 | G11: =SUM(G8:G10) -> 26207785 | H11: =SUM(H8:H10) -> 35328968
A13: Gross Fixed Assets | B13: ='3.Other Exp & Taxes'!C66 -> 25577711 | C13: ='3.Other Exp & Taxes'!D66 -> 24620809 | D13: ='3.Other Exp & Taxes'!E66 -> 23663906 | E13: ='3.Other Exp & Taxes'!F66 -> 22707004 | F13: ='3.Other Exp & Taxes'!G66 -> 21750101 | G13: ='3.Other Exp & Taxes'!H66 -> 20793199 | H13: ='3.Other Exp & Taxes'!I66 -> 19836296
A14: Less: Depriciation | B14: ='3.Other Exp & Taxes'!C67 -> 956902.47 | C14: ='3.Other Exp & Taxes'!D67 -> 956902.47 | D14: ='3.Other Exp & Taxes'!E67 -> 956902.47 | E14: ='3.Other Exp & Taxes'!F67 -> 956902.47 | F14: ='3.Other Exp & Taxes'!G67 -> 956902.47 | G14: ='3.Other Exp & Taxes'!H67 -> 956902.47 | H14: ='3.Other Exp & Taxes'!I67 -> 956902.47
A15: Net Fixed Assets | B15: =B13-B14 -> 24620809 | C15: =C13-C14 -> 23663906 | D15: =D13-D14 -> 22707004 | E15: =E13-E14 -> 21750101 | F15: =F13-F14 -> 20793199 | G15: =G13-G14 -> 19836296 | H15: =H13-H14 -> 18879394
A18: Preliminary & Pre- operative Expenses | B18: ='8.Cash Flow '!C20-'6.Cons Profit & Loss'!B43 -> 1060000 | C18: =B18-'6.Cons Profit & Loss'!C43 -> 795000 | D18: =C18-'6.Cons Profit & Loss'!D43 -> 530000 | E18: =D18-'6.Cons Profit & Loss'!E43 -> 265000 | F18: =E18-'6.Cons Profit & Loss'!F43 -> 0 | G18: =F18-'6.Cons Profit & Loss'!G43 -> 0 | H18: =G18-'6.Cons Profit & Loss'!H43 -> 0
A20: TOTAL ASSETS | B20: =B11+B15+B17+B18 -> 28614455 | C20: =C11+C15+C17+C18 -> 29401090 | D20: =D11+D15+D17+D18 -> 31398900 | E20: =E11+E15+E17+E18 -> 34732259 | F20: =F11+F15+F17+F18 -> 39532707 | G20: =G11+G15+G17+G18 -> 46044081 | H20: =H11+H15+H17+H18 -> 54208362
A22: LIABILITIES & SHAREHOLDERS EQUITY
A23: CURRENT LIABILITIES
A24: Short Term Debt (Working capital loan)
A25: Accounts Payable & Accrued Expenses
A26: Other Current Liabilities
A27: Total Curent Liabilities | B27: =SUM(B24:B26) -> 0 | C27: =SUM(C24:C26) -> 0 | D27: =SUM(D24:D26) -> 0 | E27: =SUM(E24:E26) -> 0 | F27: =SUM(F24:F26) -> 0 | G27: =SUM(G24:G26) -> 0 | H27: =SUM(H24:H26) -> 0
A28: Secured Long Term Debt | B28: ='4.TL repayment sch'!G21 -> 7038196.9 | C28: ='4.TL repayment sch'!G33 -> 5627339.4 | D28: ='4.TL repayment sch'!G45 -> 4005781.6 | E28: ='4.TL repayment sch'!G57 -> 2142057 | F28: ='4.TL repayment sch'!G69 -> -5.5297278e-10 | G28: ='4.TL repayment sch'!G81 -> -2461956.1 | H28: ='[1]Term Loan'!J72+'[1]Term Loan'!S72 -> 0
A29: Differed Tax Liabilities
A31: TOTAL LIABILITIES | B31: =SUM(B27:B29) -> 7038196.9 | C31: =SUM(C27:C29) -> 5627339.4 | D31: =SUM(D27:D29) -> 4005781.6 | E31: =SUM(E27:E29) -> 2142057 | F31: =SUM(F27:F29) -> -5.5297278e-10 | G31: =SUM(G27:G29) -> -2461956.1 | H31: =SUM(H27:H29) -> 0
A33: Share capital | B33: ='1.Project Cost and MOF'!E21 -> 3901137.4 | C33: =B33 -> 3901137.4 | D33: =C33 -> 3901137.4 | E33: =D33 -> 3901137.4 | F33: =E33 -> 3901137.4 | G33: =F33 -> 3901137.4 | H33: =G33 -> 3901137.4
A34: Smart Grant -in-Aid | B34: ='1.Project Cost and MOF'!E19 -> 16141627 | C34: =B34 -> 16141627 | D34: =C34 -> 16141627 | E34: =D34 -> 16141627 | F34: =E34 -> 16141627 | G34: =F34 -> 16141627 | H34: =G34 -> 16141627
A35: Reserves and Surplus
A36: Add: Opening Balance (P/L Account) | B36: 0 | C36: =B39 -> 1533493.9 | D36: =C39 -> 3730986.8 | E36: =D39 -> 7350354.3 | F36: =E39 -> 12547438 | G36: =F39 -> 19489943 | H36: =G39 -> 28463273
A37: Profit & Loss) During the Year | B37: ='6.Cons Profit & Loss'!B53 -> 1533493.9 | C37: ='6.Cons Profit & Loss'!C51 -> 2197492.9 | D37: ='6.Cons Profit & Loss'!D51 -> 3619367.5 | E37: ='6.Cons Profit & Loss'!E51 -> 5197084.1 | F37: ='6.Cons Profit & Loss'!F51 -> 6942504.8 | G37: ='6.Cons Profit & Loss'!G51 -> 8973330.1 | H37: ='6.Cons Profit & Loss'!H51 -> 10993911
A38: Appropriation - Dividend
A39: Total Reserves | B39: =B36+B37-B38 -> 1533493.9 | C39: =C36+C37-C38 -> 3730986.8 | D39: =D36+D37-D38 -> 7350354.3 | E39: =E36+E37-E38 -> 12547438 | F39: =F36+F37-F38 -> 19489943 | G39: =G36+G37-G38 -> 28463273 | H39: =H36+H37-H38 -> 39457184
A41: TOTAL EQUITY | B41: =B33+B39+B34 -> 21576258 | C41: =C33+C39+C34 -> 23773751 | D41: =D33+D39+D34 -> 27393118 | E41: =E33+E39+E34 -> 32590202 | F41: =F33+F39+F34 -> 39532707 | G41: =G33+G39+G34 -> 48506037 | H41: =H33+H39+H34 -> 59499948
A43: TOTAL LIABILITIES & EQUITY | B43: =B31+B41 -> 28614455 | C43: =C31+C41 -> 29401090 | D43: =D31+D41 -> 31398900 | E43: =E31+E41 -> 34732259 | F43: =F31+F41 -> 39532707 | G43: =G31+G41 -> 46044081 | H43: =H31+H41 -> 59499948
A45: CONTROL TICKER
A46: (=Liability - Asset) | B46: =B43-B20 -> 0 | C46: =C43-C20 -> 0 | D46: =D43-D20 -> 0 | E46: =E43-E20 -> 0 | F46: =F43-F20 -> 0 | G46: =G43-G20 -> 0 | H46: =H43-H20 -> 5291585.8

Sheet 8.Cash Flow 
A2: 8.1 Cash Flow Statement for the Project
A4: Sr. | B4: Particulars | C4: Y1 | D4: Y2 | E4: Y3 | F4: Y4 | G4: Y5 | H4: Y6 | I4: Y7
A5: 1 | B5: Operating Profit
B6: Total Revnue | C6: ='6.Cons Profit & Loss'!B15 -> 49615228 | D6: ='6.Cons Profit & Loss'!C15 -> 66007961 | E6: ='6.Cons Profit & Loss'!D15 -> 83014316 | F6: ='6.Cons Profit & Loss'!E15 -> 1.0155629e+08 | G6: ='6.Cons Profit & Loss'!F15 -> 1.2174492e+08 | H6: ='6.Cons Profit & Loss'!G15 -> 1.4357447e+08 | I6: ='6.Cons Profit & Loss'!H15 -> 1.6728261e+08
A7: 2 | B7: Equity/ Share capital | C7: ='1.Project Cost and MOF'!E21 -> 3901137.4
B8: Reivestment
A9: 3 | B9: ='7.Balance Sheet'!A34 -> Smart Grant -in-Aid | C9: ='1.Project Cost and MOF'!E19 -> 16141627
A10: 4 | B10: Long Term Loan | C10: ='1.Project Cost and MOF'!E20 -> 7673313.3
A11: 5 | B11: Short Term Loan | C11: ='5.Closing Stock & W Capital'!E55*75% -> 2440098.8 | D11: ='5.Closing Stock & W Capital'!F55 -> 4265774.1 | E11: ='5.Closing Stock & W Capital'!G55 -> 5368976.6 | F11: ='5.Closing Stock & W Capital'!H55 -> 6571831.7 | G11: ='5.Closing Stock & W Capital'!I55 -> 7881549.7 | H11: ='5.Closing Stock & W Capital'!J55 -> 9301051.8 | I11: ='5.Closing Stock & W Capital'!K55 -> 10842800
B12: Sub Total (A) | C12: =SUM(C6:C11) -> 79771404 | D12: =SUM(D6:D11) -> 70273735 | E12: =SUM(E6:E11) -> 88383292 | F12: =SUM(F6:F11) -> 1.0812812e+08 | G12: =SUM(G6:G11) -> 1.2962647e+08 | H12: =SUM(H6:H11) -> 1.5287552e+08 | I12: =SUM(I6:I11) -> 1.7812541e+08
A13: Cash Outflow (Rs.)
A14: 1 | B14: Capital Expenditure
A15: a | B15: ='[1]Total Cost of Project'!C3 -> Land and Building | C15: ='1.Project Cost and MOF'!D5 -> 21653053
A16: b | B16: ='[1]Total Cost of Project'!C4 -> Machinery and Equipment | C16: ='1.Project Cost and MOF'!D6 -> 3323300
A17: c | B17: Furniture & Fixture | C17: ='1.Project Cost and MOF'!D7 -> 601357.98
A18: d | B18: It Infrastructure | C18: ='1.Project Cost and MOF'!D8 -> 0
A19: e | B19: Vehicle | C19: ='1.Project Cost and MOF'!D9 -> 0
A20: f | B20: Premilinary Expenses | C20: ='1.Project Cost and MOF'!D10 -> 1325000
A21: 2 | B21: Operational Expenditure
A22: a | B22: Variable Cost | C22: ='6.Cons Profit & Loss'!B25 -> 42119884 | D22: ='6.Cons Profit & Loss'!C25 -> 57277015 | E22: ='6.Cons Profit & Loss'!D25 -> 72165187 | F22: ='6.Cons Profit & Loss'!E25 -> 88399155 | G22: ='6.Cons Profit & Loss'!F25 -> 1.0607611e+08 | H22: ='6.Cons Profit & Loss'!G25 -> 1.2529976e+08 | I22: ='6.Cons Profit & Loss'!H25 -> 1.4618058e+08
A23: b | B23: Fixed Cost | C23: ='6.Cons Profit & Loss'!B36 -> 3473200 | D23: ='6.Cons Profit & Loss'!C36 -> 3646860 | E23: ='6.Cons Profit & Loss'!D36 -> 3829203 | F23: ='6.Cons Profit & Loss'!E36 -> 4020663.2 | G23: ='6.Cons Profit & Loss'!F36 -> 4221696.3 | H23: ='6.Cons Profit & Loss'!G36 -> 4432781.1 | I23: ='6.Cons Profit & Loss'!H36 -> 4654420.2
A24: 3 | B24: Loan Repayment
B25: LTL - Principal | C25: =SUM('4.TL repayment sch'!E10:E21) -> 635116.38 | D25: =SUM('4.TL repayment sch'!E22:E33) -> 1410857.5 | E25: =SUM('4.TL repayment sch'!E34:E45) -> 1621557.8 | F25: =SUM('4.TL repayment sch'!E46:E57) -> 1863724.6 | G25: =SUM('4.TL repayment sch'!E58:E69) -> 2142057 | H25: =SUM('4.TL repayment sch'!E70:E81) -> 2461956.1 | I25: =SUM('4.TL repayment sch'!E82:E93) -> 2829629.6
B26: LTL - Interest | C26: =SUM('4.TL repayment sch'!D10:D21) -> 1055990.3 | D26: =SUM('4.TL repayment sch'!D22:D33) -> 897091.96 | E26: =SUM('4.TL repayment sch'!D34:D45) -> 686391.63 | F26: =SUM('4.TL repayment sch'!D46:D57) -> 444224.89 | G26: =SUM('4.TL repayment sch'!D58:D69) -> 165892.48 | H26: =SUM('4.TL repayment sch'!D70:D81) -> -154006.65 | I26: =SUM('4.TL repayment sch'!D82:D93) -> -521680.18
B27: STL - Principal | C27: =C11 -> 2440098.8 | D27: =D11 -> 4265774.1 | E27: =E11 -> 5368976.6 | F27: =F11 -> 6571831.7 | G27: =G11 -> 7881549.7 | H27: =H11 -> 9301051.8 | I27: =I11 -> 10842800
B28: STL - Interest | C28: =C27*12% -> 292811.86 | D28: =D27*12% -> 511892.9 | E28: =E27*12% -> 644277.2 | F28: =F27*12% -> 788619.8 | G28: =G27*12% -> 945785.97 | H28: =H27*12% -> 1116126.2 | I28: =I27*12% -> 1301136
A29: 4 | B29: Tax | C29: ='6.Cons Profit & Loss'!B50 -> -82054.489 | D29: ='6.Cons Profit & Loss'!C50 -> 255705.64 | E29: ='6.Cons Profit & Loss'!D50 -> 847986.51 | F29: ='6.Cons Profit & Loss'!E50 -> 1484635.8 | G29: ='6.Cons Profit & Loss'!F50 -> 2171027.4 | H29: ='6.Cons Profit & Loss'!G50 -> 2949576 | I29: ='6.Cons Profit & Loss'!H50 -> 3717337.8
B30: Sub Total (B) | C30: =SUM(C15:C29) -> 76837758 | D30: =SUM(D15:D29) -> 68265198 | E30: =SUM(E15:E29) -> 85163580 | F30: =SUM(F15:F29) -> 1.0357286e+08 | G30: =SUM(G15:G29) -> 1.2360412e+08 | H30: =SUM(H15:H29) -> 1.4540724e+08 | I30: =SUM(I15:I29) -> 1.6900422e+08
B31: Net Cash Flow (A-B) | C31: =C12-C30 -> 2933646.3 | D31: =D12-D30 -> 2008537.8 | E31: =E12-E30 -> 3219712.1 | F31: =F12-F30 -> 4555262 | G31: =G12-G30 -> 6022350.3 | H31: =H12-H30 -> 7468276.4 | I31: =I12-I30 -> 9121183.4
B32: Opening Cash and Bank | D32: =C33 -> 2933646.3 | E32: =D33 -> 4942184.1 | F32: =E33 -> 8161896.3 | G32: =F33 -> 12717158 | H32: =G33 -> 18739509 | I32: =H33 -> 26207785
B33: Cumulative Cash Balance | C33: =C31+C32 -> 2933646.3 | D33: =D31+D32 -> 4942184.1 | E33: =E31+E32 -> 8161896.3 | F33: =F31+F32 -> 12717158 | G33: =G31+G32 -> 18739509 | H33: =H31+H32 -> 26207785 | I33: =I31+I32 -> 35328968
A35: A projected cash flow statement is used to evaluate cash inflows and outflows to deter. mine when, how much, and for how long cash deficits or surpluses will exist for a farm business during an upcoming time period.

Sheet 9. Financial indiacators
B5: 9.1 Internal Rate of Return
B7: Particular | C7: Y0 | D7: Y1 | E7: Y2 | F7: Y3 | G7: Y4 | H7: Y5 | I7: Y6 | J7: Y7
B9: Profit after Tax & Diivdend | D9: ='6.Cons Profit & Loss'!B51 -> 1533493.9 | E9: ='6.Cons Profit & Loss'!C51 -> 2197492.9 | F9: ='6.Cons Profit & Loss'!D51 -> 3619367.5 | G9: ='6.Cons Profit & Loss'!E51 -> 5197084.1 | H9: ='6.Cons Profit & Loss'!F51 -> 6942504.8 | I9: ='6.Cons Profit & Loss'!G51 -> 8973330.1 | J9: ='6.Cons Profit & Loss'!H51 -> 10993911
B11: Add: Deprication | D11: ='6.Cons Profit & Loss'!B42 -> 956902.47 | E11: ='6.Cons Profit & Loss'!C42 -> 956902.47 | F11: ='6.Cons Profit & Loss'!D42 -> 956902.47 | G11: ='6.Cons Profit & Loss'!E42 -> 956902.47 | H11: ='6.Cons Profit & Loss'!F42 -> 956902.47 | I11: ='6.Cons Profit & Loss'!G42 -> 956902.47 | J11: ='6.Cons Profit & Loss'!H42 -> 956902.47
B12: Add: Preliminary expense written off | D12: ='6.Cons Profit & Loss'!B43 -> 265000 | E12: ='6.Cons Profit & Loss'!C43 -> 265000 | F12: ='6.Cons Profit & Loss'!D43 -> 265000 | G12: ='6.Cons Profit & Loss'!E43 -> 265000 | H12: ='6.Cons Profit & Loss'!F43 -> 265000 | I12: ='6.Cons Profit & Loss'!G43 -> 0 | J12: ='6.Cons Profit & Loss'!H43 -> 0
B14: Net Cash Accrual (A) | D14: =SUM(D9:D12) -> 2755396.4 | E14: =SUM(E9:E12) -> 3419395.3 | F14: =SUM(F9:F12) -> 4841270 | G14: =SUM(G9:G12) -> 6418986.6 | H14: =SUM(H9:H12) -> 8164407.3 | I14: =SUM(I9:I12) -> 9930232.5 | J14: =SUM(J9:J12) -> 11950813
B15: Initial Investment/ Net Cash Accrual | C15: =-'1.Project Cost and MOF'!D12 -> -27716077 | D15: =D14 -> 2755396.4 | E15: =E14 -> 3419395.3 | F15: =F14 -> 4841270 | G15: =G14 -> 6418986.6 | H15: =H14 -> 8164407.3 | I15: =I14 -> 9930232.5 | J15: =J14 -> 11950813
B16: IRR | C16: =IRR(C15:J15) -> 0.12057922
B18: Present Value Equivalent | D18: =1/(1+$C$16) -> 0.89239563 | E18: =D18/(1+$C$16) -> 0.79636996 | F18: =E18/(1+$C$16) -> 0.71067707 | G18: =F18/(1+$C$16) -> 0.63420511 | H18: =G18/(1+$C$16) -> 0.56596186 | I18: =H18/(1+$C$16) -> 0.50506189 | J18: =I18/(1+$C$16) -> 0.45071502
B19: Presnt Value of Future Inflows | D19: =D14*D18 -> 2458903.7 | E19: =E14*E18 -> 2723103.7 | F19: =F14*F18 -> 3440579.5 | G19: =G14*G18 -> 4070954.1 | H19: =H14*H18 -> 4620743.2 | I19: =I14*I18 -> 5015382 | J19: =J14*J18 -> 5386411
B20: Operating Net Cash Inflow | D20: =SUM(D19:J19) -> 27716077
B22: Present Capital Outflow | D22: ='1.Project Cost and MOF'!D12 -> 27716077
F23: =D20-D22 -> 0
B24: The internal rate of return (IRR) is a ratio used in financial analysis to estimate the profitability of potential investments. IRR is a discount rate that makes the net present value (NPV) of all cash flows equal to zero in a discounted cash flow analysis.
B26: 9.2 Break even Point
B28: Particulars | C28: Y1 | D28: Y2 | E28: Y3 | F28: Y4 | G28: Y5 | H28: Y6 | I28: Y7
B30: Gross Receipts
B32: ='6.Cons Profit & Loss'!A8 -> Faclitiy 1 - Trading | C32: ='6.Cons Profit & Loss'!B8 -> 20551158 | D32: ='6.Cons Profit & Loss'!C8 -> 28089783 | E32: ='6.Cons Profit & Loss'!D8 -> 35451736 | F32: ='6.Cons Profit & Loss'!E8 -> 43479661 | G32: ='6.Cons Profit & Loss'!F8 -> 52221749 | H32: ='6.Cons Profit & Loss'!G8 -> 61729347 | I32: ='6.Cons Profit & Loss'!H8 -> 72057150
B33: ='6.Cons Profit & Loss'!A9 -> Faclitiy 2 - Processing Unit- Cleaning Grading | C33: ='6.Cons Profit & Loss'!B9 -> 27703270 | D33: ='6.Cons Profit & Loss'!C9 -> 36387279 | E33: ='6.Cons Profit & Loss'!D9 -> 45847971 | F33: ='6.Cons Profit & Loss'!E9 -> 56163765 | G33: ='6.Cons Profit & Loss'!F9 -> 67396518 | H33: ='6.Cons Profit & Loss'!G9 -> 79612137 | I33: ='6.Cons Profit & Loss'!H9 -> 92880826
B34: ='6.Cons Profit & Loss'!A10 -> Faclitiy 3 - Warehouse | C34: ='6.Cons Profit & Loss'!B10 -> 1360800 | D34: ='6.Cons Profit & Loss'!C10 -> 1530900 | E34: ='6.Cons Profit & Loss'!D10 -> 1714608 | F34: ='6.Cons Profit & Loss'!E10 -> 1912859.6 | G34: ='6.Cons Profit & Loss'!F10 -> 2126649.7 | H34: ='6.Cons Profit & Loss'!G10 -> 2232982.2 | I34: ='6.Cons Profit & Loss'!H10 -> 2344631.3
B35: ='6.Cons Profit & Loss'!A11 -> Faclitiy 4 - Custom Hiring | C35: ='6.Cons Profit & Loss'!B11 -> 0 | D35: ='6.Cons Profit & Loss'!C11 -> 0 | E35: ='6.Cons Profit & Loss'!D11 -> 0 | F35: ='6.Cons Profit & Loss'!E11 -> 0 | G35: ='6.Cons Profit & Loss'!F11 -> 0 | H35: ='6.Cons Profit & Loss'!G11 -> 0 | I35: ='6.Cons Profit & Loss'!H11 -> 0
B36: ='6.Cons Profit & Loss'!A12 -> Faclitiy 5 - Agri Input Centre | C36: ='6.Cons Profit & Loss'!B12 -> 0 | D36: ='6.Cons Profit & Loss'!C12 -> 0 | E36: ='6.Cons Profit & Loss'!D12 -> 0 | F36: ='6.Cons Profit & Loss'!E12 -> 0 | G36: ='6.Cons Profit & Loss'!F12 -> 0 | H36: ='6.Cons Profit & Loss'!G12 -> 0 | I36: ='6.Cons Profit & Loss'!H12 -> 0
B37: ='6.Cons Profit & Loss'!A13 -> Facility 6 - Processing Unit - Horti Commodity | C37: ='6.Cons Profit & Loss'!B13 -> 0 | D37: ='6.Cons Profit & Loss'!C13 -> 0 | E37: ='6.Cons Profit & Loss'!D13 -> 0 | F37: ='6.Cons Profit & Loss'!E13 -> 0 | G37: ='6.Cons Profit & Loss'!F13 -> 0 | H37: ='6.Cons Profit & Loss'!G13 -> 0 | I37: ='6.Cons Profit & Loss'!H13 -> 0
B39: Total Receipts | C39: =SUM(C32:C38) -> 49615228 | D39: =SUM(D32:D38) -> 66007961 | E39: =SUM(E32:E38) -> 83014316 | F39: =SUM(F32:F38) -> 1.0155629e+08 | G39: =SUM(G32:G38) -> 1.2174492e+08 | H39: =SUM(H32:H38) -> 1.4357447e+08 | I39: =SUM(I32:I38) -> 1.6728261e+08
B41: Total Variable Exp | C41: ='6.Cons Profit & Loss'!B25 -> 42119884 | D41: ='6.Cons Profit & Loss'!C25 -> 57277015 | E41: ='6.Cons Profit & Loss'!D25 -> 72165187 | F41: ='6.Cons Profit & Loss'!E25 -> 88399155 | G41: ='6.Cons Profit & Loss'!F25 -> 1.0607611e+08 | H41: ='6.Cons Profit & Loss'!G25 -> 1.2529976e+08 | I41: ='6.Cons Profit & Loss'!H25 -> 1.4618058e+08
B43: Contribution | C43: =C39-C41 -> 7495344.1 | D43: =D39-D41 -> 8730945.8 | E43: =E39-E41 -> 10849128 | F43: =F39-F41 -> 13157130 | G43: =G39-G41 -> 15668809 | H43: =H39-H41 -> 18274709 | I43: =I39-I41 -> 21102027
B45: Total Fixed exp | C45: ='6.Cons Profit & Loss'!B36+'6.Cons Profit & Loss'!B42+'6.Cons Profit & Loss'!B43 -> 4695102.5 | D45: ='6.Cons Profit & Loss'!C36+'6.Cons Profit & Loss'!C42+'6.Cons Profit & Loss'!C43 -> 4868762.5 | E45: ='6.Cons Profit & Loss'!D36+'6.Cons Profit & Loss'!D42+'6.Cons Profit & Loss'!D43 -> 5051105.5 | F45: ='6.Cons Profit & Loss'!E36+'6.Cons Profit & Loss'!E42+'6.Cons Profit & Loss'!E43 -> 5242565.6 | G45: ='6.Cons Profit & Loss'!F36+'6.Cons Profit & Loss'!F42+'6.Cons Profit & Loss'!F43 -> 5443598.8 | H45: ='6.Cons Profit & Loss'!G36+'6.Cons Profit & Loss'!G42+'6.Cons Profit & Loss'!G43 -> 5389683.6 | I45: ='6.Cons Profit & Loss'!H36+'6.Cons Profit & Loss'!H42+'6.Cons Profit & Loss'!H43 -> 5611322.6
B47: BEP | C47: =C45/C43 -> 0.62640253 | D47: =D45/D43 -> 0.55764433 | E47: =E45/E43 -> 0.46557708 | F47: =F45/F43 -> 0.39845814 | G47: =G45/G43 -> 0.34741624 | H47: =H45/H43 -> 0.29492582 | I47: =I45/I43 -> 0.26591392
B49: Average BEP | C49: =AVERAGE(C47:I47) -> 0.42233401
B51: Break-even point (BEP) is a term in accounting that refers to the situation where a company’s revenues and expenses were equal within a specific period. It means that there were no net profits or no net losses for the company The main purpose of break-even analysis is to determine the minimum output that must be exceeded for a business to profit.
B54: 9.3 Net Presnt Value
B56: Particular | C56: Y1 | D56: Y2 | E56: Y3 | F56: Y4 | G56: Y5 | H56: Y6 | I56: Y7
B58: Profit after Tax & Dividend | C58: ='6.Cons Profit & Loss'!B51 -> 1533493.9 | D58: ='6.Cons Profit & Loss'!C51 -> 2197492.9 | E58: ='6.Cons Profit & Loss'!D51 -> 3619367.5 | F58: ='6.Cons Profit & Loss'!E51 -> 5197084.1 | G58: ='6.Cons Profit & Loss'!F51 -> 6942504.8 | H58: ='6.Cons Profit & Loss'!G51 -> 8973330.1 | I58: ='6.Cons Profit & Loss'!H51 -> 10993911
B60: Add: Deprication | C60: ='6.Cons Profit & Loss'!B42 -> 956902.47 | D60: ='6.Cons Profit & Loss'!C42 -> 956902.47 | E60: ='6.Cons Profit & Loss'!D42 -> 956902.47 | F60: ='6.Cons Profit & Loss'!E42 -> 956902.47 | G60: ='6.Cons Profit & Loss'!F42 -> 956902.47 | H60: ='6.Cons Profit & Loss'!G42 -> 956902.47 | I60: ='6.Cons Profit & Loss'!H42 -> 956902.47
B61: Add. Preliminary exp Written off | C61: ='6.Cons Profit & Loss'!B43 -> 265000 | D61: ='6.Cons Profit & Loss'!C43 -> 265000 | E61: ='6.Cons Profit & Loss'!D43 -> 265000 | F61: ='6.Cons Profit & Loss'!E43 -> 265000 | G61: ='6.Cons Profit & Loss'!F43 -> 265000 | H61: ='6.Cons Profit & Loss'!G43 -> 0 | I61: ='6.Cons Profit & Loss'!H43 -> 0
B63: Net Cash Accrual (A) | C63: =SUM(C58:C61) -> 2755396.4 | D63: =SUM(D58:D61) -> 3419395.3 | E63: =SUM(E58:E61) -> 4841270 | F63: =SUM(F58:F61) -> 6418986.6 | G63: =SUM(G58:G61) -> 8164407.3 | H63: =SUM(H58:H61) -> 9930232.5 | I63: =SUM(I58:I61) -> 11950813
B65: PV Factor @ 10 % | C65: =1/1.1 -> 0.90909091 | D65: =C65/1.1 -> 0.82644628 | E65: =D65/1.1 -> 0.7513148 | F65: =E65/1.1 -> 0.68301346 | G65: =F65/1.1 -> 0.62092132 | H65: =G65/1.1 -> 0.56447393 | I65: =H65/1.1 -> 0.51315812
B67: Disc Cash Flow | C67: =C63*C65 -> 2504905.8 | D67: =D63*D65 -> 2825946.6 | E67: =E63*E65 -> 3637317.8 | F67: =F63*F65 -> 4384254.2 | G67: =G63*G65 -> 5069454.6 | H67: =H63*H65 -> 5605357.4 | I67: =I63*I65 -> 6132656.7
B69: Total Discounted Cash Flows | C69: =SUM(C67:I67) -> 30159893
B71: Present Value of Outflow | C71: ='1.Project Cost and MOF'!D12 -> 27716077
B73: NPV | C73: =C69-C71 -> 2443815.8
B75: Net present value is the present value of the cash flows at the required rate of return of your project compared to your initial investment. If the NPV of a project or investment is positive, it means that the discounted present value of all future cash flows related to that project or investment will be positive.
B76: 9.4 Return On Investments
B78: Particulars | C78: Y1 | D78: Y2 | E78: Y3 | F78: Y4 | G78: Y5 | H78: Y6 | I78: Y7
B80: Net Profit | C80: ='6.Cons Profit & Loss'!B51 -> 1533493.9 | D80: ='6.Cons Profit & Loss'!C51 -> 2197492.9 | E80: ='6.Cons Profit & Loss'!D51 -> 3619367.5 | F80: ='6.Cons Profit & Loss'!E51 -> 5197084.1 | G80: ='6.Cons Profit & Loss'!F51 -> 6942504.8 | H80: ='6.Cons Profit & Loss'!G51 -> 8973330.1 | I80: ='6.Cons Profit & Loss'!H51 -> 10993911
B82: Average net profit | C82: =AVERAGE(C80:I80) -> 5636740.6
B83: Total Project cost | C83: ='1.Project Cost and MOF'!D12 -> 27716077
B85: ROI | C85: =C82/C83 -> 0.2033744
B88: Return on investment (ROI) is a performance measure used to evaluate the efficiency or profitability of an investment
B90: 9.5 Payback Period (In years) - Project
B92: Particulars | C92: Y0 | D92: Y1 | E92: Y2 | F92: Y3 | G92: Y4 | H92: Y5 | I92: Y6 | J92: Y7
B94: Initial Investment | C94: ='1.Project Cost and MOF'!D12 -> 27716077
B95: =B58 -> Profit after Tax & Dividend | D95: ='6.Cons Profit & Loss'!B51 -> 1533493.9 | E95: ='6.Cons Profit & Loss'!C51 -> 2197492.9 | F95: ='6.Cons Profit & Loss'!D51 -> 3619367.5 | G95: ='6.Cons Profit & Loss'!E51 -> 5197084.1 | H95: ='6.Cons Profit & Loss'!F51 -> 6942504.8 | I95: ='6.Cons Profit & Loss'!G51 -> 8973330.1 | J95: ='6.Cons Profit & Loss'!H51 -> 10993911
B96: =B60 -> Add: Deprication | D96: ='6.Cons Profit & Loss'!B42 -> 956902.47 | E96: ='6.Cons Profit & Loss'!C42 -> 956902.47 | F96: ='6.Cons Profit & Loss'!D42 -> 956902.47 | G96: ='6.Cons Profit & Loss'!E42 -> 956902.47 | H96: ='6.Cons Profit & Loss'!F42 -> 956902.47 | I96: ='6.Cons Profit & Loss'!G42 -> 956902.47 | J96: ='6.Cons Profit & Loss'!H42 -> 956902.47
B97: =B61 -> Add. Preliminary exp Written off | D97: ='6.Cons Profit & Loss'!B43 -> 265000 | E97: ='6.Cons Profit & Loss'!C43 -> 265000 | F97: ='6.Cons Profit & Loss'!D43 -> 265000 | G97: ='6.Cons Profit & Loss'!E43 -> 265000 | H97: ='6.Cons Profit & Loss'!F43 -> 265000 | I97: ='6.Cons Profit & Loss'!G43 -> 0 | J97: ='6.Cons Profit & Loss'!H43 -> 0
B98: =B63 -> Net Cash Accrual (A) | D98: =SUM(D95:D97) -> 2755396.4 | E98: =SUM(E95:E97) -> 3419395.3 | F98: =SUM(F95:F97) -> 4841270 | G98: =SUM(G95:G97) -> 6418986.6 | H98: =SUM(H95:H97) -> 8164407.3 | I98: =SUM(I95:I97) -> 9930232.5 | J98: =SUM(J95:J97) -> 11950813
B99: Cashflow - Initial Investment | D99: =D98-C94 -> -24960681 | E99: =D99+E98 -> -21541286 | F99: =E99+F98 -> -16700016 | G99: =F99+G98 -> -10281029 | H99: =G99+H98 -> -2116621.7
B101: Payback period (in years) - Project | D101: =4+(-G99/H98) -> 5.2592499
B103: The payback period refers to the amount of time it takes to recover the cost of an investment
B105: 9.6 Debt Service Covergae Ratio (DSCR)
B107: Particulars | C107: Y1 | D107: Y2 | E107: Y3 | F107: Y4 | G107: Y5 | H107: Y6 | I107: Y7
B109: Net Operating Income | C109: ='6.Cons Profit & Loss'!B51 -> 1533493.9 | D109: ='6.Cons Profit & Loss'!C51 -> 2197492.9 | E109: ='6.Cons Profit & Loss'!D51 -> 3619367.5 | F109: ='6.Cons Profit & Loss'!E51 -> 5197084.1 | G109: ='6.Cons Profit & Loss'!F51 -> 6942504.8 | H109: ='6.Cons Profit & Loss'!G51 -> 8973330.1 | I109: ='6.Cons Profit & Loss'!H51 -> 10993911
B110: Add: Depreciation
B111: Add: Amortization
B112: Intwerest on TL
B113: Total | C113: =SUM(C109:C112) -> 1533493.9 | D113: =SUM(D109:D112) -> 2197492.9 | E113: =SUM(E109:E112) -> 3619367.5 | F113: =SUM(F109:F112) -> 5197084.1 | G113: =SUM(G109:G112) -> 6942504.8 | H113: =SUM(H109:H112) -> 8973330.1 | I113: =SUM(I109:I112) -> 10993911
B115: Total Annual EMI | C115: ='8.Cash Flow '!C25+'8.Cash Flow '!C26 -> 1691106.7 | D115: ='8.Cash Flow '!D25+'8.Cash Flow '!D26 -> 2307949.5 | E115: ='8.Cash Flow '!E25+'8.Cash Flow '!E26 -> 2307949.5 | F115: ='8.Cash Flow '!F25+'8.Cash Flow '!F26 -> 2307949.5 | G115: ='8.Cash Flow '!G25+'8.Cash Flow '!G26 -> 2307949.5 | H115: ='8.Cash Flow '!H25+'8.Cash Flow '!H26 -> 2307949.5 | I115: ='8.Cash Flow '!I25+'8.Cash Flow '!I26 -> 2307949.5
B117: Debt Service Coverage Ratio (DCSR) | C117: =C113/C115 -> 0.90679906 | D117: =D113/D115 -> 0.95214081 | E117: =E113/E115 -> 1.5682178 | F117: =F113/F115 -> 2.2518188 | G117: =G113/G115 -> 3.0080835 | H117: =H113/H115 -> 3.8880098 | I117: =I113/I115 -> 4.7634971
B119: Avergae DSCR | C119: =AVERAGE(C117:I117) -> 2.4769381
B121: the debt-service coverage ratio (DSCR) is a measurement of a firm's available cash flow to pay current debt obligations. The DSCR shows investors whether a company has enough income to pay its debts.
B123: 9.7 Sensitivity Analysis
B124: Quantity Variation (+5%) | C124: Y1 | D124: Y2 | E124: Y3 | F124: Y4 | G124: Y5 | H124: Y6 | I124: Y7
B125: ='6.Cons Profit & Loss'!A8 -> Faclitiy 1 - Trading | C125: ='6.Cons Profit & Loss'!B8*(1+$M$126) -> 21578716 | D125: ='6.Cons Profit & Loss'!C8*(1+$M$126) -> 29494272 | E125: ='6.Cons Profit & Loss'!D8*(1+$M$126) -> 37224323 | F125: ='6.Cons Profit & Loss'!E8*(1+$M$126) -> 45653644 | G125: ='6.Cons Profit & Loss'!F8*(1+$M$126) -> 54832837 | H125: ='6.Cons Profit & Loss'!G8*(1+$M$126) -> 64815814 | I125: ='6.Cons Profit & Loss'!H8*(1+$M$126) -> 75660007
B126: ='6.Cons Profit & Loss'!A9 -> Faclitiy 2 - Processing Unit- Cleaning Grading | C126: ='6.Cons Profit & Loss'!B9*(1+$M$126) -> 29088434 | D126: ='6.Cons Profit & Loss'!C9*(1+$M$126) -> 38206643 | E126: ='6.Cons Profit & Loss'!D9*(1+$M$126) -> 48140370 | F126: ='6.Cons Profit & Loss'!E9*(1+$M$126) -> 58971953 | G126: ='6.Cons Profit & Loss'!F9*(1+$M$126) -> 70766344 | H126: ='6.Cons Profit & Loss'!G9*(1+$M$126) -> 83592743 | I126: ='6.Cons Profit & Loss'!H9*(1+$M$126) -> 97524867 | L126: Quantity Variance | M126: 0.05
B127: ='6.Cons Profit & Loss'!A10 -> Faclitiy 3 - Warehouse | C127: ='6.Cons Profit & Loss'!B10*(1+$M$126) -> 1428840 | D127: ='6.Cons Profit & Loss'!C10*(1+$M$126) -> 1607445 | E127: ='6.Cons Profit & Loss'!D10*(1+$M$126) -> 1800338.4 | F127: ='6.Cons Profit & Loss'!E10*(1+$M$126) -> 2008502.5 | G127: ='6.Cons Profit & Loss'!F10*(1+$M$126) -> 2232982.2 | H127: ='6.Cons Profit & Loss'!G10*(1+$M$126) -> 2344631.3 | I127: ='6.Cons Profit & Loss'!H10*(1+$M$126) -> 2461862.9 | L127: Cost Variance | M127: 0.05
B128: ='6.Cons Profit & Loss'!A11 -> Faclitiy 4 - Custom Hiring | C128: ='6.Cons Profit & Loss'!B11*(1+$M$126) -> 0 | D128: ='6.Cons Profit & Loss'!C11*(1+$M$126) -> 0 | E128: ='6.Cons Profit & Loss'!D11*(1+$M$126) -> 0 | F128: ='6.Cons Profit & Loss'!E11*(1+$M$126) -> 0 | G128: ='6.Cons Profit & Loss'!F11*(1+$M$126) -> 0 | H128: ='6.Cons Profit & Loss'!G11*(1+$M$126) -> 0 | I128: ='6.Cons Profit & Loss'!H11*(1+$M$126) -> 0
B129: ='6.Cons Profit & Loss'!A12 -> Faclitiy 5 - Agri Input Centre | C129: ='6.Cons Profit & Loss'!B12*(1+$M$126) -> 0 | D129: ='6.Cons Profit & Loss'!C12*(1+$M$126) -> 0 | E129: ='6.Cons Profit & Loss'!D12*(1+$M$126) -> 0 | F129: ='6.Cons Profit & Loss'!E12*(1+$M$126) -> 0 | G129: ='6.Cons Profit & Loss'!F12*(1+$M$126) -> 0 | H129: ='6.Cons Profit & Loss'!G12*(1+$M$126) -> 0 | I129: ='6.Cons Profit & Loss'!H12*(1+$M$126) -> 0
B130: ='6.Cons Profit & Loss'!A13 -> Facility 6 - Processing Unit - Horti Commodity | C130: ='6.Cons Profit & Loss'!B13*(1+$M$126) -> 0 | D130: ='6.Cons Profit & Loss'!C13*(1+$M$126) -> 0 | E130: ='6.Cons Profit & Loss'!D13*(1+$M$126) -> 0 | F130: ='6.Cons Profit & Loss'!E13*(1+$M$126) -> 0 | G130: ='6.Cons Profit & Loss'!F13*(1+$M$126) -> 0 | H130: ='6.Cons Profit & Loss'!G13*(1+$M$126) -> 0 | I130: ='6.Cons Profit & Loss'!H13*(1+$M$126) -> 0
B131: ='6.Cons Profit & Loss'!A14 -> 0 | C131: ='6.Cons Profit & Loss'!B14*(1+$M$126) -> 0 | D131: ='6.Cons Profit & Loss'!C14*(1+$M$126) -> 0 | E131: ='6.Cons Profit & Loss'!D14*(1+$M$126) -> 0 | F131: ='6.Cons Profit & Loss'!E14*(1+$M$126) -> 0 | G131: ='6.Cons Profit & Loss'!F14*(1+$M$126) -> 0 | H131: ='6.Cons Profit & Loss'!G14*(1+$M$126) -> 0 | I131: ='6.Cons Profit & Loss'!H14*(1+$M$126) -> 0
B132: Total Income | C132: =SUM(C125:C131) -> 52095989 | D132: =SUM(D125:D131) -> 69308359 | E132: =SUM(E125:E131) -> 87165031 | F132: =SUM(F125:F131) -> 1.066341e+08 | G132: =SUM(G125:G131) -> 1.2783216e+08 | H132: =SUM(H125:H131) -> 1.5075319e+08 | I132: =SUM(I125:I131) -> 1.7564674e+08
B133: Expenditure
B134: Fixed Cost (Excl. of Depreciation, Amortization and Interest) | C134: ='6.Cons Profit & Loss'!B36 -> 3473200 | D134: ='6.Cons Profit & Loss'!C36 -> 3646860 | E134: ='6.Cons Profit & Loss'!D36 -> 3829203 | F134: ='6.Cons Profit & Loss'!E36 -> 4020663.2 | G134: ='6.Cons Profit & Loss'!F36 -> 4221696.3 | H134: ='6.Cons Profit & Loss'!G36 -> 4432781.1 | I134: ='6.Cons Profit & Loss'!H36 -> 4654420.2
B135: Variable Cost | C135: ='6.Cons Profit & Loss'!B25*(1+M126) -> 44225878 | D135: ='6.Cons Profit & Loss'!C25*(1+N126) -> 57277015 | E135: ='6.Cons Profit & Loss'!D25*(1+O126) -> 72165187 | F135: ='6.Cons Profit & Loss'!E25*(1+P126) -> 88399155 | G135: ='6.Cons Profit & Loss'!F25*(1+Q126) -> 1.0607611e+08 | H135: ='6.Cons Profit & Loss'!G25*(1+R126) -> 1.2529976e+08 | I135: ='6.Cons Profit & Loss'!H25*(1+S126) -> 1.4618058e+08
B136: Total Operational Expenses | C136: =SUM(C134:C135) -> 47699078 | D136: =SUM(D134:D135) -> 60923875 | E136: =SUM(E134:E135) -> 75994390 | F136: =SUM(F134:F135) -> 92419818 | G136: =SUM(G134:G135) -> 1.102978e+08 | H136: =SUM(H134:H135) -> 1.2973254e+08 | I136: =SUM(I134:I135) -> 1.50835e+08
B137: Net Income | C137: =+C132-C136 -> 4396911.3 | D137: =+D132-D136 -> 8384483.9 | E137: =+E132-E136 -> 11170641 | F137: =+F132-F136 -> 14214281 | G137: =+G132-G136 -> 17534359 | H137: =+H132-H136 -> 21020651 | I137: =+I132-I136 -> 24811737
B139: Cost Variation (+5%) | C139: Y1 | D139: Y2 | E139: Y3 | F139: Y4 | G139: Y5 | H139: Y6 | I139: Y7
B140: =B125 -> Faclitiy 1 - Trading | C140: ='6.Cons Profit & Loss'!B8 -> 20551158 | D140: ='6.Cons Profit & Loss'!C8 -> 28089783 | E140: ='6.Cons Profit & Loss'!D8 -> 35451736 | F140: ='6.Cons Profit & Loss'!E8 -> 43479661 | G140: ='6.Cons Profit & Loss'!F8 -> 52221749 | H140: ='6.Cons Profit & Loss'!G8 -> 61729347 | I140: ='6.Cons Profit & Loss'!H8 -> 72057150
B141: =B126 -> Faclitiy 2 - Processing Unit- Cleaning Grading | C141: ='6.Cons Profit & Loss'!B9 -> 27703270 | D141: ='6.Cons Profit & Loss'!C9 -> 36387279 | E141: ='6.Cons Profit & Loss'!D9 -> 45847971 | F141: ='6.Cons Profit & Loss'!E9 -> 56163765 | G141: ='6.Cons Profit & Loss'!F9 -> 67396518 | H141: ='6.Cons Profit & Loss'!G9 -> 79612137 | I141: ='6.Cons Profit & Loss'!H9 -> 92880826
B142: =B127 -> Faclitiy 3 - Warehouse | C142: ='6.Cons Profit & Loss'!B10 -> 1360800 | D142: ='6.Cons Profit & Loss'!C10 -> 1530900 | E142: ='6.Cons Profit & Loss'!D10 -> 1714608 | F142: ='6.Cons Profit & Loss'!E10 -> 1912859.6 | G142: ='6.Cons Profit & Loss'!F10 -> 2126649.7 | H142: ='6.Cons Profit & Loss'!G10 -> 2232982.2 | I142: ='6.Cons Profit & Loss'!H10 -> 2344631.3
B143: =B128 -> Faclitiy 4 - Custom Hiring | C143: ='6.Cons Profit & Loss'!B11 -> 0 | D143: ='6.Cons Profit & Loss'!C11 -> 0 | E143: ='6.Cons Profit & Loss'!D11 -> 0 | F143: ='6.Cons Profit & Loss'!E11 -> 0 | G143: ='6.Cons Profit & Loss'!F11 -> 0 | H143: ='6.Cons Profit & Loss'!G11 -> 0 | I143: ='6.Cons Profit & Loss'!H11 -> 0
B144: =B129 -> Faclitiy 5 - Agri Input Centre | C144: ='6.Cons Profit & Loss'!B12 -> 0 | D144: ='6.Cons Profit & Loss'!C12 -> 0 | E144: ='6.Cons Profit & Loss'!D12 -> 0 | F144: ='6.Cons Profit & Loss'!E12 -> 0 | G144: ='6.Cons Profit & Loss'!F12 -> 0 | H144: ='6.Cons Profit & Loss'!G12 -> 0 | I144: ='6.Cons Profit & Loss'!H12 -> 0
B145: =B130 -> Facility 6 - Processing Unit - Horti Commodity | C145: ='6.Cons Profit & Loss'!B13 -> 0 | D145: ='6.Cons Profit & Loss'!C13 -> 0 | E145: ='6.Cons Profit & Loss'!D13 -> 0 | F145: ='6.Cons Profit & Loss'!E13 -> 0 | G145: ='6.Cons Profit & Loss'!F13 -> 0 | H145: ='6.Cons Profit & Loss'!G13 -> 0 | I145: ='6.Cons Profit & Loss'!H13 -> 0
B146: =B131 -> 0 | C146: ='6.Cons Profit & Loss'!B14 -> 0 | D146: ='6.Cons Profit & Loss'!C14 -> 0 | E146: ='6.Cons Profit & Loss'!D14 -> 0 | F146: ='6.Cons Profit & Loss'!E14 -> 0 | G146: ='6.Cons Profit & Loss'!F14 -> 0 | H146: ='6.Cons Profit & Loss'!G14 -> 0 | I146: ='6.Cons Profit & Loss'!H14 -> 0
B147: Total Income | C147: =SUM(C140:C146) -> 49615228 | D147: =SUM(D140:D146) -> 66007961 | E147: =SUM(E140:E146) -> 83014316 | F147: =SUM(F140:F146) -> 1.0155629e+08 | G147: =SUM(G140:G146) -> 1.2174492e+08 | H147: =SUM(H140:H146) -> 1.4357447e+08 | I147: =SUM(I140:I146) -> 1.6728261e+08
B148: Expenditure
B149: Fixed Cost (Excl. of Depreciation, Amortization and Interest) | C149: ='6.Cons Profit & Loss'!B36 -> 3473200 | D149: ='6.Cons Profit & Loss'!C36 -> 3646860 | E149: ='6.Cons Profit & Loss'!D36 -> 3829203 | F149: ='6.Cons Profit & Loss'!E36 -> 4020663.2 | G149: ='6.Cons Profit & Loss'!F36 -> 4221696.3 | H149: ='6.Cons Profit & Loss'!G36 -> 4432781.1 | I149: ='6.Cons Profit & Loss'!H36 -> 4654420.2
B150: Variable Cost | C150: ='6.Cons Profit & Loss'!B25*(1+$M$127) -> 44225878 | D150: ='6.Cons Profit & Loss'!C25*(1+$M$127) -> 60140866 | E150: ='6.Cons Profit & Loss'!D25*(1+$M$127) -> 75773447 | F150: ='6.Cons Profit & Loss'!E25*(1+$M$127) -> 92819113 | G150: ='6.Cons Profit & Loss'!F25*(1+$M$127) -> 1.1137991e+08 | H150: ='6.Cons Profit & Loss'!G25*(1+$M$127) -> 1.3156474e+08 | I150: ='6.Cons Profit & Loss'!H25*(1+$M$127) -> 1.5348961e+08
B151: Total Operational Expenses | C151: =SUM(C149:C150) -> 47699078 | D151: =SUM(D149:D150) -> 63787726 | E151: =SUM(E149:E150) -> 79602650 | F151: =SUM(F149:F150) -> 96839776 | G151: =SUM(G149:G150) -> 1.1560161e+08 | H151: =SUM(H149:H150) -> 1.3599753e+08 | I151: =SUM(I149:I150) -> 1.5814403e+08
B152: Net Income | C152: =+C147-C151 -> 1916149.9 | D152: =+D147-D151 -> 2220235.1 | E152: =+E147-E151 -> 3411666 | F152: =+F147-F151 -> 4716509.3 | G152: =+G147-G151 -> 6143307.8 | H152: =+H147-H151 -> 7576940.2 | I152: =+I147-I151 -> 9138577.7
B154: Quantity Variation (-5%) | C154: Y1 | D154: Y2 | E154: Y3 | F154: Y4 | G154: Y5 | H154: Y6 | I154: Y7
...

Sheet 10.Grain Production details
A1: Grains Crops and Production Details
A3: 10.1 Details of members and non- members
A4: Particulars | B4: No.
A5: Total No.of Members Cultivating Grain Crops | B5: 1459
A6: Total No.of Non- members Cultivating Grain Crops | B6: 250
A7: Total | B7: =B5+B6 -> 1709
A8: Average Land Holding per Member (Acres) | B8: 2.58
A9: Total Cultivated Land under grain Crop(Acres) | B9: =B7*B8 -> 4409.22
J10: Input | O10: Trading | U10: Process | Y10: total | Z10: %
A11: 10.2 Statement Showing Area,production,productivity and marketable Surplus of Crops
J12: 0.65 | K12: =J12+0.05 -> 0.7 | L12: =K12+0.05 -> 0.75 | M12: =L12+0.05 -> 0.8 | N12: =M12+0.05 -> 0.85 | O12: 0.4 | P12: =O12+0.05 -> 0.45 | Q12: =P12+0.05 -> 0.5 | R12: =Q12+0.05 -> 0.55 | S12: =R12+0.05 -> 0.6 | T12: =S12+0.05 -> 0.65 | U12: 0.1 | V12: =U12+0.05 -> 0.15 | W12: =V12+0.05 -> 0.2 | X12: =W12+0.05 -> 0.25
A13: Season | B13: Crop | C13: Cultivation In (%) | D13: Total Land under Cultivaion ( In Acres) | E13: Yield/Acres (In Quintals) | F13: Total Production (In Quintals) | G13: Consumption in (%) | H13: Marketable Surplus ( In Quintals) | O13: Y1 | P13: Y2 | Q13: Y3 | R13: Y4 | S13: Y5 | T13: Y1 | U13: Y2 | V13: Y3 | W13: Y4 | X13: Y5
A14: Kharif | B14: Soybean | C14: 0.3 | D14: =$B$9*C14 -> 1322.766 | E14: 10 | F14: =D14*E14 -> 13227.66 | G14: 0.05 | H14: =(F14-F14*G14) -> 12566.277 | J14: =$D$14*J12 -> 859.7979 | K14: =$D$14*K12 -> 925.9362 | L14: =$D$14*L12 -> 992.0745 | M14: =$D$14*M12 -> 1058.2128 | N14: =$D$14*N12 -> 1124.3511
B15: Red Gram/Tur | C15: 0 | D15: =$B$9*C15 -> 0 | E15: 7 | F15: =D15*E15 -> 0 | G15: 0.05 | H15: =(F15-F15*G15) -> 0
B16: Paddy/Rice | C16: 0 | D16: =$B$9*C16 -> 0 | E16: 4 | F16: =D16*E16 -> 0 | G16: 0 | H16: =(F16-F16*G16) -> 0
B17: Green Gram/ Moong | C17: 0.15 | D17: =$B$9*C17 -> 661.383 | E17: 7 | F17: =D17*E17 -> 4629.681 | G17: 0.02 | H17: =(F17-F17*G17) -> 4537.0874
B18: Maize | C18: 0.4 | D18: =$B$9*C18 -> 1763.688 | E18: 20 | F18: =D18*E18 -> 35273.76 | G18: 0 | H18: =(F18-F18*G18) -> 35273.76
B19: Black Gram/Udid | C19: 0.1 | D19: =$B$9*C19 -> 440.922 | E19: 7 | F19: =D19*E19 -> 3086.454 | G19: 0.1 | H19: =(F19-F19*G19) -> 2777.8086
B20: Bajra | C20: 0 | D20: =$B$9*C20 -> 0 | E20: 6 | F20: =D20*E20 -> 0 | G20: 0.02 | H20: =(F20-F20*G20) -> 0
B21: Jawar | C21: 0 | D21: =$B$9*C21 -> 0 | F21: =D21*E21 -> 0 | G21: 0 | H21: =(F21-F21*G21) -> 0
B22: Sunflower | C22: 0 | D22: =$B$9*C22 -> 0 | F22: =D22*E22 -> 0 | G22: 0 | H22: =(F22-F22*G22) -> 0
A23: Area Under Rabbi Cultivation ( In Acres) | B23: 0.3 | C23: =B9*B23 -> 1322.766
A24: Rabbi | B24: Wheat | C24: 0.3 | D24: =C$23*C24 -> 396.8298 | E24: 10 | F24: =D24*E24 -> 3968.298 | G24: 0.1 | H24: =(F24-F24*G24) -> 3571.4682
B25: Bengal Gram/Channa | C25: 0.5 | D25: =C$23*C25 -> 661.383 | E25: 10 | F25: =D25*E25 -> 6613.83 | G25: 0.1 | H25: =(F25-F25*G25) -> 5952.447
B26: Jawar | C26: 0 | D26: =C$23*C26 -> 0 | E26: 10 | F26: =D26*E26 -> 0 | G26: 0.05 | H26: =(F26-F26*G26) -> 0
B27: Maize | C27: 0.2 | D27: =C$23*C27 -> 264.5532 | E27: 20 | F27: =D27*E27 -> 5291.064 | G27: 0 | H27: =(F27-F27*G27) -> 5291.064
B28: Safflower | C28: 0 | D28: =C$23*C28 -> 0 | F28: =D28*E28 -> 0 | G28: 0 | H28: =(F28-F28*G28) -> 0
C29: 0 | D29: =C$23*C29 -> 0 | F29: =D29*E29 -> 0 | G29: 0 | H29: =(F29-F29*G29) -> 0
C30: 0 | D30: =C$23*C30 -> 0 | F30: =D30*E30 -> 0 | G30: 0 | H30: =(F30-F30*G30) -> 0
C31: 0 | D31: =C$23*C31 -> 0 | F31: =D31*E31 -> 0 | G31: 0 | H31: =(F31-F31*G31) -> 0
A32: Area Under Summer Cultivation ( In Acres) | B32: 0.05 | C32: =B9*B32 -> 220.461
A33: Summer | B33: Groundnut | C33: 0 | D33: =C$32*C33 -> 0 | F33: =D33*E33 -> 0 | G33: 0 | H33: =(F33-F33*G33) -> 0
C34: 0 | D34: =C$32*C34 -> 0 | F34: =D34*E34 -> 0 | G34: 0 | H34: =(F34-F34*G34) -> 0
C35: 0 | D35: =C$32*C35 -> 0 | F35: =D35*E35 -> 0 | G35: 0 | H35: =(F35-F35*G35) -> 0
C36: 0 | D36: =C$32*C36 -> 0 | F36: =D36*E36 -> 0 | G36: 0 | H36: =(F36-F36*G36) -> 0
A37: Note- Please note the crops/fruits/vegetable grown in the FPC catchement which has marketable Surplus
A39: 10.3 Quantity of Marketable Surplus Produce Considered for Trading Business
A40: Particulars | B40: 0.2 | C40: =B40+0.05 -> 0.25 | D40: =C40+0.05 -> 0.3 | E40: =D40+0.05 -> 0.35 | F40: =E40+0.05 -> 0.4 | G40: =F40+0.05 -> 0.45 | H40: =G40+0.05 -> 0.5
B41: Y1 | C41: Y2 | D41: Y3 | E41: Y4 | F41: Y5 | G41: Y6 | H41: Y7
A42: =B14 -> Soybean | B42: =H14*$B$40 -> 2513.2554 | C42: =(B42/B$40)*C$40 -> 3141.5693 | D42: =(C42/C$40)*D$40 -> 3769.8831 | E42: =(D42/D$40)*E$40 -> 4398.1969 | F42: =(E42/E$40)*F$40 -> 5026.5108 | G42: =(F42/F$40)*G$40 -> 5654.8247 | H42: =(G42/G$40)*H$40 -> 6283.1385
A43: =B15 -> Red Gram/Tur | B43: =H15*$B$40 -> 0 | C43: =(B43/B$40)*C$40 -> 0 | D43: =(C43/C$40)*D$40 -> 0 | E43: =(D43/D$40)*E$40 -> 0 | F43: =(E43/E$40)*F$40 -> 0 | G43: =(F43/F$40)*G$40 -> 0 | H43: =(G43/G$40)*H$40 -> 0
A44: =B16 -> Paddy/Rice | B44: =H16*$B$40 -> 0 | C44: =(B44/B$40)*C$40 -> 0 | D44: =(C44/C$40)*D$40 -> 0 | E44: =(D44/D$40)*E$40 -> 0 | F44: =(E44/E$40)*F$40 -> 0 | G44: =(F44/F$40)*G$40 -> 0 | H44: =(G44/G$40)*H$40 -> 0
A45: =B17 -> Green Gram/ Moong | B45: =H17*$B$40 -> 907.41748 | C45: =(B45/B$40)*C$40 -> 1134.2718 | D45: =(C45/C$40)*D$40 -> 1361.1262 | E45: =(D45/D$40)*E$40 -> 1587.9806 | F45: =(E45/E$40)*F$40 -> 1814.835 | G45: =(F45/F$40)*G$40 -> 2041.6893 | H45: =(G45/G$40)*H$40 -> 2268.5437
A46: =B18 -> Maize | B46: =H18*$B$40 -> 7054.752 | C46: =(B46/B$40)*C$40 -> 8818.44 | D46: =(C46/C$40)*D$40 -> 10582.128 | E46: =(D46/D$40)*E$40 -> 12345.816 | F46: =(E46/E$40)*F$40 -> 14109.504 | G46: =(F46/F$40)*G$40 -> 15873.192 | H46: =(G46/G$40)*H$40 -> 17636.88
A47: =B19 -> Black Gram/Udid | B47: =H19*$B$40 -> 555.56172 | C47: =(B47/B$40)*C$40 -> 694.45215 | D47: =(C47/C$40)*D$40 -> 833.34258 | E47: =(D47/D$40)*E$40 -> 972.23301 | F47: =(E47/E$40)*F$40 -> 1111.1234 | G47: =(F47/F$40)*G$40 -> 1250.0139 | H47: =(G47/G$40)*H$40 -> 1388.9043
A48: =B20 -> Bajra | B48: =H20*$B$40 -> 0 | C48: =(B48/B$40)*C$40 -> 0 | D48: =(C48/C$40)*D$40 -> 0 | E48: =(D48/D$40)*E$40 -> 0 | F48: =(E48/E$40)*F$40 -> 0 | G48: =(F48/F$40)*G$40 -> 0 | H48: =(G48/G$40)*H$40 -> 0
A49: =B21 -> Jawar | B49: =H21*$B$40 -> 0 | C49: =(B49/B$40)*C$40 -> 0 | D49: =(C49/C$40)*D$40 -> 0 | E49: =(D49/D$40)*E$40 -> 0 | F49: =(E49/E$40)*F$40 -> 0 | G49: =(F49/F$40)*G$40 -> 0 | H49: =(G49/G$40)*H$40 -> 0
A50: =B22 -> Sunflower | B50: =H22*$B$40 -> 0 | C50: =(B50/B$40)*C$40 -> 0 | D50: =(C50/C$40)*D$40 -> 0 | E50: =(D50/D$40)*E$40 -> 0 | F50: =(E50/E$40)*F$40 -> 0 | G50: =(F50/F$40)*G$40 -> 0 | H50: =(G50/G$40)*H$40 -> 0
A51: =B24 -> Wheat | B51: =H24*$B$40 -> 714.29364 | C51: =(B51/B$40)*C$40 -> 892.86705 | D51: =(C51/C$40)*D$40 -> 1071.4405 | E51: =(D51/D$40)*E$40 -> 1250.0139 | F51: =(E51/E$40)*F$40 -> 1428.5873 | G51: =(F51/F$40)*G$40 -> 1607.1607 | H51: =(G51/G$40)*H$40 -> 1785.7341
A52: =B25 -> Bengal Gram/Channa | B52: =H25*$B$40 -> 1190.4894 | C52: =(B52/B$40)*C$40 -> 1488.1118 | D52: =(C52/C$40)*D$40 -> 1785.7341 | E52: =(D52/D$40)*E$40 -> 2083.3564 | F52: =(E52/E$40)*F$40 -> 2380.9788 | G52: =(F52/F$40)*G$40 -> 2678.6011 | H52: =(G52/G$40)*H$40 -> 2976.2235
A53: =B26 -> Jawar | B53: =H26*$B$40 -> 0 | C53: =(B53/B$40)*C$40 -> 0 | D53: =(C53/C$40)*D$40 -> 0 | E53: =(D53/D$40)*E$40 -> 0 | F53: =(E53/E$40)*F$40 -> 0 | G53: =(F53/F$40)*G$40 -> 0 | H53: =(G53/G$40)*H$40 -> 0
A54: =B27 -> Maize | B54: =H27*$B$40 -> 1058.2128 | C54: =(B54/B$40)*C$40 -> 1322.766 | D54: =(C54/C$40)*D$40 -> 1587.3192 | E54: =(D54/D$40)*E$40 -> 1851.8724 | F54: =(E54/E$40)*F$40 -> 2116.4256 | G54: =(F54/F$40)*G$40 -> 2380.9788 | H54: =(G54/G$40)*H$40 -> 2645.532
A55: =B28 -> Safflower | B55: =H28*$B$40 -> 0 | C55: =(B55/B$40)*C$40 -> 0 | D55: =(C55/C$40)*D$40 -> 0 | E55: =(D55/D$40)*E$40 -> 0 | F55: =(E55/E$40)*F$40 -> 0 | G55: =(F55/F$40)*G$40 -> 0 | H55: =(G55/G$40)*H$40 -> 0
A56: =B29 -> 0 | B56: =H29*$B$40 -> 0 | C56: =(B56/B$40)*C$40 -> 0 | D56: =(C56/C$40)*D$40 -> 0 | E56: =(D56/D$40)*E$40 -> 0 | F56: =(E56/E$40)*F$40 -> 0 | G56: =(F56/F$40)*G$40 -> 0 | H56: =(G56/G$40)*H$40 -> 0
A57: =B30 -> 0 | B57: =H30*$B$40 -> 0 | C57: =(B57/B$40)*C$40 -> 0 | D57: =(C57/C$40)*D$40 -> 0 | E57: =(D57/D$40)*E$40 -> 0 | F57: =(E57/E$40)*F$40 -> 0 | G57: =(F57/F$40)*G$40 -> 0 | H57: =(G57/G$40)*H$40 -> 0
A58: =B31 -> 0 | B58: =H31*$B$40 -> 0 | C58: =(B58/B$40)*C$40 -> 0 | D58: =(C58/C$40)*D$40 -> 0 | E58: =(D58/D$40)*E$40 -> 0 | F58: =(E58/E$40)*F$40 -> 0 | G58: =(F58/F$40)*G$40 -> 0 | H58: =(G58/G$40)*H$40 -> 0
A59: =B33 -> Groundnut | B59: =H33*$B$40 -> 0 | C59: =(B59/B$40)*C$40 -> 0 | D59: =(C59/C$40)*D$40 -> 0 | E59: =(D59/D$40)*E$40 -> 0 | F59: =(E59/E$40)*F$40 -> 0 | G59: =(F59/F$40)*G$40 -> 0 | H59: =(G59/G$40)*H$40 -> 0
A60: =B34 -> 0 | B60: =H34*$B$40 -> 0 | C60: =(B60/B$40)*C$40 -> 0 | D60: =(C60/C$40)*D$40 -> 0 | E60: =(D60/D$40)*E$40 -> 0 | F60: =(E60/E$40)*F$40 -> 0 | G60: =(F60/F$40)*G$40 -> 0 | H60: =(G60/G$40)*H$40 -> 0
A61: =B35 -> 0 | B61: =H35*$B$40 -> 0 | C61: =(B61/B$40)*C$40 -> 0 | D61: =(C61/C$40)*D$40 -> 0 | E61: =(D61/D$40)*E$40 -> 0 | F61: =(E61/E$40)*F$40 -> 0 | G61: =(F61/F$40)*G$40 -> 0 | H61: =(G61/G$40)*H$40 -> 0
A62: =B36 -> 0 | B62: =H36*$B$40 -> 0 | C62: =(B62/B$40)*C$40 -> 0 | D62: =(C62/C$40)*D$40 -> 0 | E62: =(D62/D$40)*E$40 -> 0 | F62: =(E62/E$40)*F$40 -> 0 | G62: =(F62/F$40)*G$40 -> 0 | H62: =(G62/G$40)*H$40 -> 0
A64: 10.4 Quantity of Marketable Surplus Produce Considered for Processing Business
A65: Particulars | B65: 0.2 | C65: =B65+0.05 -> 0.25 | D65: =C65+0.05 -> 0.3 | E65: =D65+0.05 -> 0.35 | F65: =E65+0.05 -> 0.4 | G65: =F65+0.05 -> 0.45 | H65: =G65+0.05 -> 0.5
B66: Y1 | C66: Y2 | D66: Y3 | E66: Y4 | F66: Y5 | G66: Y6 | H66: Y7
A67: =A42 -> Soybean | B67: =H14*$B$65 -> 2513.2554 | C67: =(B67/B$65)*C$65 -> 3141.5693 | D67: =(C67/C$65)*D$65 -> 3769.8831 | E67: =(D67/D$65)*E$65 -> 4398.1969 | F67: =(E67/E$65)*F$65 -> 5026.5108 | G67: =(F67/F$65)*G$65 -> 5654.8247 | H67: =(G67/G$65)*H$65 -> 6283.1385
A68: =A43 -> Red Gram/Tur | B68: =H15*$B$65 -> 0 | C68: =(B68/B$65)*C$65 -> 0 | D68: =(C68/C$65)*D$65 -> 0 | E68: =(D68/D$65)*E$65 -> 0 | F68: =(E68/E$65)*F$65 -> 0 | G68: =(F68/F$65)*G$65 -> 0 | H68: =(G68/G$65)*H$65 -> 0
A69: =A44 -> Paddy/Rice | B69: =H16*$B$65 -> 0 | C69: =(B69/B$65)*C$65 -> 0 | D69: =(C69/C$65)*D$65 -> 0 | E69: =(D69/D$65)*E$65 -> 0 | F69: =(E69/E$65)*F$65 -> 0 | G69: =(F69/F$65)*G$65 -> 0 | H69: =(G69/G$65)*H$65 -> 0
A70: =A45 -> Green Gram/ Moong | B70: =H17*$B$65 -> 907.41748 | C70: =(B70/B$65)*C$65 -> 1134.2718 | D70: =(C70/C$65)*D$65 -> 1361.1262 | E70: =(D70/D$65)*E$65 -> 1587.9806 | F70: =(E70/E$65)*F$65 -> 1814.835 | G70: =(F70/F$65)*G$65 -> 2041.6893 | H70: =(G70/G$65)*H$65 -> 2268.5437
A71: =A46 -> Maize | B71: =H18*$B$65 -> 7054.752 | C71: =(B71/B$65)*C$65 -> 8818.44 | D71: =(C71/C$65)*D$65 -> 10582.128 | E71: =(D71/D$65)*E$65 -> 12345.816 | F71: =(E71/E$65)*F$65 -> 14109.504 | G71: =(F71/F$65)*G$65 -> 15873.192 | H71: =(G71/G$65)*H$65 -> 17636.88
A72: =A47 -> Black Gram/Udid | B72: =H19*$B$65 -> 555.56172 | C72: =(B72/B$65)*C$65 -> 694.45215 | D72: =(C72/C$65)*D$65 -> 833.34258 | E72: =(D72/D$65)*E$65 -> 972.23301 | F72: =(E72/E$65)*F$65 -> 1111.1234 | G72: =(F72/F$65)*G$65 -> 1250.0139 | H72: =(G72/G$65)*H$65 -> 1388.9043
A73: =A48 -> Bajra | B73: =H20*$B$65 -> 0 | C73: =(B73/B$65)*C$65 -> 0 | D73: =(C73/C$65)*D$65 -> 0 | E73: =(D73/D$65)*E$65 -> 0 | F73: =(E73/E$65)*F$65 -> 0 | G73: =(F73/F$65)*G$65 -> 0 | H73: =(G73/G$65)*H$65 -> 0
A74: =A49 -> Jawar | B74: =H21*$B$65 -> 0 | C74: =(B74/B$65)*C$65 -> 0 | D74: =(C74/C$65)*D$65 -> 0 | E74: =(D74/D$65)*E$65 -> 0 | F74: =(E74/E$65)*F$65 -> 0 | G74: =(F74/F$65)*G$65 -> 0 | H74: =(G74/G$65)*H$65 -> 0
A75: =A50 -> Sunflower | B75: =H22*$B$65 -> 0 | C75: =(B75/B$65)*C$65 -> 0 | D75: =(C75/C$65)*D$65 -> 0 | E75: =(D75/D$65)*E$65 -> 0 | F75: =(E75/E$65)*F$65 -> 0 | G75: =(F75/F$65)*G$65 -> 0 | H75: =(G75/G$65)*H$65 -> 0
A76: =A51 -> Wheat | B76: =H24*$B$65 -> 714.29364 | C76: =(B76/B$65)*C$65 -> 892.86705 | D76: =(C76/C$65)*D$65 -> 1071.4405 | E76: =(D76/D$65)*E$65 -> 1250.0139 | F76: =(E76/E$65)*F$65 -> 1428.5873 | G76: =(F76/F$65)*G$65 -> 1607.1607 | H76: =(G76/G$65)*H$65 -> 1785.7341
A77: =A52 -> Bengal Gram/Channa | B77: =H25*$B$65 -> 1190.4894 | C77: =(B77/B$65)*C$65 -> 1488.1118 | D77: =(C77/C$65)*D$65 -> 1785.7341 | E77: =(D77/D$65)*E$65 -> 2083.3564 | F77: =(E77/E$65)*F$65 -> 2380.9788 | G77: =(F77/F$65)*G$65 -> 2678.6011 | H77: =(G77/G$65)*H$65 -> 2976.2235
A78: =A53 -> Jawar | B78: =H26*$B$65 -> 0 | C78: =(B78/B$65)*C$65 -> 0 | D78: =(C78/C$65)*D$65 -> 0 | E78: =(D78/D$65)*E$65 -> 0 | F78: =(E78/E$65)*F$65 -> 0 | G78: =(F78/F$65)*G$65 -> 0 | H78: =(G78/G$65)*H$65 -> 0
A79: =A54 -> Maize | B79: =H27*$B$65 -> 1058.2128 | C79: =(B79/B$65)*C$65 -> 1322.766 | D79: =(C79/C$65)*D$65 -> 1587.3192 | E79: =(D79/D$65)*E$65 -> 1851.8724 | F79: =(E79/E$65)*F$65 -> 2116.4256 | G79: =(F79/F$65)*G$65 -> 2380.9788 | H79: =(G79/G$65)*H$65 -> 2645.532
A80: =A55 -> Safflower | B80: =H28*$B$65 -> 0 | C80: =(B80/B$65)*C$65 -> 0 | D80: =(C80/C$65)*D$65 -> 0 | E80: =(D80/D$65)*E$65 -> 0 | F80: =(E80/E$65)*F$65 -> 0 | G80: =(F80/F$65)*G$65 -> 0 | H80: =(G80/G$65)*H$65 -> 0
A81: =A56 -> 0 | B81: =H29*$B$65 -> 0 | C81: =(B81/B$65)*C$65 -> 0 | D81: =(C81/C$65)*D$65 -> 0 | E81: =(D81/D$65)*E$65 -> 0 | F81: =(E81/E$65)*F$65 -> 0 | G81: =(F81/F$65)*G$65 -> 0 | H81: =(G81/G$65)*H$65 -> 0
A82: =A57 -> 0 | B82: =H30*$B$65 -> 0 | C82: =(B82/B$65)*C$65 -> 0 | D82: =(C82/C$65)*D$65 -> 0 | E82: =(D82/D$65)*E$65 -> 0 | F82: =(E82/E$65)*F$65 -> 0 | G82: =(F82/F$65)*G$65 -> 0 | H82: =(G82/G$65)*H$65 -> 0
A83: =A58 -> 0 | B83: =H31*$B$65 -> 0 | C83: =(B83/B$65)*C$65 -> 0 | D83: =(C83/C$65)*D$65 -> 0 | E83: =(D83/D$65)*E$65 -> 0 | F83: =(E83/E$65)*F$65 -> 0 | G83: =(F83/F$65)*G$65 -> 0 | H83: =(G83/G$65)*H$65 -> 0
A84: =A59 -> Groundnut | B84: =H33*$B$65 -> 0 | C84: =(B84/B$65)*C$65 -> 0 | D84: =(C84/C$65)*D$65 -> 0 | E84: =(D84/D$65)*E$65 -> 0 | F84: =(E84/E$65)*F$65 -> 0 | G84: =(F84/F$65)*G$65 -> 0 | H84: =(G84/G$65)*H$65 -> 0
A85: =A60 -> 0 | B85: =H34*$B$65 -> 0 | C85: =(B85/B$65)*C$65 -> 0 | D85: =(C85/C$65)*D$65 -> 0 | E85: =(D85/D$65)*E$65 -> 0 | F85: =(E85/E$65)*F$65 -> 0 | G85: =(F85/F$65)*G$65 -> 0 | H85: =(G85/G$65)*H$65 -> 0
A86: =A61 -> 0 | B86: =H35*$B$65 -> 0 | C86: =(B86/B$65)*C$65 -> 0 | D86: =(C86/C$65)*D$65 -> 0 | E86: =(D86/D$65)*E$65 -> 0 | F86: =(E86/E$65)*F$65 -> 0 | G86: =(F86/F$65)*G$65 -> 0 | H86: =(G86/G$65)*H$65 -> 0
A87: =A62 -> 0 | B87: =H36*$B$65 -> 0 | C87: =(B87/B$65)*C$65 -> 0 | D87: =(C87/C$65)*D$65 -> 0 | E87: =(D87/D$65)*E$65 -> 0 | F87: =(E87/E$65)*F$65 -> 0 | G87: =(F87/F$65)*G$65 -> 0 | H87: =(G87/G$65)*H$65 -> 0
A89: 10.5 Crop-wise Area Considered for Agri Input Service Centre
A90: Particulars | B90: 1e-10 | C90: 1e-10 | D90: 1e-10 | E90: 1e-10 | F90: 1e-10 | G90: 1e-10 | H90: 1e-10
B91: Y1 | C91: Y2 | D91: Y3 | E91: Y4 | F91: Y5 | G91: Y6 | H91: Y7
A92: =A67 -> Soybean
A93: =A68 -> Red Gram/Tur
A94: =A69 -> Paddy/Rice
A95: =A70 -> Green Gram/ Moong
A96: =A71 -> Maize
A97: =A72 -> Black Gram/Udid
A98: =A73 -> Bajra
A99: =A74 -> Jawar
A100: =A75 -> Sunflower
A101: =A76 -> Wheat
A102: =A77 -> Bengal Gram/Channa
A103: =A78 -> Jawar
... A106: =A81 -> 0
...

Sheet 11.F&V Crop Production details
A1: Fruit & Vegetables Crop Production Details
A3: 11.1 Details of members and non- members
A4: Particulars | B4: No.
A5: Total No.of Members Cultivating F & V
A6: Total No.of Non-members Cultivating F & V
A7: Total | B7: =B5+B6 -> 0
A8: Average Land Holding per member(Acres) | B8: 1
A9: Total Cultivated Land Under F & V (Acres) | B9: =B7*B8 -> 0
J10: Input | O10: Trading | U10: Process | Y10: total | Z10: %
A11: 11.2 Statement Showing Area,production,productivity and marketable Surplus of Crops
J12: 0.65 | K12: =J12+0.05 -> 0.7 | L12: =K12+0.05 -> 0.75 | M12: =L12+0.05 -> 0.8 | N12: =M12+0.05 -> 0.85 | O12: 0.4 | P12: =O12+0.05 -> 0.45 | Q12: =P12+0.05 -> 0.5 | R12: =Q12+0.05 -> 0.55 | S12: =R12+0.05 -> 0.6 | T12: =S12+0.05 -> 0.65 | U12: 0.1 | V12: =U12+0.05 -> 0.15 | W12: =V12+0.05 -> 0.2 | X12: =W12+0.05 -> 0.25
A13: Season | B13: Crop | C13: Cultivation In (%) | D13: Total Land under Cultivaion ( In Acres) | E13: Yield/Acres (In Quintals) | F13: Total Production (In Quintals) | G13: Consumption in (%) | H13: Marketable Surplus ( In Quintals) | O13: Y1 | P13: Y2 | Q13: Y3 | R13: Y4 | S13: Y5 | T13: Y1 | U13: Y2 | V13: Y3 | W13: Y4 | X13: Y5
A14: Kharif | B14: Onion | C14: 0 | D14: =$B$9*C14 -> 0 | E14: 15 | F14: =D14*E14 -> 0 | G14: 0.1 | H14: =(F14-F14*G14) -> 0 | J14: =$D$14*J12 -> 0 | K14: =$D$14*K12 -> 0 | L14: =$D$14*L12 -> 0 | M14: =$D$14*M12 -> 0 | N14: =$D$14*N12 -> 0
B15: Tomato | C15: 0 | D15: =$B$9*C15 -> 0 | E15: 7 | F15: =D15*E15 -> 0 | G15: 0.05 | H15: =(F15-F15*G15) -> 0
B16: Okra | C16: 0 | D16: =$B$9*C16 -> 0 | E16: 4 | F16: =D16*E16 -> 0 | G16: 0 | H16: =(F16-F16*G16) -> 0
B17: Chilli | C17: 0 | D17: =$B$9*C17 -> 0 | E17: 7 | F17: =D17*E17 -> 0 | G17: 0.02 | H17: =(F17-F17*G17) -> 0
B18: Potato | C18: 0 | D18: =$B$9*C18 -> 0 | E18: 20 | F18: =D18*E18 -> 0 | G18: 0 | H18: =(F18-F18*G18) -> 0
C19: 0 | D19: =$B$9*C19 -> 0 | E19: 7 | F19: =D19*E19 -> 0 | G19: 0.1 | H19: =(F19-F19*G19) -> 0
C20: 0 | D20: =$B$9*C20 -> 0 | E20: 6 | F20: =D20*E20 -> 0 | G20: 0.02 | H20: =(F20-F20*G20) -> 0
C21: 0 | D21: =$B$9*C21 -> 0 | F21: =D21*E21 -> 0 | G21: 0 | H21: =(F21-F21*G21) -> 0
C22: 0 | D22: =$B$9*C22 -> 0 | F22: =D22*E22 -> 0 | G22: 0 | H22: =(F22-F22*G22) -> 0
A23: Area Under Vegetables in Rabbi Season ( In Acres) | C23: =B9*B23 -> 0
A24: Rabbi | B24: Onion | C24: 0 | D24: =C$23*C24 -> 0 | E24: 10 | F24: =D24*E24 -> 0 | G24: 0.1 | H24: =(F24-F24*G24) -> 0
B25: Tomato | C25: 0 | D25: =C$23*C25 -> 0 | E25: 10 | F25: =D25*E25 -> 0 | G25: 0.1 | H25: =(F25-F25*G25) -> 0
B26: Okra | C26: 0 | D26: =C$23*C26 -> 0 | E26: 10 | F26: =D26*E26 -> 0 | G26: 0.05 | H26: =(F26-F26*G26) -> 0
B27: Chilli | C27: 0 | D27: =C$23*C27 -> 0 | E27: 20 | F27: =D27*E27 -> 0 | G27: 0 | H27: =(F27-F27*G27) -> 0
B28: Brinjal | C28: 0 | D28: =C$23*C28 -> 0 | F28: =D28*E28 -> 0 | G28: 0 | H28: =(F28-F28*G28) -> 0
C29: 0 | D29: =C$23*C29 -> 0 | F29: =D29*E29 -> 0 | G29: 0 | H29: =(F29-F29*G29) -> 0
C30: 0 | D30: =C$23*C30 -> 0 | F30: =D30*E30 -> 0 | G30: 0 | H30: =(F30-F30*G30) -> 0
C31: 0 | D31: =C$23*C31 -> 0 | F31: =D31*E31 -> 0 | G31: 0 | H31: =(F31-F31*G31) -> 0
A32: Area Under Vegetables in Summer Season ( In Acres) | C32: =B9*B32 -> 0
A33: Summer | C33: 0 | D33: =C$32*C33 -> 0 | F33: =D33*E33 -> 0 | G33: 0 | H33: =(F33-F33*G33) -> 0
C34: 0 | D34: =C$32*C34 -> 0 | F34: =D34*E34 -> 0 | G34: 0 | H34: =(F34-F34*G34) -> 0
C35: 0 | D35: =C$32*C35 -> 0 | F35: =D35*E35 -> 0 | G35: 0 | H35: =(F35-F35*G35) -> 0
C36: 0 | D36: =C$32*C36 -> 0 | F36: =D36*E36 -> 0 | G36: 0 | H36: =(F36-F36*G36) -> 0
A37: Area Under Fruit Crops ( In Acres) | B37: Pomegranate | C37: 0 | D37: =$B$9*C37 -> 0 | E37: 6 | F37: =D37*E37 -> 0 | G37: 0.05 | H37: =(F37-F37*G37) -> 0
B38: Custard Apple | C38: 0 | D38: =$B$9*C38 -> 0 | F38: =D38*E38 -> 0 | G38: 0 | H38: =(F38-F38*G38) -> 0
B39: Guava | C39: 0 | D39: =$B$9*C39 -> 0 | F39: =D39*E39 -> 0 | G39: 0 | H39: =(F39-F39*G39) -> 0
B40: Citrus | C40: 0 | D40: =$B$9*C40 -> 0 | F40: =D40*E40 -> 0 | G40: 0 | H40: =(F40-F40*G40) -> 0
A41: Note- Please note the crops/fruits/vegetable grown in the FPC catchement which has marketable Surplus
A43: 11.3 Quantity of Marketable Surplus Produce Considered for Trading Business
A44: Particulars | B44: 0.35 | C44: =B44+0.05 -> 0.4 | D44: =C44+0.05 -> 0.45 | E44: =D44+0.05 -> 0.5 | F44: =E44+0.05 -> 0.55 | G44: =F44+0.05 -> 0.6 | H44: =G44+0.05 -> 0.65
B45: Y1 | C45: Y2 | D45: Y3 | E45: Y4 | F45: Y5 | G45: Y6 | H45: Y7
A46: =B14 -> Onion | B46: =H14*$B$44 -> 0 | C46: =(B46/B$44)*C$44 -> 0 | D46: =(C46/C$44)*D$44 -> 0 | E46: =(D46/D$44)*E$44 -> 0 | F46: =(E46/E$44)*F$44 -> 0 | G46: =(F46/F$44)*G$44 -> 0 | H46: =(G46/G$44)*H$44 -> 0
A47: =B15 -> Tomato | B47: =H15*$B$44 -> 0 | C47: =(B47/B$44)*C$44 -> 0 | D47: =(C47/C$44)*D$44 -> 0 | E47: =(D47/D$44)*E$44 -> 0 | F47: =(E47/E$44)*F$44 -> 0 | G47: =(F47/F$44)*G$44 -> 0 | H47: =(G47/G$44)*H$44 -> 0
A48: =B16 -> Okra | B48: =H16*$B$44 -> 0 | C48: =(B48/B$44)*C$44 -> 0 | D48: =(C48/C$44)*D$44 -> 0 | E48: =(D48/D$44)*E$44 -> 0 | F48: =(E48/E$44)*F$44 -> 0 | G48: =(F48/F$44)*G$44 -> 0 | H48: =(G48/G$44)*H$44 -> 0
A49: =B17 -> Chilli | B49: =H17*$B$44 -> 0 | C49: =(B49/B$44)*C$44 -> 0 | D49: =(C49/C$44)*D$44 -> 0 | E49: =(D49/D$44)*E$44 -> 0 | F49: =(E49/E$44)*F$44 -> 0 | G49: =(F49/F$44)*G$44 -> 0 | H49: =(G49/G$44)*H$44 -> 0
A50: =B18 -> Potato | B50: =H18*$B$44 -> 0 | C50: =(B50/B$44)*C$44 -> 0 | D50: =(C50/C$44)*D$44 -> 0 | E50: =(D50/D$44)*E$44 -> 0 | F50: =(E50/E$44)*F$44 -> 0 | G50: =(F50/F$44)*G$44 -> 0 | H50: =(G50/G$44)*H$44 -> 0
A51: =B19 -> 0 | B51: =H19*$B$44 -> 0 | C51: =(B51/B$44)*C$44 -> 0 | D51: =(C51/C$44)*D$44 -> 0 | E51: =(D51/D$44)*E$44 -> 0 | F51: =(E51/E$44)*F$44 -> 0 | G51: =(F51/F$44)*G$44 -> 0 | H51: =(G51/G$44)*H$44 -> 0
A52: =B20 -> 0 | B52: =H20*$B$44 -> 0 | C52: =(B52/B$44)*C$44 -> 0 | D52: =(C52/C$44)*D$44 -> 0 | E52: =(D52/D$44)*E$44 -> 0 | F52: =(E52/E$44)*F$44 -> 0 | G52: =(F52/F$44)*G$44 -> 0 | H52: =(G52/G$44)*H$44 -> 0
A53: =B21 -> 0 | B53: =H21*$B$44 -> 0 | C53: =(B53/B$44)*C$44 -> 0 | D53: =(C53/C$44)*D$44 -> 0 | E53: =(D53/D$44)*E$44 -> 0 | F53: =(E53/E$44)*F$44 -> 0 | G53: =(F53/F$44)*G$44 -> 0 | H53: =(G53/G$44)*H$44 -> 0
A54: =B22 -> 0 | B54: =H22*$B$44 -> 0 | C54: =(B54/B$44)*C$44 -> 0 | D54: =(C54/C$44)*D$44 -> 0 | E54: =(D54/D$44)*E$44 -> 0 | F54: =(E54/E$44)*F$44 -> 0 | G54: =(F54/F$44)*G$44 -> 0 | H54: =(G54/G$44)*H$44 -> 0
A55: =B24 -> Onion | B55: =H24*$B$44 -> 0 | C55: =(B55/B$44)*C$44 -> 0 | D55: =(C55/C$44)*D$44 -> 0 | E55: =(D55/D$44)*E$44 -> 0 | F55: =(E55/E$44)*F$44 -> 0 | G55: =(F55/F$44)*G$44 -> 0 | H55: =(G55/G$44)*H$44 -> 0
A56: =B25 -> Tomato | B56: =H25*$B$44 -> 0 | C56: =(B56/B$44)*C$44 -> 0 | D56: =(C56/C$44)*D$44 -> 0 | E56: =(D56/D$44)*E$44 -> 0 | F56: =(E56/E$44)*F$44 -> 0 | G56: =(F56/F$44)*G$44 -> 0 | H56: =(G56/G$44)*H$44 -> 0
A57: =B26 -> Okra | B57: =H26*$B$44 -> 0 | C57: =(B57/B$44)*C$44 -> 0 | D57: =(C57/C$44)*D$44 -> 0 | E57: =(D57/D$44)*E$44 -> 0 | F57: =(E57/E$44)*F$44 -> 0 | G57: =(F57/F$44)*G$44 -> 0 | H57: =(G57/G$44)*H$44 -> 0
A58: =B27 -> Chilli | B58: =H27*$B$44 -> 0 | C58: =(B58/B$44)*C$44 -> 0 | D58: =(C58/C$44)*D$44 -> 0 | E58: =(D58/D$44)*E$44 -> 0 | F58: =(E58/E$44)*F$44 -> 0 | G58: =(F58/F$44)*G$44 -> 0 | H58: =(G58/G$44)*H$44 -> 0
A59: =B28 -> Brinjal | B59: =H28*$B$44 -> 0 | C59: =(B59/B$44)*C$44 -> 0 | D59: =(C59/C$44)*D$44 -> 0 | E59: =(D59/D$44)*E$44 -> 0 | F59: =(E59/E$44)*F$44 -> 0 | G59: =(F59/F$44)*G$44 -> 0 | H59: =(G59/G$44)*H$44 -> 0
A60: =B29 -> 0 | B60: =H29*$B$44 -> 0 | C60: =(B60/B$44)*C$44 -> 0 | D60: =(C60/C$44)*D$44 -> 0 | E60: =(D60/D$44)*E$44 -> 0 | F60: =(E60/E$44)*F$44 -> 0 | G60: =(F60/F$44)*G$44 -> 0 | H60: =(G60/G$44)*H$44 -> 0
A61: =B30 -> 0 | B61: =H30*$B$44 -> 0 | C61: =(B61/B$44)*C$44 -> 0 | D61: =(C61/C$44)*D$44 -> 0 | E61: =(D61/D$44)*E$44 -> 0 | F61: =(E61/E$44)*F$44 -> 0 | G61: =(F61/F$44)*G$44 -> 0 | H61: =(G61/G$44)*H$44 -> 0
A62: =B31 -> 0 | B62: =H31*$B$44 -> 0 | C62: =(B62/B$44)*C$44 -> 0 | D62: =(C62/C$44)*D$44 -> 0 | E62: =(D62/D$44)*E$44 -> 0 | F62: =(E62/E$44)*F$44 -> 0 | G62: =(F62/F$44)*G$44 -> 0 | H62: =(G62/G$44)*H$44 -> 0
A63: =B33 -> 0 | B63: =H33*$B$44 -> 0 | C63: =(B63/B$44)*C$44 -> 0 | D63: =(C63/C$44)*D$44 -> 0 | E63: =(D63/D$44)*E$44 -> 0 | F63: =(E63/E$44)*F$44 -> 0 | G63: =(F63/F$44)*G$44 -> 0 | H63: =(G63/G$44)*H$44 -> 0
A64: =B34 -> 0 | B64: =H34*$B$44 -> 0 | C64: =(B64/B$44)*C$44 -> 0 | D64: =(C64/C$44)*D$44 -> 0 | E64: =(D64/D$44)*E$44 -> 0 | F64: =(E64/E$44)*F$44 -> 0 | G64: =(F64/F$44)*G$44 -> 0 | H64: =(G64/G$44)*H$44 -> 0
A65: =B35 -> 0 | B65: =H35*$B$44 -> 0 | C65: =(B65/B$44)*C$44 -> 0 | D65: =(C65/C$44)*D$44 -> 0 | E65: =(D65/D$44)*E$44 -> 0 | F65: =(E65/E$44)*F$44 -> 0 | G65: =(F65/F$44)*G$44 -> 0 | H65: =(G65/G$44)*H$44 -> 0
A66: =B36 -> 0 | B66: =H36*$B$44 -> 0 | C66: =(B66/B$44)*C$44 -> 0 | D66: =(C66/C$44)*D$44 -> 0 | E66: =(D66/D$44)*E$44 -> 0 | F66: =(E66/E$44)*F$44 -> 0 | G66: =(F66/F$44)*G$44 -> 0 | H66: =(G66/G$44)*H$44 -> 0
A67: =B37 -> Pomegranate | B67: =H37*$B$44 -> 0 | C67: =(B67/B$44)*C$44 -> 0 | D67: =(C67/C$44)*D$44 -> 0 | E67: =(D67/D$44)*E$44 -> 0 | F67: =(E67/E$44)*F$44 -> 0 | G67: =(F67/F$44)*G$44 -> 0 | H67: =(G67/G$44)*H$44 -> 0
A68: =B38 -> Custard Apple | B68: =H38*$B$44 -> 0 | C68: =(B68/B$44)*C$44 -> 0 | D68: =(C68/C$44)*D$44 -> 0 | E68: =(D68/D$44)*E$44 -> 0 | F68: =(E68/E$44)*F$44 -> 0 | G68: =(F68/F$44)*G$44 -> 0 | H68: =(G68/G$44)*H$44 -> 0
A69: =B39 -> Guava | B69: =H39*$B$44 -> 0 | C69: =(B69/B$44)*C$44 -> 0 | D69: =(C69/C$44)*D$44 -> 0 | E69: =(D69/D$44)*E$44 -> 0 | F69: =(E69/E$44)*F$44 -> 0 | G69: =(F69/F$44)*G$44 -> 0 | H69: =(G69/G$44)*H$44 -> 0
A70: =B40 -> Citrus | B70: =H40*$B$44 -> 0 | C70: =(B70/B$44)*C$44 -> 0 | D70: =(C70/C$44)*D$44 -> 0 | E70: =(D70/D$44)*E$44 -> 0 | F70: =(E70/E$44)*F$44 -> 0 | G70: =(F70/F$44)*G$44 -> 0 | H70: =(G70/G$44)*H$44 -> 0
A71: 11.4 Quantity of Marketable Surplus Produce Considered for Processing Business
A72: Particulars | B72: 0.05 | C72: =B72+0.05 -> 0.1 | D72: =C72+0.05 -> 0.15 | E72: =D72+0.05 -> 0.2 | F72: =E72+0.05 -> 0.25 | G72: =F72+0.05 -> 0.3 | H72: =G72+0.05 -> 0.35
B73: Y1 | C73: Y2 | D73: Y3 | E73: Y4 | F73: Y5 | G73: Y6 | H73: Y7
A74: =A46 -> Onion | B74: =H14*$B$72 -> 0 | C74: =I14*$B$72 -> 0 | D74: =J14*$B$72 -> 0 | E74: =K14*$B$72 -> 0 | F74: =L14*$B$72 -> 0 | G74: =M14*$B$72 -> 0 | H74: =N14*$B$72 -> 0
A75: =A47 -> Tomato | B75: =H15*$B$72*0 -> 0 | C75: =(B75/B72)*C72 -> 0 | D75: =(C75/C72)*D72 -> 0 | E75: =(D75/D72)*E72 -> 0 | F75: =(E75/E72)*F72 -> 0 | G75: =(F75/F72)*G72 -> 0 | H75: =(G75/G72)*H72 -> 0
A76: =A48 -> Okra | B76: =H16*$B$72 -> 0 | C76: =(B76/B72)*C72 -> 0 | D76: =(C76/C72)*D72 -> 0 | E76: =(D76/D72)*E72 -> 0 | F76: =(E76/E72)*F72 -> 0 | G76: =(F76/F72)*G72 -> 0 | H76: =(G76/G72)*H72 -> 0
A77: =A49 -> Chilli | B77: =H17*$B$72*0 -> 0 | C77: =(B77/B$72)*C$72 -> 0 | D77: =(C77/C$72)*D$72 -> 0 | E77: =(D77/D$72)*E$72 -> 0 | F77: =(E77/E$72)*F$72 -> 0 | G77: =(F77/F$72)*G$72 -> 0 | H77: =(G77/G$72)*H$72 -> 0
A78: =A50 -> Potato | B78: =H18*$B$72 -> 0 | C78: =(B78/B$72)*C$72 -> 0 | D78: =(C78/C$72)*D$72 -> 0 | E78: =(D78/D$72)*E$72 -> 0 | F78: =(E78/E$72)*F$72 -> 0 | G78: =(F78/F$72)*G$72 -> 0 | H78: =(G78/G$72)*H$72 -> 0
A79: =A51 -> 0 | B79: =H19*$B$72*0 -> 0 | C79: =(B79/B$72)*C$72 -> 0 | D79: =(C79/C$72)*D$72 -> 0 | E79: =(D79/D$72)*E$72 -> 0 | F79: =(E79/E$72)*F$72 -> 0 | G79: =(F79/F$72)*G$72 -> 0 | H79: =(G79/G$72)*H$72 -> 0
A80: =A52 -> 0 | B80: =H20*$B$72*0 -> 0 | C80: =(B80/B$72)*C$72 -> 0 | D80: =(C80/C$72)*D$72 -> 0 | E80: =(D80/D$72)*E$72 -> 0 | F80: =(E80/E$72)*F$72 -> 0 | G80: =(F80/F$72)*G$72 -> 0 | H80: =(G80/G$72)*H$72 -> 0
A81: =A53 -> 0 | B81: =H21*$B$72 -> 0 | C81: =(B81/B$72)*C$72 -> 0 | D81: =(C81/C$72)*D$72 -> 0 | E81: =(D81/D$72)*E$72 -> 0 | F81: =(E81/E$72)*F$72 -> 0 | G81: =(F81/F$72)*G$72 -> 0 | H81: =(G81/G$72)*H$72 -> 0
A82: =A54 -> 0 | B82: =H22*$B$72 -> 0 | C82: =(B82/B$72)*C$72 -> 0 | D82: =(C82/C$72)*D$72 -> 0 | E82: =(D82/D$72)*E$72 -> 0 | F82: =(E82/E$72)*F$72 -> 0 | G82: =(F82/F$72)*G$72 -> 0 | H82: =(G82/G$72)*H$72 -> 0
A83: =A55 -> Onion | B83: =H24*$B$72 -> 0 | C83: =(B83/B$72)*C$72 -> 0 | D83: =(C83/C$72)*D$72 -> 0 | E83: =(D83/D$72)*E$72 -> 0 | F83: =(E83/E$72)*F$72 -> 0 | G83: =(F83/F$72)*G$72 -> 0 | H83: =(G83/G$72)*H$72 -> 0
A84: =A56 -> Tomato | B84: =H25*$B$72 -> 0 | C84: =(B84/B$72)*C$72 -> 0 | D84: =(C84/C$72)*D$72 -> 0 | E84: =(D84/D$72)*E$72 -> 0 | F84: =(E84/E$72)*F$72 -> 0 | G84: =(F84/F$72)*G$72 -> 0 | H84: =(G84/G$72)*H$72 -> 0
A85: =A57 -> Okra | B85: =H26*$B$72 -> 0 | C85: =(B85/B$72)*C$72 -> 0 | D85: =(C85/C$72)*D$72 -> 0 | E85: =(D85/D$72)*E$72 -> 0 | F85: =(E85/E$72)*F$72 -> 0 | G85: =(F85/F$72)*G$72 -> 0 | H85: =(G85/G$72)*H$72 -> 0
A86: =A58 -> Chilli | B86: =H27*$B$72 -> 0 | C86: =(B86/B$72)*C$72 -> 0 | D86: =(C86/C$72)*D$72 -> 0 | E86: =(D86/D$72)*E$72 -> 0 | F86: =(E86/E$72)*F$72 -> 0 | G86: =(F86/F$72)*G$72 -> 0 | H86: =(G86/G$72)*H$72 -> 0
A87: =A59 -> Brinjal | B87: =H28*$B$72 -> 0 | C87: =(B87/B$72)*C$72 -> 0 | D87: =(C87/C$72)*D$72 -> 0 | E87: =(D87/D$72)*E$72 -> 0 | F87: =(E87/E$72)*F$72 -> 0 | G87: =(F87/F$72)*G$72 -> 0 | H87: =(G87/G$72)*H$72 -> 0
A88: =A60 -> 0 | B88: =H29*$B$72 -> 0 | C88: =(B88/B$72)*C$72 -> 0 | D88: =(C88/C$72)*D$72 -> 0 | E88: =(D88/D$72)*E$72 -> 0 | F88: =(E88/E$72)*F$72 -> 0 | G88: =(F88/F$72)*G$72 -> 0 | H88: =(G88/G$72)*H$72 -> 0
A89: =A61 -> 0 | B89: =H30*$B$72 -> 0 | C89: =(B89/B$72)*C$72 -> 0 | D89: =(C89/C$72)*D$72 -> 0 | E89: =(D89/D$72)*E$72 -> 0 | F89: =(E89/E$72)*F$72 -> 0 | G89: =(F89/F$72)*G$72 -> 0 | H89: =(G89/G$72)*H$72 -> 0
A90: =A62 -> 0 | B90: =H31*$B$72 -> 0 | C90: =(B90/B$72)*C$72 -> 0 | D90: =(C90/C$72)*D$72 -> 0 | E90: =(D90/D$72)*E$72 -> 0 | F90: =(E90/E$72)*F$72 -> 0 | G90: =(F90/F$72)*G$72 -> 0 | H90: =(G90/G$72)*H$72 -> 0
A91: =A63 -> 0 | B91: =H33*$B$72 -> 0 | C91: =(B91/B$72)*C$72 -> 0 | D91: =(C91/C$72)*D$72 -> 0 | E91: =(D91/D$72)*E$72 -> 0 | F91: =(E91/E$72)*F$72 -> 0 | G91: =(F91/F$72)*G$72 -> 0 | H91: =(G91/G$72)*H$72 -> 0
A92: =A64 -> 0 | B92: =H34*$B$72 -> 0 | C92: =(B92/B$72)*C$72 -> 0 | D92: =(C92/C$72)*D$72 -> 0 | E92: =(D92/D$72)*E$72 -> 0 | F92: =(E92/E$72)*F$72 -> 0 | G92: =(F92/F$72)*G$72 -> 0
A93: =A65 -> 0 | B93: =H35*$B$72 -> 0 | C93: =(B93/B$72)*C$72 -> 0 | D93: =(C93/C$72)*D$72 -> 0 | E93: =(D93/D$72)*E$72 -> 0 | F93: =(E93/E$72)*F$72 -> 0 | G93: =(F93/F$72)*G$72 -> 0
A94: =A66 -> 0 | B94: =H36*$B$72 -> 0 | C94: =(B94/B$72)*C$72 -> 0 | D94: =(C94/C$72)*D$72 -> 0 | E94: =(D94/D$72)*E$72 -> 0 | F94: =(E94/E$72)*F$72 -> 0 | G94: =(F94/F$72)*G$72 -> 0
A95: =A67 -> Pomegranate | B95: =H37*$B$72 -> 0 | C95: =(B95/B$72)*C$72 -> 0 | D95: =(C95/C$72)*D$72 -> 0 | E95: =(D95/D$72)*E$72 -> 0 | F95: =(E95/E$72)*F$72 -> 0 | G95: =(F95/F$72)*G$72 -> 0 | H95: =(G95/G$72)*H$72 -> 0
A96: =A68 -> Custard Apple | B96: =H38*$B$72 -> 0 | C96: =(B96/B$72)*C$72 -> 0 | D96: =(C96/C$72)*D$72 -> 0 | E96: =(D96/D$72)*E$72 -> 0 | F96: =(E96/E$72)*F$72 -> 0 | G96: =(F96/F$72)*G$72 -> 0 | H96: =(G96/G$72)*H$72 -> 0
A97: =A69 -> Guava | B97: =H39*$B$72 -> 0 | C97: =(B97/B$72)*C$72 -> 0 | D97: =(C97/C$72)*D$72 -> 0 | E97: =(D97/D$72)*E$72 -> 0 | F97: =(E97/E$72)*F$72 -> 0 | G97: =(F97/F$72)*G$72 -> 0 | H97: =(G97/G$72)*H$72 -> 0
A98: =A70 -> Citrus | B98: =H40*$B$72 -> 0 | C98: =(B98/B$72)*C$72 -> 0 | D98: =(C98/C$72)*D$72 -> 0 | E98: =(D98/D$72)*E$72 -> 0 | F98: =(E98/E$72)*F$72 -> 0 | G98: =(F98/F$72)*G$72 -> 0 | H98: =(G98/G$72)*H$72 -> 0
A99: 11.5 Crop-wise Area Considered for Agri Input Service Centre
A100: Particulars | B100: 0.65 | C100: =B100+0.05 -> 0.7 | D100: =C100+0.05 -> 0.75 | E100: =D100+0.05 -> 0.8 | F100: =E100+0.05 -> 0.85 | G100: =F100+0.05 -> 0.9 | H100: =G100+0.05 -> 0.95
B101: Y1 | C101: Y2 | D101: Y3 | E101: Y4 | F101: Y5 | G101: Y6 | H101: Y7
A102: =A74 -> Onion | B102: =D14*$B$100 -> 0 | C102: =(B102/B$100)*C$100 -> 0 | D102: =(C102/C$100)*D$100 -> 0 | E102: =(D102/D$100)*E$100 -> 0 | F102: =(E102/E$100)*F$100 -> 0 | G102: =(F102/F$100)*G$100 -> 0 | H102: =(G102/G$100)*H$100 -> 0
...

Sheet 12.Facility 1 - Trading
A2: Facility 3 - Trading Unit
A3: 12.1 Producers/ Capacity Utilization
F4: Tentative Wastage Percentage
A5: Capacity | B5: =(3*1000)/100 -> 30 | C5: Quinatal/Hour | F5: Commodity | G5: Percentage
A6: No. of Hours | B6: 8 | F6: Grains | G6: 0.03
F7: Fruit and Vegetables | G7: 0.05
A8: No.of Working Days | B8: 300
A9: Particulars | B9: Y1 | C9: Y2 | D9: Y3 | E9: Y4 | F9: Y5 | G9: Y6 | H9: Y7
A10: No.of Operation Days | B10: =B33/($B$5*$B$6) -> 58.30826 | C10: =C33/($B$5*$B$6) -> 72.885325 | D10: =D33/($B$5*$B$6) -> 87.46239 | E10: =E33/($B$5*$B$6) -> 102.03946 | F10: =F33/($B$5*$B$6) -> 116.61652 | G10: =G33/($B$5*$B$6) -> 131.19359 | H10: =H33/($B$5*$B$6) -> 145.77065
A11: ='10.Grain Production details'!A42 -> Soybean | B11: ='10.Grain Production details'!B42 -> 2513.2554 | C11: ='10.Grain Production details'!C42 -> 3141.5693 | D11: ='10.Grain Production details'!D42 -> 3769.8831 | E11: ='10.Grain Production details'!E42 -> 4398.1969 | F11: ='10.Grain Production details'!F42 -> 5026.5108 | G11: ='10.Grain Production details'!G42 -> 5654.8247 | H11: ='10.Grain Production details'!H42 -> 6283.1385
A12: ='10.Grain Production details'!A43 -> Red Gram/Tur | B12: ='10.Grain Production details'!B43 -> 0 | C12: ='10.Grain Production details'!C43 -> 0 | D12: ='10.Grain Production details'!D43 -> 0 | E12: ='10.Grain Production details'!E43 -> 0 | F12: ='10.Grain Production details'!F43 -> 0 | G12: ='10.Grain Production details'!G43 -> 0 | H12: ='10.Grain Production details'!H43 -> 0
A13: ='10.Grain Production details'!A44 -> Paddy/Rice | B13: ='10.Grain Production details'!B44 -> 0 | C13: ='10.Grain Production details'!C44 -> 0 | D13: ='10.Grain Production details'!D44 -> 0 | E13: ='10.Grain Production details'!E44 -> 0 | F13: ='10.Grain Production details'!F44 -> 0 | G13: ='10.Grain Production details'!G44 -> 0 | H13: ='10.Grain Production details'!H44 -> 0
A14: ='10.Grain Production details'!A45 -> Green Gram/ Moong | B14: ='10.Grain Production details'!B45 -> 907.41748 | C14: ='10.Grain Production details'!C45 -> 1134.2718 | D14: ='10.Grain Production details'!D45 -> 1361.1262 | E14: ='10.Grain Production details'!E45 -> 1587.9806 | F14: ='10.Grain Production details'!F45 -> 1814.835 | G14: ='10.Grain Production details'!G45 -> 2041.6893 | H14: ='10.Grain Production details'!H45 -> 2268.5437
A15: ='10.Grain Production details'!A46 -> Maize | B15: ='10.Grain Production details'!B46 -> 7054.752 | C15: ='10.Grain Production details'!C46 -> 8818.44 | D15: ='10.Grain Production details'!D46 -> 10582.128 | E15: ='10.Grain Production details'!E46 -> 12345.816 | F15: ='10.Grain Production details'!F46 -> 14109.504 | G15: ='10.Grain Production details'!G46 -> 15873.192 | H15: ='10.Grain Production details'!H46 -> 17636.88
A16: ='10.Grain Production details'!A47 -> Black Gram/Udid | B16: ='10.Grain Production details'!B47 -> 555.56172 | C16: ='10.Grain Production details'!C47 -> 694.45215 | D16: ='10.Grain Production details'!D47 -> 833.34258 | E16: ='10.Grain Production details'!E47 -> 972.23301 | F16: ='10.Grain Production details'!F47 -> 1111.1234 | G16: ='10.Grain Production details'!G47 -> 1250.0139 | H16: ='10.Grain Production details'!H47 -> 1388.9043
A17: ='10.Grain Production details'!A48 -> Bajra | B17: ='10.Grain Production details'!B48 -> 0 | C17: ='10.Grain Production details'!C48 -> 0 | D17: ='10.Grain Production details'!D48 -> 0 | E17: ='10.Grain Production details'!E48 -> 0 | F17: ='10.Grain Production details'!F48 -> 0 | G17: ='10.Grain Production details'!G48 -> 0 | H17: ='10.Grain Production details'!H48 -> 0
A18: ='10.Grain Production details'!A49 -> Jawar | B18: ='10.Grain Production details'!B49 -> 0 | C18: ='10.Grain Production details'!C49 -> 0 | D18: ='10.Grain Production details'!D49 -> 0 | E18: ='10.Grain Production details'!E49 -> 0 | F18: ='10.Grain Production details'!F49 -> 0 | G18: ='10.Grain Production details'!G49 -> 0 | H18: ='10.Grain Production details'!H49 -> 0
A19: ='10.Grain Production details'!A50 -> Sunflower | B19: ='10.Grain Production details'!B50 -> 0 | C19: ='10.Grain Production details'!C50 -> 0 | D19: ='10.Grain Production details'!D50 -> 0 | E19: ='10.Grain Production details'!E50 -> 0 | F19: ='10.Grain Production details'!F50 -> 0 | G19: ='10.Grain Production details'!G50 -> 0 | H19: ='10.Grain Production details'!H50 -> 0
A20: ='10.Grain Production details'!A51 -> Wheat | B20: ='10.Grain Production details'!B51 -> 714.29364 | C20: ='10.Grain Production details'!C51 -> 892.86705 | D20: ='10.Grain Production details'!D51 -> 1071.4405 | E20: ='10.Grain Production details'!E51 -> 1250.0139 | F20: ='10.Grain Production details'!F51 -> 1428.5873 | G20: ='10.Grain Production details'!G51 -> 1607.1607 | H20: ='10.Grain Production details'!H51 -> 1785.7341
A21: ='10.Grain Production details'!A52 -> Bengal Gram/Channa | B21: ='10.Grain Production details'!B52 -> 1190.4894 | C21: ='10.Grain Production details'!C52 -> 1488.1118 | D21: ='10.Grain Production details'!D52 -> 1785.7341 | E21: ='10.Grain Production details'!E52 -> 2083.3564 | F21: ='10.Grain Production details'!F52 -> 2380.9788 | G21: ='10.Grain Production details'!G52 -> 2678.6011 | H21: ='10.Grain Production details'!H52 -> 2976.2235
A22: ='10.Grain Production details'!A53 -> Jawar | B22: ='10.Grain Production details'!B53 -> 0 | C22: ='10.Grain Production details'!C53 -> 0 | D22: ='10.Grain Production details'!D53 -> 0 | E22: ='10.Grain Production details'!E53 -> 0 | F22: ='10.Grain Production details'!F53 -> 0 | G22: ='10.Grain Production details'!G53 -> 0 | H22: ='10.Grain Production details'!H53 -> 0
... A31: ='10.Grain Production details'!A62 -> 0 | B31: ='10.Grain Production details'!B62 -> 0 | C31: ='10.Grain Production details'!C62 -> 0 | D31: ='10.Grain Production details'!D62 -> 0 | E31: ='10.Grain Production details'!E62 -> 0 | F31: ='10.Grain Production details'!F62 -> 0 | G31: ='10.Grain Production details'!G62 -> 0 | H31: ='10.Grain Production details'!H62 -> 0
A32: ='10.Grain Production details'!B63 -> 0 | B32: ='10.Grain Production details'!C63 -> 0 | C32: ='10.Grain Production details'!D63 -> 0 | D32: ='10.Grain Production details'!E63 -> 0 | E32: ='10.Grain Production details'!F63 -> 0 | F32: ='10.Grain Production details'!G63 -> 0 | G32: ='10.Grain Production details'!H63 -> 0 | H32: ='10.Grain Production details'!I63 -> 0
A33: Total Grains Quantity to be Processed | B33: =SUM(B11:B32) -> 13993.982 | C33: =SUM(C11:C32) -> 17492.478 | D33: =SUM(D11:D32) -> 20990.974 | E33: =SUM(E11:E32) -> 24489.469 | F33: =SUM(F11:F32) -> 27987.965 | G33: =SUM(G11:G32) -> 31486.46 | H33: =SUM(H11:H32) -> 34984.956
A34: ='11.F&V Crop Production details'!A1:H1 -> Fruit & Vegetables Crop Production Details
A35: ='11.F&V Crop Production details'!A46 -> Onion | B35: ='11.F&V Crop Production details'!B46 -> 0 | C35: ='11.F&V Crop Production details'!C46 -> 0 | D35: ='11.F&V Crop Production details'!D46 -> 0 | E35: ='11.F&V Crop Production details'!E46 -> 0 | F35: ='11.F&V Crop Production details'!F46 -> 0 | G35: ='11.F&V Crop Production details'!G46 -> 0 | H35: ='11.F&V Crop Production details'!H46 -> 0
A36: ='11.F&V Crop Production details'!A47 -> Tomato | B36: ='11.F&V Crop Production details'!B47 -> 0 | C36: ='11.F&V Crop Production details'!C47 -> 0 | D36: ='11.F&V Crop Production details'!D47 -> 0 | E36: ='11.F&V Crop Production details'!E47 -> 0 | F36: ='11.F&V Crop Production details'!F47 -> 0 | G36: ='11.F&V Crop Production details'!G47 -> 0 | H36: ='11.F&V Crop Production details'!H47 -> 0
A37: ='11.F&V Crop Production details'!A48 -> Okra | B37: ='11.F&V Crop Production details'!B48 -> 0 | C37: ='11.F&V Crop Production details'!C48 -> 0 | D37: ='11.F&V Crop Production details'!D48 -> 0 | E37: ='11.F&V Crop Production details'!E48 -> 0 | F37: ='11.F&V Crop Production details'!F48 -> 0 | G37: ='11.F&V Crop Production details'!G48 -> 0 | H37: ='11.F&V Crop Production details'!H48 -> 0
A38: ='11.F&V Crop Production details'!A49 -> Chilli | B38: ='11.F&V Crop Production details'!B49 -> 0 | C38: ='11.F&V Crop Production details'!C49 -> 0 | D38: ='11.F&V Crop Production details'!D49 -> 0 | E38: ='11.F&V Crop Production details'!E49 -> 0 | F38: ='11.F&V Crop Production details'!F49 -> 0 | G38: ='11.F&V Crop Production details'!G49 -> 0 | H38: ='11.F&V Crop Production details'!H49 -> 0
A39: ='11.F&V Crop Production details'!A50 -> Potato | B39: ='11.F&V Crop Production details'!B50 -> 0 | C39: ='11.F&V Crop Production details'!C50 -> 0 | D39: ='11.F&V Crop Production details'!D50 -> 0 | E39: ='11.F&V Crop Production details'!E50 -> 0 | F39: ='11.F&V Crop Production details'!F50 -> 0 | G39: ='11.F&V Crop Production details'!G50 -> 0 | H39: ='11.F&V Crop Production details'!H50 -> 0
A40: ='11.F&V Crop Production details'!A51 -> 0 | B40: ='11.F&V Crop Production details'!B51 -> 0 | C40: ='11.F&V Crop Production details'!C51 -> 0 | D40: ='11.F&V Crop Production details'!D51 -> 0 | E40: ='11.F&V Crop Production details'!E51 -> 0 | F40: ='11.F&V Crop Production details'!F51 -> 0 | G40: ='11.F&V Crop Production details'!G51 -> 0 | H40: ='11.F&V Crop Production details'!H51 -> 0
A41: ='11.F&V Crop Production details'!A52 -> 0 | B41: ='11.F&V Crop Production details'!B52 -> 0 | C41: ='11.F&V Crop Production details'!C52 -> 0 | D41: ='11.F&V Crop Production details'!D52 -> 0 | E41: ='11.F&V Crop Production details'!E52 -> 0 | F41: ='11.F&V Crop Production details'!F52 -> 0 | G41: ='11.F&V Crop Production details'!G52 -> 0 | H41: ='11.F&V Crop Production details'!H52 -> 0
A42: ='11.F&V Crop Production details'!A53 -> 0 | B42: ='11.F&V Crop Production details'!B53 -> 0 | C42: ='11.F&V Crop Production details'!C53 -> 0 | D42: ='11.F&V Crop Production details'!D53 -> 0 | E42: ='11.F&V Crop Production details'!E53 -> 0 | F42: ='11.F&V Crop Production details'!F53 -> 0 | G42: ='11.F&V Crop Production details'!G53 -> 0 | H42: ='11.F&V Crop Production details'!H53 -> 0
A43: ='11.F&V Crop Production details'!A54 -> 0 | B43: ='11.F&V Crop Production details'!B54 -> 0 | C43: ='11.F&V Crop Production details'!C54 -> 0 | D43: ='11.F&V Crop Production details'!D54 -> 0 | E43: ='11.F&V Crop Production details'!E54 -> 0 | F43: ='11.F&V Crop Production details'!F54 -> 0 | G43: ='11.F&V Crop Production details'!G54 -> 0 | H43: ='11.F&V Crop Production details'!H54 -> 0
A44: ='11.F&V Crop Production details'!A55 -> Onion | B44: ='11.F&V Crop Production details'!B55 -> 0 | C44: ='11.F&V Crop Production details'!C55 -> 0 | D44: ='11.F&V Crop Production details'!D55 -> 0 | E44: ='11.F&V Crop Production details'!E55 -> 0 | F44: ='11.F&V Crop Production details'!F55 -> 0 | G44: ='11.F&V Crop Production details'!G55 -> 0 | H44: ='11.F&V Crop Production details'!H55 -> 0
A45: ='11.F&V Crop Production details'!A56 -> Tomato | B45: ='11.F&V Crop Production details'!B56 -> 0 | C45: ='11.F&V Crop Production details'!C56 -> 0 | D45: ='11.F&V Crop Production details'!D56 -> 0 | E45: ='11.F&V Crop Production details'!E56 -> 0 | F45: ='11.F&V Crop Production details'!F56 -> 0 | G45: ='11.F&V Crop Production details'!G56 -> 0 | H45: ='11.F&V Crop Production details'!H56 -> 0
A46: ='11.F&V Crop Production details'!A57 -> Okra | B46: ='11.F&V Crop Production details'!B57 -> 0 | C46: ='11.F&V Crop Production details'!C57 -> 0 | D46: ='11.F&V Crop Production details'!D57 -> 0 | E46: ='11.F&V Crop Production details'!E57 -> 0 | F46: ='11.F&V Crop Production details'!F57 -> 0 | G46: ='11.F&V Crop Production details'!G57 -> 0 | H46: ='11.F&V Crop Production details'!H57 -> 0
... A52: ='11.F&V Crop Production details'!A63 -> 0 | B52: ='11.F&V Crop Production details'!B63 -> 0 | C52: ='11.F&V Crop Production details'!C63 -> 0 | D52: ='11.F&V Crop Production details'!D63 -> 0 | E52: ='11.F&V Crop Production details'!E63 -> 0 | F52: ='11.F&V Crop Production details'!F63 -> 0 | G52: ='11.F&V Crop Production details'!G63 -> 0 | H52: ='11.F&V Crop Production details'!H63 -> 0
A53: ='11.F&V Crop Production details'!A64 -> 0
A54: ='11.F&V Crop Production details'!A65 -> 0
A55: ='11.F&V Crop Production details'!A66 -> 0
A56: ='11.F&V Crop Production details'!A67 -> Pomegranate | B56: ='11.F&V Crop Production details'!B67 -> 0 | C56: ='11.F&V Crop Production details'!C67 -> 0 | D56: ='11.F&V Crop Production details'!D67 -> 0 | E56: ='11.F&V Crop Production details'!E67 -> 0 | F56: ='11.F&V Crop Production details'!F67 -> 0 | G56: ='11.F&V Crop Production details'!G67 -> 0 | H56: ='11.F&V Crop Production details'!H67 -> 0
A57: ='11.F&V Crop Production details'!A68 -> Custard Apple | B57: ='11.F&V Crop Production details'!B68 -> 0 | C57: ='11.F&V Crop Production details'!C68 -> 0 | D57: ='11.F&V Crop Production details'!D68 -> 0 | E57: ='11.F&V Crop Production details'!E68 -> 0 | F57: ='11.F&V Crop Production details'!F68 -> 0 | G57: ='11.F&V Crop Production details'!G68 -> 0 | H57: ='11.F&V Crop Production details'!H68 -> 0
A58: ='11.F&V Crop Production details'!A69 -> Guava | B58: ='11.F&V Crop Production details'!B69 -> 0 | C58: ='11.F&V Crop Production details'!C69 -> 0 | D58: ='11.F&V Crop Production details'!D69 -> 0 | E58: ='11.F&V Crop Production details'!E69 -> 0 | F58: ='11.F&V Crop Production details'!F69 -> 0 | G58: ='11.F&V Crop Production details'!G69 -> 0 | H58: ='11.F&V Crop Production details'!H69 -> 0
A59: ='11.F&V Crop Production details'!A70 -> Citrus | B59: ='11.F&V Crop Production details'!B70 -> 0 | C59: ='11.F&V Crop Production details'!C70 -> 0 | D59: ='11.F&V Crop Production details'!D70 -> 0 | E59: ='11.F&V Crop Production details'!E70 -> 0 | F59: ='11.F&V Crop Production details'!F70 -> 0 | G59: ='11.F&V Crop Production details'!G70 -> 0 | H59: ='11.F&V Crop Production details'!H70 -> 0
A61: Total F & V Quantity to be Processed | B61: =SUM(B35:B59) -> 0 | C61: =SUM(C35:C59) -> 0 | D61: =SUM(D35:D59) -> 0 | E61: =SUM(E35:E59) -> 0 | F61: =SUM(F35:F59) -> 0 | G61: =SUM(G35:G59) -> 0 | H61: =SUM(H35:H59) -> 0
A62: Job Work for Grains | B62: 0.5 | C62: 0.5 | D62: 0.5 | E62: 0.5 | F62: 0.5 | G62: 0.5 | H62: 0.5
A63: Quanity for trading of Grains | B63: =1-B62 -> 0.5 | C63: =1-C62 -> 0.5 | D63: =1-D62 -> 0.5 | E63: =1-E62 -> 0.5 | F63: =1-F62 -> 0.5 | G63: =1-G62 -> 0.5 | H63: =1-H62 -> 0.5
A65: Job Work (50%) | B65: =B33*B62 -> 6996.9912 | C65: =C33*C62 -> 8746.239 | D65: =D33*D62 -> 10495.487 | E65: =E33*E62 -> 12244.735 | F65: =F33*F62 -> 13993.982 | G65: =G33*G62 -> 15743.23 | H65: =H33*H62 -> 17492.478
A67: Quantity for sale (50%)
A68: =A11 -> Soybean | B68: =B11*$B$63 -> 1256.6277 | C68: =C11*$C$63 -> 1570.7846 | D68: =D11*$D$63 -> 1884.9416 | E68: =E11*$E$63 -> 2199.0985 | F68: =F11*$F$63 -> 2513.2554 | G68: =G11*$G$63 -> 2827.4123 | H68: =H11*$H$63 -> 3141.5693
A69: =A12 -> Red Gram/Tur | B69: =B12*$B$63 -> 0 | C69: =C12*$C$63 -> 0 | D69: =D12*$D$63 -> 0 | E69: =E12*$E$63 -> 0 | F69: =F12*$F$63 -> 0 | G69: =G12*$G$63 -> 0 | H69: =H12*$H$63 -> 0
A70: =A13 -> Paddy/Rice | B70: =B13*$B$63 -> 0 | C70: =C13*$C$63 -> 0 | D70: =D13*$D$63 -> 0 | E70: =E13*$E$63 -> 0 | F70: =F13*$F$63 -> 0 | G70: =G13*$G$63 -> 0 | H70: =H13*$H$63 -> 0
A71: =A14 -> Green Gram/ Moong | B71: =B14*$B$63 -> 453.70874 | C71: =C14*$C$63 -> 567.13592 | D71: =D14*$D$63 -> 680.56311 | E71: =E14*$E$63 -> 793.99029 | F71: =F14*$F$63 -> 907.41748 | G71: =G14*$G$63 -> 1020.8447 | H71: =H14*$H$63 -> 1134.2718
A72: =A15 -> Maize | B72: =B15*$B$63 -> 3527.376 | C72: =C15*$C$63 -> 4409.22 | D72: =D15*$D$63 -> 5291.064 | E72: =E15*$E$63 -> 6172.908 | F72: =F15*$F$63 -> 7054.752 | G72: =G15*$G$63 -> 7936.596 | H72: =H15*$H$63 -> 8818.44
A73: =A16 -> Black Gram/Udid | B73: =B16*$B$63 -> 277.78086 | C73: =C16*$C$63 -> 347.22607 | D73: =D16*$D$63 -> 416.67129 | E73: =E16*$E$63 -> 486.1165 | F73: =F16*$F$63 -> 555.56172 | G73: =G16*$G$63 -> 625.00693 | H73: =H16*$H$63 -> 694.45215
A74: =A17 -> Bajra | B74: =B17*$B$63 -> 0 | C74: =C17*$C$63 -> 0 | D74: =D17*$D$63 -> 0 | E74: =E17*$E$63 -> 0 | F74: =F17*$F$63 -> 0 | G74: =G17*$G$63 -> 0 | H74: =H17*$H$63 -> 0
A75: =A18 -> Jawar | B75: =B18*$B$63 -> 0 | C75: =C18*$C$63 -> 0 | D75: =D18*$D$63 -> 0 | E75: =E18*$E$63 -> 0 | F75: =F18*$F$63 -> 0 | G75: =G18*$G$63 -> 0 | H75: =H18*$H$63 -> 0
A76: =A19 -> Sunflower | B76: =B19*$B$63 -> 0 | C76: =C19*$C$63 -> 0 | D76: =D19*$D$63 -> 0 | E76: =E19*$E$63 -> 0 | F76: =F19*$F$63 -> 0 | G76: =G19*$G$63 -> 0 | H76: =H19*$H$63 -> 0
A77: =A20 -> Wheat | B77: =B20*$B$63 -> 357.14682 | C77: =C20*$C$63 -> 446.43353 | D77: =D20*$D$63 -> 535.72023 | E77: =E20*$E$63 -> 625.00693 | F77: =F20*$F$63 -> 714.29364 | G77: =G20*$G$63 -> 803.58034 | H77: =H20*$H$63 -> 892.86705
A78: =A21 -> Bengal Gram/Channa | B78: =B21*$B$63 -> 595.2447 | C78: =C21*$C$63 -> 744.05588 | D78: =D21*$D$63 -> 892.86705 | E78: =E21*$E$63 -> 1041.6782 | F78: =F21*$F$63 -> 1190.4894 | G78: =G21*$G$63 -> 1339.3006 | H78: =H21*$H$63 -> 1488.1117
A79: =A22 -> Jawar | B79: =B22*$B$63 -> 0 | C79: =C22*$C$63 -> 0 | D79: =D22*$D$63 -> 0 | E79: =E22*$E$63 -> 0 | F79: =F22*$F$63 -> 0 | G79: =G22*$G$63 -> 0 | H79: =H22*$H$63 -> 0
... A83: =A26 -> 0 | B83: =B26*$B$63 -> 0 | C83: =C26*$C$63 -> 0 | D83: =D26*$D$63 -> 0 | E83: =E26*$E$63 -> 0 | F83: =F26*$F$63 -> 0 | G83: =G26*$G$63 -> 0 | H83: =H26*$H$63 -> 0
A84: =A27 -> 0 | B84: =B27*$B$63 -> 0 | C84: =C27*$B$63 -> 0 | D84: =D27*$B$63 -> 0 | E84: =E27*$B$63 -> 0 | F84: =F27*$B$63 -> 0 | G84: =G27*$B$63 -> 0 | H84: =H27*$B$63 -> 0
A85: =A28 -> Groundnut | B85: =B28*$B$63 -> 0 | C85: =C28*$B$63 -> 0 | D85: =D28*$B$63 -> 0 | E85: =E28*$B$63 -> 0 | F85: =F28*$B$63 -> 0 | G85: =G28*$B$63 -> 0 | H85: =H28*$B$63 -> 0
A86: =A29 -> 0 | B86: =B29*$B$63 -> 0 | C86: =C29*$B$63 -> 0 | D86: =D29*$B$63 -> 0 | E86: =E29*$B$63 -> 0 | F86: =F29*$B$63 -> 0 | G86: =G29*$B$63 -> 0 | H86: =H29*$B$63 -> 0
A87: =A30 -> 0 | B87: =B30*$B$63 -> 0 | C87: =C30*$B$63 -> 0 | D87: =D30*$B$63 -> 0 | E87: =E30*$B$63 -> 0 | F87: =F30*$B$63 -> 0 | G87: =G30*$B$63 -> 0 | H87: =H30*$B$63 -> 0
A88: =A31 -> 0 | B88: =B31*$B$63 -> 0 | C88: =C31*$B$63 -> 0 | D88: =D31*$B$63 -> 0 | E88: =E31*$B$63 -> 0 | F88: =F31*$B$63 -> 0 | G88: =G31*$B$63 -> 0 | H88: =H31*$B$63 -> 0
A89: =A32 -> 0 | B89: =B32*$B$63 -> 0 | C89: =C32*$B$63 -> 0 | D89: =D32*$B$63 -> 0 | E89: =E32*$B$63 -> 0 | F89: =F32*$B$63 -> 0 | G89: =G32*$B$63 -> 0 | H89: =H32*$B$63 -> 0
A91: =A34 -> Fruit & Vegetables Crop Production Details
A92: =A35 -> Onion | B92: =B35 -> 0 | C92: =C35 -> 0 | D92: =D35 -> 0 | E92: =E35 -> 0 | F92: =F35 -> 0 | G92: =G35 -> 0 | H92: =H35 -> 0
A93: =A36 -> Tomato | B93: =B36 -> 0 | C93: =C36 -> 0 | D93: =D36 -> 0 | E93: =E36 -> 0 | F93: =F36 -> 0 | G93: =G36 -> 0 | H93: =H36 -> 0
A94: =A37 -> Okra | B94: =B37 -> 0 | C94: =C37 -> 0 | D94: =D37 -> 0 | E94: =E37 -> 0 | F94: =F37 -> 0 | G94: =G37 -> 0 | H94: =H37 -> 0
A95: =A38 -> Chilli | B95: =B38 -> 0 | C95: =C38 -> 0 | D95: =D38 -> 0 | E95: =E38 -> 0 | F95: =F38 -> 0 | G95: =G38 -> 0 | H95: =H38 -> 0
A96: =A39 -> Potato | B96: =B39 -> 0 | C96: =C39 -> 0 | D96: =D39 -> 0 | E96: =E39 -> 0 | F96: =F39 -> 0 | G96: =G39 -> 0 | H96: =H39 -> 0
A97: =A40 -> 0 | B97: =B40 -> 0 | C97: =C40 -> 0 | D97: =D40 -> 0 | E97: =E40 -> 0 | F97: =F40 -> 0 | G97: =G40 -> 0 | H97: =H40 -> 0
A98: =A41 -> 0 | B98: =B41 -> 0 | C98: =C41 -> 0 | D98: =D41 -> 0 | E98: =E41 -> 0 | F98: =F41 -> 0 | G98: =G41 -> 0 | H98: =H41 -> 0
A99: =A42 -> 0 | B99: =B42 -> 0 | C99: =C42 -> 0 | D99: =D42 -> 0 | E99: =E42 -> 0 | F99: =F42 -> 0 | G99: =G42 -> 0 | H99: =H42 -> 0
A100: =A43 -> 0 | B100: =B43 -> 0 | C100: =C43 -> 0 | D100: =D43 -> 0 | E100: =E43 -> 0 | F100: =F43 -> 0 | G100: =G43 -> 0 | H100: =H43 -> 0
A101: =A44 -> Onion | B101: =B44 -> 0 | C101: =C44 -> 0 | D101: =D44 -> 0 | E101: =E44 -> 0 | F101: =F44 -> 0 | G101: =G44 -> 0 | H101: =H44 -> 0
A102: =A45 -> Tomato | B102: =B45 -> 0 | C102: =C45 -> 0 | D102: =D45 -> 0 | E102: =E45 -> 0 | F102: =F45 -> 0 | G102: =G45 -> 0 | H102: =H45 -> 0
A103: =A46 -> Okra | B103: =B46 -> 0 | C103: =C46 -> 0 | D103: =D46 -> 0 | E103: =E46 -> 0 | F103: =F46 -> 0 | G103: =G46 -> 0 | H103: =H46 -> 0
... A109: =A52 -> 0 | B109: =B52 -> 0 | C109: =C52 -> 0 | D109: =D52 -> 0 | E109: =E52 -> 0 | F109: =F52 -> 0 | G109: =G52 -> 0 | H109: =H52 -> 0
A110: =A53 -> 0
A111: =A54 -> 0
A112: =A55 -> 0
A113: =A56 -> Pomegranate | B113: =B56 -> 0 | C113: =C56 -> 0 | D113: =D56 -> 0 | E113: =E56 -> 0 | F113: =F56 -> 0 | G113: =G56 -> 0 | H113: =H56 -> 0
A114: =A57 -> Custard Apple | B114: =B57 -> 0 | C114: =C57 -> 0 | D114: =D57 -> 0 | E114: =E57 -> 0 | F114: =F57 -> 0 | G114: =G57 -> 0 | H114: =H57 -> 0
A115: =A58 -> Guava | B115: =B58 -> 0 | C115: =C58 -> 0 | D115: =D58 -> 0 | E115: =E58 -> 0 | F115: =F58 -> 0 | G115: =G58 -> 0 | H115: =H58 -> 0
A116: =A59 -> Citrus | B116: =B59 -> 0 | C116: =C59 -> 0 | D116: =D59 -> 0 | E116: =E59 -> 0 | F116: =F59 -> 0 | G116: =G59 -> 0 | H116: =H59 -> 0
A119: Output
A120: =A68 -> Soybean | B120: =B68-(B68*$G$6) -> 1218.9289 | C120: =C68-(C68*$G$6) -> 1523.6611 | D120: =D68-(D68*$G$6) -> 1828.3933 | E120: =E68-(E68*$G$6) -> 2133.1255 | F120: =F68-(F68*$G$6) -> 2437.8577 | G120: =G68-(G68*$G$6) -> 2742.59 | H120: =H68-(H68*$G$6) -> 3047.3222
A121: =A69 -> Red Gram/Tur | B121: =B69-(B69*$G$6) -> 0 | C121: =C69-(C69*$G$6) -> 0 | D121: =D69-(D69*$G$6) -> 0 | E121: =E69-(E69*$G$6) -> 0 | F121: =F69-(F69*$G$6) -> 0 | G121: =G69-(G69*$G$6) -> 0 | H121: =H69-(H69*$G$6) -> 0
A122: =A70 -> Paddy/Rice | B122: =B70-(B70*$G$6) -> 0 | C122: =C70-(C70*$G$6) -> 0 | D122: =D70-(D70*$G$6) -> 0 | E122: =E70-(E70*$G$6) -> 0 | F122: =F70-(F70*$G$6) -> 0 | G122: =G70-(G70*$G$6) -> 0 | H122: =H70-(H70*$G$6) -> 0
A123: =A71 -> Green Gram/ Moong | B123: =B71-(B71*$G$6) -> 440.09748 | C123: =C71-(C71*$G$6) -> 550.12184 | D123: =D71-(D71*$G$6) -> 660.14621 | E123: =E71-(E71*$G$6) -> 770.17058 | F123: =F71-(F71*$G$6) -> 880.19495 | G123: =G71-(G71*$G$6) -> 990.21932 | H123: =H71-(H71*$G$6) -> 1100.2437
A124: =A72 -> Maize | B124: =B72-(B72*$G$6) -> 3421.5547 | C124: =C72-(C72*$G$6) -> 4276.9434 | D124: =D72-(D72*$G$6) -> 5132.3321 | E124: =E72-(E72*$G$6) -> 5987.7208 | F124: =F72-(F72*$G$6) -> 6843.1094 | G124: =G72-(G72*$G$6) -> 7698.4981 | H124: =H72-(H72*$G$6) -> 8553.8868
A125: =A73 -> Black Gram/Udid | B125: =B73-(B73*$G$6) -> 269.44743 | C125: =C73-(C73*$G$6) -> 336.80929 | D125: =D73-(D73*$G$6) -> 404.17115 | E125: =E73-(E73*$G$6) -> 471.53301 | F125: =F73-(F73*$G$6) -> 538.89487 | G125: =G73-(G73*$G$6) -> 606.25673 | H125: =H73-(H73*$G$6) -> 673.61859
A126: =A74 -> Bajra | B126: =B74-(B74*$G$6) -> 0 | C126: =C74-(C74*$G$6) -> 0 | D126: =D74-(D74*$G$6) -> 0 | E126: =E74-(E74*$G$6) -> 0 | F126: =F74-(F74*$G$6) -> 0 | G126: =G74-(G74*$G$6) -> 0 | H126: =H74-(H74*$G$6) -> 0
A127: =A75 -> Jawar | B127: =B75-(B75*$G$6) -> 0 | C127: =C75-(C75*$G$6) -> 0 | D127: =D75-(D75*$G$6) -> 0 | E127: =E75-(E75*$G$6) -> 0 | F127: =F75-(F75*$G$6) -> 0 | G127: =G75-(G75*$G$6) -> 0 | H127: =H75-(H75*$G$6) -> 0
A128: =A76 -> Sunflower | B128: =B76-(B76*$G$6) -> 0 | C128: =C76-(C76*$G$6) -> 0 | D128: =D76-(D76*$G$6) -> 0 | E128: =E76-(E76*$G$6) -> 0 | F128: =F76-(F76*$G$6) -> 0 | G128: =G76-(G76*$G$6) -> 0 | H128: =H76-(H76*$G$6) -> 0
...

Sheet 13.Facility 2 Grain Processing
A3: Facility 2 - Grain Processing Unit - Cleaning Grading Unit
A4: 13.1 Producers/ Capacity Utilization
A5: Capacity | B5: 20 | C5: Qtls P Hour
A6: No. of Hours | B6: 8
A11: Particulars | B11: Y1 | C11: Y2 | D11: Y3 | E11: Y4 | F11: Y5 | G11: Y6 | H11: Y7
A12: No. of Operation Days | B12: =B32/($B$5*$B$6) -> 87.46239 | C12: =C32/($B$5*$B$6) -> 109.32799 | D12: =D32/($B$5*$B$6) -> 131.19359 | E12: =E32/($B$5*$B$6) -> 153.05918 | F12: =F32/($B$5*$B$6) -> 174.92478 | G12: =G32/($B$5*$B$6) -> 196.79038 | H12: =H32/($B$5*$B$6) -> 218.65598
A13: ='10.Grain Production details'!A67 -> Soybean | B13: ='10.Grain Production details'!B67 -> 2513.2554 | C13: ='10.Grain Production details'!C67 -> 3141.5693 | D13: ='10.Grain Production details'!D67 -> 3769.8831 | E13: ='10.Grain Production details'!E67 -> 4398.1969 | F13: ='10.Grain Production details'!F67 -> 5026.5108 | G13: ='10.Grain Production details'!G67 -> 5654.8247 | H13: ='10.Grain Production details'!H67 -> 6283.1385
A14: ='10.Grain Production details'!A68 -> Red Gram/Tur | B14: ='10.Grain Production details'!B68 -> 0 | C14: ='10.Grain Production details'!C68 -> 0 | D14: ='10.Grain Production details'!D68 -> 0 | E14: ='10.Grain Production details'!E68 -> 0 | F14: ='10.Grain Production details'!F68 -> 0 | G14: ='10.Grain Production details'!G68 -> 0 | H14: ='10.Grain Production details'!H68 -> 0
A15: ='10.Grain Production details'!A69 -> Paddy/Rice | B15: ='10.Grain Production details'!B69 -> 0 | C15: ='10.Grain Production details'!C69 -> 0 | D15: ='10.Grain Production details'!D69 -> 0 | E15: ='10.Grain Production details'!E69 -> 0 | F15: ='10.Grain Production details'!F69 -> 0 | G15: ='10.Grain Production details'!G69 -> 0 | H15: ='10.Grain Production details'!H69 -> 0
A16: ='10.Grain Production details'!A70 -> Green Gram/ Moong | B16: ='10.Grain Production details'!B70 -> 907.41748 | C16: ='10.Grain Production details'!C70 -> 1134.2718 | D16: ='10.Grain Production details'!D70 -> 1361.1262 | E16: ='10.Grain Production details'!E70 -> 1587.9806 | F16: ='10.Grain Production details'!F70 -> 1814.835 | G16: ='10.Grain Production details'!G70 -> 2041.6893 | H16: ='10.Grain Production details'!H70 -> 2268.5437
A17: ='10.Grain Production details'!A71 -> Maize | B17: ='10.Grain Production details'!B71 -> 7054.752 | C17: ='10.Grain Production details'!C71 -> 8818.44 | D17: ='10.Grain Production details'!D71 -> 10582.128 | E17: ='10.Grain Production details'!E71 -> 12345.816 | F17: ='10.Grain Production details'!F71 -> 14109.504 | G17: ='10.Grain Production details'!G71 -> 15873.192 | H17: ='10.Grain Production details'!H71 -> 17636.88
A18: ='10.Grain Production details'!A72 -> Black Gram/Udid | B18: ='10.Grain Production details'!B72 -> 555.56172 | C18: ='10.Grain Production details'!C72 -> 694.45215 | D18: ='10.Grain Production details'!D72 -> 833.34258 | E18: ='10.Grain Production details'!E72 -> 972.23301 | F18: ='10.Grain Production details'!F72 -> 1111.1234 | G18: ='10.Grain Production details'!G72 -> 1250.0139 | H18: ='10.Grain Production details'!H72 -> 1388.9043
A19: ='10.Grain Production details'!A73 -> Bajra | B19: ='10.Grain Production details'!B73 -> 0 | C19: ='10.Grain Production details'!C73 -> 0 | D19: ='10.Grain Production details'!D73 -> 0 | E19: ='10.Grain Production details'!E73 -> 0 | F19: ='10.Grain Production details'!F73 -> 0 | G19: ='10.Grain Production details'!G73 -> 0 | H19: ='10.Grain Production details'!H73 -> 0
A20: ='10.Grain Production details'!A74 -> Jawar | B20: ='10.Grain Production details'!B74 -> 0 | C20: ='10.Grain Production details'!C74 -> 0 | D20: ='10.Grain Production details'!D74 -> 0 | E20: ='10.Grain Production details'!E74 -> 0 | F20: ='10.Grain Production details'!F74 -> 0 | G20: ='10.Grain Production details'!G74 -> 0 | H20: ='10.Grain Production details'!H74 -> 0
A21: ='10.Grain Production details'!A75 -> Sunflower | B21: ='10.Grain Production details'!B75 -> 0 | C21: ='10.Grain Production details'!C75 -> 0 | D21: ='10.Grain Production details'!D75 -> 0 | E21: ='10.Grain Production details'!E75 -> 0 | F21: ='10.Grain Production details'!F75 -> 0 | G21: ='10.Grain Production details'!G75 -> 0 | H21: ='10.Grain Production details'!H75 -> 0
A22: ='10.Grain Production details'!A76 -> Wheat | B22: ='10.Grain Production details'!B76 -> 714.29364 | C22: ='10.Grain Production details'!C76 -> 892.86705 | D22: ='10.Grain Production details'!D76 -> 1071.4405 | E22: ='10.Grain Production details'!E76 -> 1250.0139 | F22: ='10.Grain Production details'!F76 -> 1428.5873 | G22: ='10.Grain Production details'!G76 -> 1607.1607 | H22: ='10.Grain Production details'!H76 -> 1785.7341
A23: ='10.Grain Production details'!A77 -> Bengal Gram/Channa | B23: ='10.Grain Production details'!B77 -> 1190.4894 | C23: ='10.Grain Production details'!C77 -> 1488.1118 | D23: ='10.Grain Production details'!D77 -> 1785.7341 | E23: ='10.Grain Production details'!E77 -> 2083.3564 | F23: ='10.Grain Production details'!F77 -> 2380.9788 | G23: ='10.Grain Production details'!G77 -> 2678.6011 | H23: ='10.Grain Production details'!H77 -> 2976.2235
A24: ='10.Grain Production details'!A78 -> Jawar | B24: ='10.Grain Production details'!B78 -> 0 | C24: ='10.Grain Production details'!C78 -> 0 | D24: ='10.Grain Production details'!D78 -> 0 | E24: ='10.Grain Production details'!E78 -> 0 | F24: ='10.Grain Production details'!F78 -> 0 | G24: ='10.Grain Production details'!G78 -> 0 | H24: ='10.Grain Production details'!H78 -> 0
... A31: ='10.Grain Production details'!A85 -> 0 | B31: ='10.Grain Production details'!B85 -> 0 | C31: ='10.Grain Production details'!C85 -> 0 | D31: ='10.Grain Production details'!D85 -> 0 | E31: ='10.Grain Production details'!E85 -> 0 | F31: ='10.Grain Production details'!F85 -> 0 | G31: ='10.Grain Production details'!G85 -> 0 | H31: ='10.Grain Production details'!H85 -> 0
A32: Total Quantity to be Processed | B32: =SUM(B13:B31) -> 13993.982 | C32: =SUM(C13:C31) -> 17492.478 | D32: =SUM(D13:D31) -> 20990.974 | E32: =SUM(E13:E31) -> 24489.469 | F32: =SUM(F13:F31) -> 27987.965 | G32: =SUM(G13:G31) -> 31486.46 | H32: =SUM(H13:H31) -> 34984.956
A33: Job Work (50%) | B33: 0.3 | C33: =B33 -> 0.3 | D33: =C33 -> 0.3 | E33: =D33 -> 0.3 | F33: =E33 -> 0.3 | G33: =F33 -> 0.3 | H33: =G33 -> 0.3
A34: Quanity for Processing and Trading for PC | B34: =1-B33 -> 0.7 | C34: =1-C33 -> 0.7 | D34: =1-D33 -> 0.7 | E34: =1-E33 -> 0.7 | F34: =1-F33 -> 0.7 | G34: =1-G33 -> 0.7 | H34: =1-H33 -> 0.7
A35: Job Work (50%) | B35: =B32*B33 -> 4198.1947 | C35: =C32*C33 -> 5247.7434 | D35: =D32*D33 -> 6297.2921 | E35: =E32*E33 -> 7346.8408 | F35: =F32*F33 -> 8396.3895 | G35: =G32*G33 -> 9445.9381 | H35: =H32*H33 -> 10495.487
A36: Quantity for sale (50%)
A37: =A13 -> Soybean | B37: =B13*$B$34 -> 1759.2788 | C37: =C13*$B$34 -> 2199.0985 | D37: =D13*$B$34 -> 2638.9182 | E37: =E13*$B$34 -> 3078.7379 | F37: =F13*$B$34 -> 3518.5576 | G37: =G13*$B$34 -> 3958.3773 | H37: =H13*$B$34 -> 4398.1969
A38: =A14 -> Red Gram/Tur | B38: =B14*$B$34 -> 0 | C38: =C14*$C$34 -> 0 | D38: =D14*$D$34 -> 0 | E38: =E14*$E$34 -> 0 | F38: =F14*$F$34 -> 0 | G38: =G14*$G$34 -> 0 | H38: =H14*$H$34 -> 0
A39: =A15 -> Paddy/Rice | B39: =B15*$B$34 -> 0 | C39: =C15*$C$34 -> 0 | D39: =D15*$D$34 -> 0 | E39: =E15*$E$34 -> 0 | F39: =F15*$F$34 -> 0 | G39: =G15*$G$34 -> 0 | H39: =H15*$H$34 -> 0
A40: =A16 -> Green Gram/ Moong | B40: =B16*$B$34 -> 635.19223 | C40: =C16*$C$34 -> 793.99029 | D40: =D16*$D$34 -> 952.78835 | E40: =E16*$E$34 -> 1111.5864 | F40: =F16*$F$34 -> 1270.3845 | G40: =G16*$G$34 -> 1429.1825 | H40: =H16*$H$34 -> 1587.9806
A41: =A17 -> Maize | B41: =B17*$B$34 -> 4938.3264 | C41: =C17*$C$34 -> 6172.908 | D41: =D17*$D$34 -> 7407.4896 | E41: =E17*$E$34 -> 8642.0712 | F41: =F17*$F$34 -> 9876.6528 | G41: =G17*$G$34 -> 11111.234 | H41: =H17*$H$34 -> 12345.816
A42: =A18 -> Black Gram/Udid | B42: =B18*$B$34 -> 388.8932 | C42: =C18*$C$34 -> 486.1165 | D42: =D18*$D$34 -> 583.33981 | E42: =E18*$E$34 -> 680.56311 | F42: =F18*$F$34 -> 777.78641 | G42: =G18*$G$34 -> 875.00971 | H42: =H18*$H$34 -> 972.23301
A43: =A19 -> Bajra | B43: =B19*$B$34 -> 0 | C43: =C19*$C$34 -> 0 | D43: =D19*$D$34 -> 0 | E43: =E19*$E$34 -> 0 | F43: =F19*$F$34 -> 0 | G43: =G19*$G$34 -> 0 | H43: =H19*$H$34 -> 0
A44: =A20 -> Jawar | B44: =B20*$B$34 -> 0 | C44: =C20*$C$34 -> 0 | D44: =D20*$D$34 -> 0 | E44: =E20*$E$34 -> 0 | F44: =F20*$F$34 -> 0 | G44: =G20*$G$34 -> 0 | H44: =H20*$H$34 -> 0
A45: =A21 -> Sunflower | B45: =B21*$B$34 -> 0 | C45: =C21*$C$34 -> 0 | D45: =D21*$D$34 -> 0 | E45: =E21*$E$34 -> 0 | F45: =F21*$F$34 -> 0 | G45: =G21*$G$34 -> 0 | H45: =H21*$H$34 -> 0
A46: =A22 -> Wheat | B46: =B22*$B$34 -> 500.00555 | C46: =C22*$C$34 -> 625.00693 | D46: =D22*$D$34 -> 750.00832 | E46: =E22*$E$34 -> 875.00971 | F46: =F22*$F$34 -> 1000.0111 | G46: =G22*$G$34 -> 1125.0125 | H46: =H22*$H$34 -> 1250.0139
A47: =A23 -> Bengal Gram/Channa | B47: =B23*$B$34 -> 833.34258 | C47: =C23*$C$34 -> 1041.6782 | D47: =D23*$D$34 -> 1250.0139 | E47: =E23*$E$34 -> 1458.3495 | F47: =F23*$F$34 -> 1666.6852 | G47: =G23*$G$34 -> 1875.0208 | H47: =H23*$H$34 -> 2083.3564
A48: =A24 -> Jawar | B48: =B24*$B$34 -> 0 | C48: =C24*$C$34 -> 0 | D48: =D24*$D$34 -> 0 | E48: =E24*$E$34 -> 0 | F48: =F24*$F$34 -> 0 | G48: =G24*$G$34 -> 0 | H48: =H24*$H$34 -> 0
A49: =A25 -> Maize | B49: =B25*$B$34 -> 740.74896 | C49: =C25*$C$34 -> 925.9362 | D49: =D25*$D$34 -> 1111.1234 | E49: =E25*$E$34 -> 1296.3107 | F49: =F25*$F$34 -> 1481.4979 | G49: =G25*$G$34 -> 1666.6852 | H49: =H25*$H$34 -> 1851.8724
... A55: =A31 -> 0 | B55: =B31*$B$34 -> 0 | C55: =C31*$C$34 -> 0 | D55: =D31*$D$34 -> 0 | E55: =E31*$E$34 -> 0 | F55: =F31*$F$34 -> 0 | G55: =G31*$G$34 -> 0 | H55: =H31*$H$34 -> 0
A57: Output (KG)
A58: Soybean
A59: Cleaned & Graded | B59: =B37*100% -> 1759.2788 | C59: =C37*100% -> 2199.0985 | D59: =D37*100% -> 2638.9182 | E59: =E37*100% -> 3078.7379 | F59: =F37*100% -> 3518.5576 | G59: =G37*100% -> 3958.3773 | H59: =H37*100% -> 4398.1969
A63: =A38 -> Red Gram/Tur
A64: Dal (80%) | B64: =B38*80% -> 0 | C64: =C38*80% -> 0 | D64: =D38*80% -> 0 | E64: =E38*80% -> 0 | F64: =F38*80% -> 0 | G64: =G38*80% -> 0 | H64: =H38*80% -> 0
A65: Husk and Powder | B65: =B38*20% -> 0 | C65: =C38*20% -> 0 | D65: =D38*20% -> 0 | E65: =E38*20% -> 0 | F65: =F38*20% -> 0 | G65: =G38*20% -> 0 | H65: =H38*20% -> 0
A66: =A39 -> Paddy/Rice
A70: =A40 -> Green Gram/ Moong
A71: Cleaned & Graded | B71: =B40*100% -> 635.19223 | C71: =C40*100% -> 793.99029 | D71: =D40*100% -> 952.78835 | E71: =E40*100% -> 1111.5864 | F71: =F40*100% -> 1270.3845 | G71: =G40*100% -> 1429.1825 | H71: =H40*100% -> 1587.9806
A72: Husk and Powder | B72: =B40*0% -> 0 | C72: =C40*0% -> 0 | D72: =D40*0% -> 0 | E72: =E40*0% -> 0 | F72: =F40*0% -> 0 | G72: =G40*0% -> 0 | H72: =H40*0% -> 0
A73: =A41 -> Maize
A78: =A42 -> Black Gram/Udid
A79: Cleaned & Graded | B79: =B42*100% -> 388.8932 | C79: =C42*80% -> 388.8932 | D79: =D42*80% -> 466.67184 | E79: =E42*80% -> 544.45049 | F79: =F42*80% -> 622.22913 | G79: =G42*80% -> 700.00777 | H79: =H42*80% -> 777.78641
A80: Husk and Powder | B80: =B42*0% -> 0 | C80: =C42*0% -> 0 | D80: =D42*0% -> 0 | E80: =E42*0% -> 0 | F80: =F42*0% -> 0 | G80: =G42*0% -> 0 | H80: =H42*0% -> 0
A81: =A43 -> Bajra
A84: =A44 -> Jawar
A88: =A45 -> Sunflower
A92: =A46 -> Wheat
A93: Cleaned & Graded | B93: =B46*100% -> 500.00555 | C93: =C46*100% -> 625.00693 | D93: =D46*100% -> 750.00832 | E93: =E46*100% -> 875.00971 | F93: =F46*100% -> 1000.0111 | G93: =G46*100% -> 1125.0125 | H93: =H46*100% -> 1250.0139
A96: =A47 -> Bengal Gram/Channa
A97: Cleaned & Graded | B97: =B47*100% -> 833.34258 | C97: =C47*100% -> 1041.6782 | D97: =D47*100% -> 1250.0139 | E97: =E47*100% -> 1458.3495 | F97: =F47*100% -> 1666.6852 | G97: =G47*100% -> 1875.0208 | H97: =H47*100% -> 2083.3564
A98: Husk and Powder | B98: =B47*0% -> 0 | C98: =C47*0% -> 0 | D98: =D47*0% -> 0 | E98: =E47*0% -> 0 | F98: =F47*0% -> 0 | G98: =G47*0% -> 0 | H98: =H47*0% -> 0
A99: =A48 -> Jawar
A102: =A49 -> Maize
A103: Cleaned & Graded | B103: =B49*100% -> 740.74896 | C103: =C49*100% -> 925.9362 | D103: =D49*100% -> 1111.1234 | E103: =E49*100% -> 1296.3107 | F103: =F49*100% -> 1481.4979 | G103: =G49*100% -> 1666.6852 | H103: =H49*100% -> 1851.8724
A106: =A50 -> Safflower
A109: =A51 -> 0
A112: =A52 -> 0
A115: =A53 -> 0
A118: =A54 -> Groundnut
A121: =A55 -> 0
A124: =A56 -> 0
A127: Packaging (In Kg) | B127: 50
A134: 13.2 Facility 2 - Profit and loss of Grain Processing Unit - Cleaning Grading Unit
D136: 1 | E136: =(D136*5%)+D136 -> 1.05 | F136: =(E136*5%)+E136 -> 1.1025 | G136: =(F136*5%)+F136 -> 1.157625 | H136: =(G136*5%)+G136 -> 1.2155063 | I136: =(H136*5%)+H136 -> 1.2762816 | J136: =(I136*5%)+I136 -> 1.3400956
A138: Particulars | B138: Unit | C138: Rate | D138: Y1 | E138: Y2 | F138: Y3 | G138: Y4 | H138: Y5 | I138: Y6 | J138: Y7
A140: Revenue
A141: Cleaned & Graded Grains
A142: Bengal Gram | B142: 100 Kg | C142: 5500 | D142: =C142*B97*D136 -> 4583384.2 | E142: =C142*C97*E136 -> 6015691.7 | F142: =C142*D97*F136 -> 7579771.6 | G142: =C142*E97*G136 -> 9285220.2 | H142: =F97*C142*H136 -> 11142264 | I142: =G97*C142*I136 -> 13161800 | J142: =C142*H97*J136 -> 15355433
A143: Red Gram | B143: 100 Kg | C143: 0 | D143: =C143*B98*D137 -> 0 | E143: =C143*C98*E137 -> 0 | F143: =C143*D98*F137 -> 0 | G143: =C143*E98*G137 -> 0 | H143: =F98*C143*H137 -> 0 | I143: =G98*C143*I137 -> 0 | J143: =C143*H98*J137 -> 0
A144: Black Gram | B144: 100 Kg | C144: 6500 | D144: =C144*B79*D136 -> 2527805.8 | E144: =C144*C79*E136 -> 2654196.1 | F144: =C144*D79*F136 -> 3344287.1 | G144: =C144*E79*G136 -> 4096751.7 | H144: =C144*F79*H136 -> 4916102 | I144: =C144*G79*I136 -> 5807145.5 | J144: =C144*H79*J136 -> 6775003.1
A145: Green Gram | B145: 100 Kg | C145: 6200 | D145: =B71*6200*D136 -> 3938191.8 | E145: =C71*6200*E136 -> 5168876.8 | F145: =D71*6200*F136 -> 6512784.8 | G145: =E71*6200*G136 -> 7978161.3 | H145: =F71*6200*H136 -> 9573793.6 | I145: =G71*6200*I136 -> 11309044 | J145: =H71*6200*J136 -> 13193884 | M145: =3750*2 -> 7500
A146: =A102 -> Maize | B146: 100 Kg | C146: 2100 | D146: =B103*D136*2100 -> 1555572.8 | E146: =C103*E136*2200 -> 2138912.6 | F146: =D103*F136*2200 -> 2695029.9 | G146: =E103*G136*2200 -> 3301411.6 | H146: =F103*H136*2200 -> 3961694 | I146: =G103*I136*2200 -> 4679751 | J146: =H103*J136*2200 -> 5459709.5
A147: =A92 -> Wheat | B147: 100 Kg | C147: 2800 | D147: =B93*2800*D136 -> 1400015.5 | E147: =C93*3000*E136 -> 1968771.8 | F147: =D93*3000*F136 -> 2480652.5 | G147: =E93*3000*G136 -> 3038799.3 | H147: =F93*3000*H136 -> 3646559.2 | I147: =G93*3000*I136 -> 4307498.1 | J147: =H93*3000*J136 -> 5025414.4
A148: Soybean | B148: 100 Kg | C148: 5400 | D148: =B59*5400*D136 -> 9500105.4 | E148: =C59*5600*E136 -> 12930699 | F148: =D59*5600*F136 -> 16292681 | G148: =E59*5600*G136 -> 19958534 | H148: =F59*5600*H136 -> 23950241 | I148: =G59*5600*I136 -> 28291222 | J148: =H59*5600*J136 -> 33006426
A151: Husk and Powder | B151: Kg
K152: =[2]Output!T58*70*K136 -> 0
A153: Job Work Charges | B153: Kg | C153: 10 | D153: =(B35*100)*$C$153*D136 -> 4198194.7 | E153: =(C35*100)*$C$153*E136 -> 5510130.6 | F153: =(D35*100)*$C$153*F136 -> 6942764.5 | G153: =(E35*100)*$C$153*G136 -> 8504886.6 | H153: =(F35*100)*$C$153*H136 -> 10205864 | I153: =(G35*100)*$C$153*I136 -> 12055677 | J153: =(H35*100)*$C$153*J136 -> 14064956
A155: Revenue | D155: =SUM(D142:D153) -> 27703270 | E155: =SUM(E142:E153) -> 36387279 | F155: =SUM(F142:F153) -> 45847971 | G155: =SUM(G142:G153) -> 56163765 | H155: =SUM(H142:H153) -> 67396518 | I155: =SUM(I142:I153) -> 79612137 | J155: =SUM(J142:J153) -> 92880826
A157: Expenses
A158: Variable Cost
A159: Bengal Gram | B159: Quintals | C159: 5200 | D159: =(B47)*$C$159*D136 -> 4333381.4 | E159: =(C47)*$C$159*E136 -> 5687563.1 | F159: =(D47)*$C$159*F136 -> 7166329.5 | G159: =(E47)*$C$159*G136 -> 8778753.7 | H159: =(F47)*$C$159*H136 -> 10534504 | I159: =(G47)*$C$159*I136 -> 12443883 | J159: =(H47)*$C$159*J136 -> 14517864
A160: Red gram | B160: Quintals | C160: 0 | D160: =(B38)*$C$160*D136 -> 0 | E160: =(C38)*$C$160*E136 -> 0 | F160: =(D38)*$C$160*F136 -> 0 | G160: =(E38)*$C$160*G136 -> 0 | H160: =(F38)*$C$160*H136 -> 0 | I160: =(G38)*$C$160*I136 -> 0 | J160: =(H38)*$C$160*J136 -> 0
A161: Black gram | B161: Quintals | C161: 6000 | D161: =(B42)*$C$161*D136 -> 2333359.2 | E161: =(C42)*$C$161*E136 -> 3062534 | F161: =(D42)*$C$161*F136 -> 3858792.8 | G161: =(E42)*$C$161*G136 -> 4727021.2 | H161: =(F42)*$C$161*H136 -> 5672425.4 | I161: =(G42)*$C$161*I136 -> 6700552.6 | J161: =(H42)*$C$161*J136 -> 7817311.3
A162: Green Gram | B162: Quintals | C162: 5900 | D162: =(B40)*$C$162*D136 -> 3747634.2 | E162: =(C40)*$C$162*E136 -> 4918769.9 | F162: =(D40)*$C$162*F136 -> 6197650 | G162: =(E40)*$C$162*G136 -> 7592121.3 | H162: =(F40)*$C$162*H136 -> 9110545.5 | I162: =(G40)*$C$162*I136 -> 10761832 | J162: =(H40)*$C$162*J136 -> 12555471
A163: =A146 -> Maize | B163: Quintals | C163: 1850 | D163: =B103*1850*D136 -> 1370385.6 | E163: =C103*1850*E136 -> 1798631.1 | F163: =D103*1850*F136 -> 2266275.1 | G163: =E103*1850*G136 -> 2776187.1 | H163: =F103*1850*H136 -> 3331424.5 | I163: =G103*1850*I136 -> 3935245.1 | J163: =H103*1850*J136 -> 4591119.3
A164: =A147 -> Wheat | B164: Quintals | C164: 2500 | D164: =B93*2500*D136 -> 1250013.9 | E164: =C93*2500*E136 -> 1640643.2 | F164: =D93*2500*F136 -> 2067210.4 | G164: =E93*2500*G136 -> 2532332.8 | H164: =F93*2500*H136 -> 3038799.3 | I164: =G93*2500*I136 -> 3589581.7 | J164: =H93*2500*J136 -> 4187845.3
A165: =A148 -> Soybean | B165: Quintals | C165: 5000 | D165: =B59*5000*D136 -> 8796393.9 | E165: =C59*5000*E136 -> 11545267 | F165: =D59*5000*F136 -> 14547036 | G165: =E59*5000*G136 -> 17820120 | H165: =F59*5000*H136 -> 21384144 | I165: =G59*5000*I136 -> 25260020 | J165: =H59*5000*J136 -> 29470023
A169: Oil (Liters) | B169: 2 | C169: 0 | D169: =(B32/10)*$B$169*$C$169*D136 -> 0 | E169: =(C32/10)*$B$169*$C$169*E136 -> 0 | F169: =(D32/10)*$B$169*$C$169*F136 -> 0 | G169: =(E32/10)*$B$169*$C$169*G136 -> 0 | H169: =(F32/10)*$B$169*$C$169*H136 -> 0 | I169: =(G32/10)*$B$169*$C$169*I136 -> 0 | J169: =(H32/10)*$B$169*$C$169*J136 -> 0
A170: Daily Labour | B170: 5 | C170: 300 | D170: =B12*$B$170*$C$170*D136 -> 131193.59 | E170: =C12*$B$170*$C$170*E136 -> 172191.58 | F170: =D12*$B$170*$C$170*F136 -> 216961.39 | G170: =E12*$B$170*$C$170*G136 -> 265777.7 | H170: =F12*$B$170*$C$170*H136 -> 318933.25 | I170: =G12*$B$170*$C$170*I136 -> 376739.9 | J170: =H12*$B$170*$C$170*J136 -> 439529.88
A171: Electricity Charges | B171: ='2.Capex Details'!H46*0.746*8 -> 0 | C171: 8 | D171: =$B$171*$C$171*B12*D136 -> 0 | E171: =$B$171*$C$171*C12*E136 -> 0 | F171: =$B$171*$C$171*D12*F136 -> 0 | G171: =$B$171*$C$171*E12*G136 -> 0 | H171: =$B$171*$C$171*F12*H136 -> 0 | I171: =$B$171*$C$171*G12*I136 -> 0 | J171: =$B$171*$C$171*H12*J136 -> 0
A172: Loading/Unloading Charges | C172: 10 | D172: =((B35*100)/50)*$C$172*D136 -> 83963.895 | E172: =((C35*100)/50)*$C$172*E136 -> 110202.61 | F172: =((D35*100)/50)*$C$172*F136 -> 138855.29 | G172: =((E35*100)/50)*$C$172*G136 -> 170097.73 | H172: =((F35*100)/50)*$C$172*H136 -> 204117.28 | I172: =((G35*100)/50)*$C$172*I136 -> 241113.53 | J172: =((H35*100)/50)*$C$172*J136 -> 281299.12
...

Sheet 14. Facility 3 Warehouse
A2: Facility 3 - Warehouse
A3: 14.1 Capacity Utilization
A4: Capacity | B4: 1800 | C4: MT
A6: No.of Month | B6: 12
A8: Particular | B8: Y1 | C8: Y2 | D8: Y3 | E8: Y4 | F8: Y5 | G8: Y6 | H8: Y7
A9: Capacity Utilisation | B9: 0.7 | C9: =B9+5% -> 0.75 | D9: =C9+5% -> 0.8 | E9: =D9+5% -> 0.85 | F9: =E9+5% -> 0.9 | G9: =F9 -> 0.9 | H9: =G9 -> 0.9
A10: Total Quantity Stored per Annum | B10: =$B$4*B9*$B$6 -> 15120 | C10: =$B$4*C9*$B$6 -> 16200 | D10: =$B$4*D9*$B$6 -> 17280 | E10: =$B$4*E9*$B$6 -> 18360 | F10: =$B$4*F9*$B$6 -> 19440 | G10: =$B$4*G9*$B$6 -> 19440 | H10: =$B$4*H9*$B$6 -> 19440
A15: 14.2 Facility 3 - Profit and loss of Warehouse
D17: 1 | E17: =(D17*5%)+D17 -> 1.05 | F17: =(E17*5%)+E17 -> 1.1025 | G17: =(F17*5%)+F17 -> 1.157625 | H17: =(G17*5%)+G17 -> 1.2155063 | I17: =(H17*5%)+H17 -> 1.2762816 | J17: =(I17*5%)+I17 -> 1.3400956
A18: Particulars | B18: Unit | C18: Rate | D18: Y1 | E18: Y2 | F18: Y3 | G18: Y4 | H18: Y5 | I18: Y6 | J18: Y7
A20: Vegetable
A21: Storage Charges per MT per Month | C21: 90 | D21: =B10*$C$21*D17 -> 1360800 | E21: =C10*$C$21*E17 -> 1530900 | F21: =D10*$C$21*F17 -> 1714608 | G21: =E10*$C$21*G17 -> 1912859.6 | H21: =F10*$C$21*H17 -> 2126649.7 | I21: =G10*$C$21*I17 -> 2232982.2 | J21: =H10*$C$21*J17 -> 2344631.3
A23: Total Revenue | D23: =SUM(D21:D21) -> 1360800 | E23: =SUM(E21:E21) -> 1530900 | F23: =SUM(F21:F21) -> 1714608 | G23: =SUM(G21:G21) -> 1912859.6 | H23: =SUM(H21:H21) -> 2126649.7 | I23: =SUM(I21:I21) -> 2232982.2 | J23: =SUM(J21:J21) -> 2344631.3
A25: Expenses
A26: Variable Cost
A27: Dunnage | B27: MT | C27: 15 | D27: =$B$4*$C$27*D17*4 -> 108000 | E27: =$B$4*$C$27*E17*4 -> 113400 | F27: =$B$4*$C$27*F17*4 -> 119070 | G27: =$B$4*$C$27*G17*4 -> 125023.5 | H27: =$B$4*$C$27*H17*4 -> 131274.68 | I27: =$B$4*$C$27*I17*4 -> 137838.41 | J27: =$B$4*$C$27*J17*4 -> 144730.33
A28: Fumigation | B28: MT | C28: 14 | D28: =$B$4*$C$28*D17*12 -> 302400 | E28: =$B$4*$C$28*E17*12 -> 317520 | F28: =$B$4*$C$28*F17*12 -> 333396 | G28: =$B$4*$C$28*G17*12 -> 350065.8 | H28: =$B$4*$C$28*H17*12 -> 367569.09 | I28: =$B$4*$C$28*I17*12 -> 385947.54 | J28: =$B$4*$C$28*J17*12 -> 405244.92
A29: Eletricity | C29: 10000 | D29: =$C$29*12*D17 -> 120000 | E29: =$C$29*12*E17 -> 126000 | F29: =$C$29*12*F17 -> 132300 | G29: =$C$29*12*G17 -> 138915 | H29: =$C$29*12*H17 -> 145860.75 | I29: =$C$29*12*I17 -> 153153.79 | J29: =$C$29*12*J17 -> 160811.48
A34: Total Variable Cost | D34: =SUM(D27:D33) -> 530400 | E34: =SUM(E27:E33) -> 556920 | F34: =SUM(F27:F33) -> 584766 | G34: =SUM(G27:G33) -> 614004.3 | H34: =SUM(H27:H33) -> 644704.52 | I34: =SUM(I27:I33) -> 676939.74 | J34: =SUM(J27:J33) -> 710786.73
A36: Fixed Cost
A37: Warehouse Manager | B37: 1 | C37: 25000 | D37: =$B$37*$C$37*D17*12 -> 300000 | E37: =$B$37*$C$37*E17*12 -> 315000 | F37: =$B$37*$C$37*F17*12 -> 330750 | G37: =$B$37*$C$37*G17*12 -> 347287.5 | H37: =$B$37*$C$37*H17*12 -> 364651.88 | I37: =$B$37*$C$37*I17*12 -> 382884.47 | J37: =$B$37*$C$37*J17*12 -> 402028.69
A43: Total Fixed Cost | D43: =SUM(D37:D42) -> 300000 | E43: =SUM(E37:E42) -> 315000 | F43: =SUM(F37:F42) -> 330750 | G43: =SUM(G37:G42) -> 347287.5 | H43: =SUM(H37:H42) -> 364651.88 | I43: =SUM(I37:I42) -> 382884.47 | J43: =SUM(J37:J42) -> 402028.69
A45: Total Expenses | D45: =D34+D43 -> 830400 | E45: =E34+E43 -> 871920 | F45: =F34+F43 -> 915516 | G45: =G34+G43 -> 961291.8 | H45: =H34+H43 -> 1009356.4 | I45: =I34+I43 -> 1059824.2 | J45: =J34+J43 -> 1112815.4
A47: Opperating profit | D47: =D23-D45 -> 530400 | E47: =E23-E45 -> 658980 | F47: =F23-F45 -> 799092 | G47: =G23-G45 -> 951567.75 | H47: =H23-H45 -> 1117293.3 | I47: =I23-I45 -> 1173158 | J47: =J23-J45 -> 1231815.9
A51: This sheet provide details capacity utilization of machines and also sale, expenses and operating profit of Dal Mill activity
A53: Assumption:
A54: 1 | B54: Revenue and cost is related to this facility only
A55: 2 | B55: Common expenditure such as admin, depreciation and amortization not considered.
A56: 3 | B56: Inflation is assumed to be 5% anually.

Sheet 15. Facility 4 Custom Hiring
A3: Facility 4 - Custom Hiring
A4: 15.1 Capacity Utlization
A7: Sr. No. | B7: Custom Hiring Equipment | C7: No.of Equipment | D7: Working Days | E7: No.of Hours in day | F7: Total Hours in a year | G7: Required Hrs/Acre | H7: Total Acres | I7: No.of Liters Diesel Required/acre | J7: Total no.of Liters required | K7: Service Charges/Acre (Amount (Rs.) | L7: Labour Requirement | M7: Total No. of Days Labour Reuired
A8: 1
A9: 2
A10: 3
A11: 4
A12: 5
A13: 6
A14: 7 | F14: =D14*E14*C14 -> 0 | G14: 0 | J14: =H14*I14 -> 0 | M14: =D14*L14 -> 0
A15: 8 | F15: =D15*E15*C15 -> 0 | G15: 0 | J15: =H15*I15 -> 0 | M15: =D15*L15 -> 0
A16: 9 | F16: =D16*E16*C16 -> 0 | G16: 0 | J16: =H16*I16 -> 0 | M16: =D16*L16 -> 0
A17: 10 | F17: =D17*E17*C17 -> 0 | G17: 0 | J17: =H17*I17 -> 0 | M17: =D17*L17 -> 0
A21: 15.2 Facility 4 - Profit and loss of Custom Hiring
E23: 1 | F23: =(E23*5%)+E23 -> 1.05 | G23: =(F23*5%)+F23 -> 1.1025 | H23: =(G23*5%)+G23 -> 1.157625 | I23: =(H23*5%)+H23 -> 1.2155063 | J23: =(I23*5%)+I23 -> 1.2762816 | K23: =(J23*5%)+J23 -> 1.3400956
A24: Particulars | B24: Unit | C24: No. of Unit | D24: Rate | E24: Y1 | F24: Y2 | G24: Y3 | H24: Y4 | I24: Y5 | J24: Y6 | K24: Y7
A26: Revenue
A27: Custom Hiring Charges
A28: =B8 -> 0 | C28: =H8 -> 0 | D28: =K8 -> 0 | E28: =$C$28*$D$28*E23 -> 0 | F28: =$C$28*$D$28*F23 -> 0 | G28: =$C$28*$D$28*G23 -> 0 | H28: =$C$28*$D$28*H23 -> 0 | I28: =$C$28*$D$28*I23 -> 0 | J28: =$C$28*$D$28*J23 -> 0 | K28: =$C$28*$D$28*K23 -> 0
A29: =B9 -> 0 | C29: =H9 -> 0 | D29: =K9 -> 0 | E29: =$C$29*$D$29*E23 -> 0 | F29: =$C$29*$D$29*F23 -> 0 | G29: =$C$29*$D$29*G23 -> 0 | H29: =$C$29*$D$29*H23 -> 0 | I29: =$C$29*$D$29*I23 -> 0 | J29: =$C$29*$D$29*J23 -> 0 | K29: =$C$29*$D$29*K23 -> 0
A30: =B10 -> 0 | C30: =H10 -> 0 | D30: =K10 -> 0 | E30: =$C$30*$D$30*E23 -> 0 | F30: =$C$30*$D$30*F23 -> 0 | G30: =$C$30*$D$30*G23 -> 0 | H30: =$C$30*$D$30*H23 -> 0 | I30: =$C$30*$D$30*I23 -> 0 | J30: =$C$30*$D$30*J23 -> 0 | K30: =$C$30*$D$30*K23 -> 0
A31: =B11 -> 0 | C31: =H11 -> 0 | D31: =K11 -> 0 | E31: =$C$31*$D$31*E23 -> 0 | F31: =$C$31*$D$31*F23 -> 0 | G31: =$C$31*$D$31*G23 -> 0 | H31: =$C$31*$D$31*H23 -> 0 | I31: =$C$31*$D$31*I23 -> 0 | J31: =$C$31*$D$31*J23 -> 0 | K31: =$C$31*$D$31*K23 -> 0
A32: =B12 -> 0 | C32: =H12 -> 0 | D32: =K12 -> 0 | E32: =$C$32*$D$32*E23 -> 0 | F32: =$C$32*$D$32*F23 -> 0 | G32: =$C$32*$D$32*G23 -> 0 | H32: =$C$32*$D$32*H23 -> 0 | I32: =$C$32*$D$32*I23 -> 0 | J32: =$C$32*$D$32*J23 -> 0 | K32: =$C$32*$D$32*K23 -> 0
C33: =H13 -> 0 | D33: =K13 -> 0 | E33: =$C$33*$D$33*E23 -> 0 | F33: =$C$33*$D$33*F23 -> 0 | G33: =$C$33*$D$33*G23 -> 0 | H33: =$C$33*$D$33*H23 -> 0 | I33: =$C$33*$D$33*I23 -> 0 | J33: =$C$33*$D$33*J23 -> 0 | K33: =$C$33*$D$33*K23 -> 0
C34: =H14 -> 0 | D34: =K14 -> 0 | E34: =$C$34*$D$34*E23 -> 0 | F34: =$C$34*$D$34*F23 -> 0 | G34: =$C$34*$D$34*G23 -> 0 | H34: =$C$34*$D$34*H23 -> 0 | I34: =$C$34*$D$34*I23 -> 0 | J34: =$C$34*$D$34*J23 -> 0 | K34: =$C$34*$D$34*K23 -> 0
C35: =H15 -> 0 | D35: =K15 -> 0 | E35: =$C$35*$D$35*E23 -> 0 | F35: =$C$35*$D$35*F23 -> 0 | G35: =$C$35*$D$35*G23 -> 0 | H35: =$C$35*$D$35*H23 -> 0 | I35: =$C$35*$D$35*I23 -> 0 | J35: =$C$35*$D$35*J23 -> 0 | K35: =$C$35*$D$35*K23 -> 0
C36: =H16 -> 0 | D36: =K16 -> 0 | E36: =$C$36*$D$36*E23 -> 0 | F36: =$C$36*$D$36*F23 -> 0 | G36: =$C$36*$D$36*G23 -> 0 | H36: =$C$36*$D$36*H23 -> 0 | I36: =$C$36*$D$36*I23 -> 0 | J36: =$C$36*$D$36*J23 -> 0 | K36: =$C$36*$D$36*K23 -> 0
C37: =H17 -> 0 | D37: =K17 -> 0 | E37: =$C$37*$D$37*E23 -> 0 | F37: =$C$37*$D$37*F23 -> 0 | G37: =$C$37*$D$37*G23 -> 0 | H37: =$C$37*$D$37*H23 -> 0 | I37: =$C$37*$D$37*I23 -> 0 | J37: =$C$37*$D$37*J23 -> 0 | K37: =$C$37*$D$37*K23 -> 0
C38: =H18 -> 0 | D38: =K18 -> 0 | E38: =$C$38*$D$38*E23 -> 0 | F38: =$C$38*$D$38*F23 -> 0 | G38: =$C$38*$D$38*G23 -> 0 | H38: =$C$38*$D$38*H23 -> 0 | I38: =$C$38*$D$38*I23 -> 0 | J38: =$C$38*$D$38*J23 -> 0 | K38: =$C$38*$D$38*K23 -> 0
A39: Total Revenue | E39: =SUM(E28:E38) -> 0 | F39: =SUM(F28:F38) -> 0 | G39: =SUM(G28:G38) -> 0 | H39: =SUM(H28:H38) -> 0 | I39: =SUM(I28:I38) -> 0 | J39: =SUM(J28:J38) -> 0 | K39: =SUM(K28:K38) -> 0
A41: Expenses
A42: Variable Expenses
A43: Diesel | B43: Litres | C43: =SUM(J8:J17) -> 0 | D43: 110 | E43: =$C$43*$D$43*E23 -> 0 | F43: =$C$43*$D$43*F23 -> 0 | G43: =$C$43*$D$43*G23 -> 0 | H43: =$C$43*$D$43*H23 -> 0 | I43: =$C$43*$D$43*I23 -> 0 | J43: =$C$43*$D$43*J23 -> 0 | K43: =$C$43*$D$43*K23 -> 0
A44: Daily Labour | B44: No. of Days | C44: =SUM(M8:M17) -> 0 | D44: 300 | E44: =$C$44*$D$44*E23 -> 0 | F44: =$C$44*$D$44*F23 -> 0 | G44: =$C$44*$D$44*G23 -> 0 | H44: =$C$44*$D$44*H23 -> 0 | I44: =$C$44*$D$44*I23 -> 0 | J44: =$C$44*$D$44*J23 -> 0 | K44: =$C$44*$D$44*K23 -> 0
A49: Total Variable Cost | E49: =SUM(E43:E48) -> 0 | F49: =SUM(F43:F48) -> 0 | G49: =SUM(G43:G48) -> 0 | H49: =SUM(H43:H48) -> 0 | I49: =SUM(I43:I48) -> 0 | J49: =SUM(J43:J48) -> 0 | K49: =SUM(K43:K48) -> 0
A51: Fixed Cost
A52: Driver | B52: No. | C52: 2 | D52: 0 | E52: =$C$52*$D$52*12*E23 -> 0 | F52: =$C$52*$D$52*12*F23 -> 0 | G52: =$C$52*$D$52*12*G23 -> 0 | H52: =$C$52*$D$52*12*H23 -> 0 | I52: =$C$52*$D$52*12*I23 -> 0 | J52: =$C$52*$D$52*12*J23 -> 0 | K52: =$C$52*$D$52*12*K23 -> 0
A56: Total Fixed Cost | E56: =SUM(E52:E55) -> 0 | F56: =SUM(F52:F55) -> 0 | G56: =SUM(G52:G55) -> 0 | H56: =SUM(H52:H55) -> 0 | I56: =SUM(I52:I55) -> 0 | J56: =SUM(J52:J55) -> 0 | K56: =SUM(K52:K55) -> 0
A57: Total Expenses | E57: =E49+E56 -> 0 | F57: =F49+F56 -> 0 | G57: =G49+G56 -> 0 | H57: =H49+H56 -> 0 | I57: =I49+I56 -> 0 | J57: =J49+J56 -> 0 | K57: =K49+K56 -> 0
A59: Operating Income | E59: =E39-E57 -> 0 | F59: =F39-F57 -> 0 | G59: =G39-G57 -> 0 | H59: =H39-H57 -> 0 | I59: =I39-I57 -> 0 | J59: =J39-J57 -> 0 | K59: =K39-K57 -> 0
A62: This sheet provide details of sale, expenses and operating profit of custom hiring activity
A65: Assumption:
A66: 1 | B66: Revenue and cost is related to this facility only
A67: 2 | B67: Common expenditure such as admin, depreciation and amortization not considered.
A68: 3 | B68: Inflation is assumed to be 5% anually.

Sheet 16.Facility 5 Agri Input
A2: Facility 5 - Agri Input
A6: Particular | C6: Y1 | D6: Y2 | E6: Y3 | F6: Y4 | G6: Y5 | H6: Y6 | I6: Y7
A7: Area under crop (In Acres)
A8: Kharif Crops
A9: ='10.Grain Production details'!A92 -> Soybean | C9: ='10.Grain Production details'!B92 -> 0 | D9: ='10.Grain Production details'!C92 -> 0 | E9: ='10.Grain Production details'!D92 -> 0 | F9: ='10.Grain Production details'!E92 -> 0 | G9: ='10.Grain Production details'!F92 -> 0 | H9: ='10.Grain Production details'!G92 -> 0 | I9: ='10.Grain Production details'!H92 -> 0
A10: ='10.Grain Production details'!A93 -> Red Gram/Tur | C10: ='10.Grain Production details'!B93 -> 0 | D10: ='10.Grain Production details'!C93 -> 0 | E10: ='10.Grain Production details'!D93 -> 0 | F10: ='10.Grain Production details'!E93 -> 0 | G10: ='10.Grain Production details'!F93 -> 0 | H10: ='10.Grain Production details'!G93 -> 0 | I10: ='10.Grain Production details'!H93 -> 0
A11: ='10.Grain Production details'!A94 -> Paddy/Rice | C11: ='10.Grain Production details'!B94 -> 0 | D11: ='10.Grain Production details'!C94 -> 0 | E11: ='10.Grain Production details'!D94 -> 0 | F11: ='10.Grain Production details'!E94 -> 0 | G11: ='10.Grain Production details'!F94 -> 0 | H11: ='10.Grain Production details'!G94 -> 0 | I11: ='10.Grain Production details'!H94 -> 0
A12: ='10.Grain Production details'!A95 -> Green Gram/ Moong | C12: ='10.Grain Production details'!B95 -> 0 | D12: ='10.Grain Production details'!C95 -> 0 | E12: ='10.Grain Production details'!D95 -> 0 | F12: ='10.Grain Production details'!E95 -> 0 | G12: ='10.Grain Production details'!F95 -> 0 | H12: ='10.Grain Production details'!G95 -> 0 | I12: ='10.Grain Production details'!H95 -> 0
A13: ='10.Grain Production details'!A96 -> Maize | C13: ='10.Grain Production details'!B96 -> 0 | D13: ='10.Grain Production details'!C96 -> 0 | E13: ='10.Grain Production details'!D96 -> 0 | F13: ='10.Grain Production details'!E96 -> 0 | G13: ='10.Grain Production details'!F96 -> 0 | H13: ='10.Grain Production details'!G96 -> 0 | I13: ='10.Grain Production details'!H96 -> 0
A14: ='10.Grain Production details'!A97 -> Black Gram/Udid | C14: ='10.Grain Production details'!B97 -> 0 | D14: ='10.Grain Production details'!C97 -> 0 | E14: ='10.Grain Production details'!D97 -> 0 | F14: ='10.Grain Production details'!E97 -> 0 | G14: ='10.Grain Production details'!F97 -> 0 | H14: ='10.Grain Production details'!G97 -> 0 | I14: ='10.Grain Production details'!H97 -> 0
A15: ='10.Grain Production details'!A98 -> Bajra | C15: ='10.Grain Production details'!B98 -> 0 | D15: ='10.Grain Production details'!C98 -> 0 | E15: ='10.Grain Production details'!D98 -> 0 | F15: ='10.Grain Production details'!E98 -> 0 | G15: ='10.Grain Production details'!F98 -> 0 | H15: ='10.Grain Production details'!G98 -> 0 | I15: ='10.Grain Production details'!H98 -> 0
A16: ='10.Grain Production details'!A99 -> Jawar | C16: ='10.Grain Production details'!B99 -> 0 | D16: ='10.Grain Production details'!C99 -> 0 | E16: ='10.Grain Production details'!D99 -> 0 | F16: ='10.Grain Production details'!E99 -> 0 | G16: ='10.Grain Production details'!F99 -> 0 | H16: ='10.Grain Production details'!G99 -> 0 | I16: ='10.Grain Production details'!H99 -> 0
A17: Rabi Crop
A18: ='10.Grain Production details'!A101 -> Wheat | C18: ='10.Grain Production details'!B101 -> 0 | D18: ='10.Grain Production details'!C101 -> 0 | E18: ='10.Grain Production details'!D101 -> 0 | F18: ='10.Grain Production details'!E101 -> 0 | G18: ='10.Grain Production details'!F101 -> 0 | H18: ='10.Grain Production details'!G101 -> 0 | I18: ='10.Grain Production details'!H101 -> 0
A19: ='10.Grain Production details'!A102 -> Bengal Gram/Channa | C19: ='10.Grain Production details'!B102 -> 0 | D19: ='10.Grain Production details'!C102 -> 0 | E19: ='10.Grain Production details'!D102 -> 0 | F19: ='10.Grain Production details'!E102 -> 0 | G19: ='10.Grain Production details'!F102 -> 0 | H19: ='10.Grain Production details'!G102 -> 0 | I19: ='10.Grain Production details'!H102 -> 0
A20: ='10.Grain Production details'!A103 -> Jawar | C20: ='10.Grain Production details'!B103 -> 0 | D20: ='10.Grain Production details'!C103 -> 0 | E20: ='10.Grain Production details'!D103 -> 0 | F20: ='10.Grain Production details'!E103 -> 0 | G20: ='10.Grain Production details'!F103 -> 0 | H20: ='10.Grain Production details'!G103 -> 0 | I20: ='10.Grain Production details'!H103 -> 0
A21: ='10.Grain Production details'!A104 -> Maize | C21: ='10.Grain Production details'!B104 -> 0 | D21: ='10.Grain Production details'!C104 -> 0 | E21: ='10.Grain Production details'!D104 -> 0 | F21: ='10.Grain Production details'!E104 -> 0 | G21: ='10.Grain Production details'!F104 -> 0 | H21: ='10.Grain Production details'!G104 -> 0 | I21: ='10.Grain Production details'!H104 -> 0
A22: ='10.Grain Production details'!A105 -> Safflower | C22: ='10.Grain Production details'!B105 -> 0 | D22: ='10.Grain Production details'!C105 -> 0 | E22: ='10.Grain Production details'!D105 -> 0 | F22: ='10.Grain Production details'!E105 -> 0 | G22: ='10.Grain Production details'!F105 -> 0 | H22: ='10.Grain Production details'!G105 -> 0 | I22: ='10.Grain Production details'!H105 -> 0
A23: ='10.Grain Production details'!A106 -> 0 | C23: ='10.Grain Production details'!B106 -> 0 | D23: ='10.Grain Production details'!C106 -> 0 | E23: ='10.Grain Production details'!D106 -> 0 | F23: ='10.Grain Production details'!E106 -> 0 | G23: ='10.Grain Production details'!F106 -> 0 | H23: ='10.Grain Production details'!G106 -> 0 | I23: ='10.Grain Production details'!H106 -> 0
A24: ='10.Grain Production details'!A107 -> 0 | C24: ='10.Grain Production details'!B107 -> 0 | D24: ='10.Grain Production details'!C107 -> 0 | E24: ='10.Grain Production details'!D107 -> 0 | F24: ='10.Grain Production details'!E107 -> 0 | G24: ='10.Grain Production details'!F107 -> 0 | H24: ='10.Grain Production details'!G107 -> 0 | I24: ='10.Grain Production details'!H107 -> 0
A25: ='10.Grain Production details'!A108 -> 0 | C25: ='10.Grain Production details'!B108 -> 0 | D25: ='10.Grain Production details'!C108 -> 0 | E25: ='10.Grain Production details'!D108 -> 0 | F25: ='10.Grain Production details'!E108 -> 0 | G25: ='10.Grain Production details'!F108 -> 0 | H25: ='10.Grain Production details'!G108 -> 0 | I25: ='10.Grain Production details'!H108 -> 0
A26: ='10.Grain Production details'!A33 -> Summer
A27: ='10.Grain Production details'!A109 -> Groundnut | C27: ='10.Grain Production details'!B110 -> 0 | D27: ='10.Grain Production details'!C110 -> 0 | E27: ='10.Grain Production details'!D110 -> 0 | F27: ='10.Grain Production details'!E110 -> 0 | G27: ='10.Grain Production details'!F110 -> 0 | H27: ='10.Grain Production details'!G110 -> 0 | I27: ='10.Grain Production details'!H110 -> 0
A28: ='10.Grain Production details'!A110 -> 0 | C28: ='10.Grain Production details'!B111 -> 0 | D28: ='10.Grain Production details'!C111 -> 0 | E28: ='10.Grain Production details'!D111 -> 0 | F28: ='10.Grain Production details'!E111 -> 0 | G28: ='10.Grain Production details'!F111 -> 0 | H28: ='10.Grain Production details'!G111 -> 0 | I28: ='10.Grain Production details'!H111 -> 0
A29: ='10.Grain Production details'!A111 -> 0 | C29: ='10.Grain Production details'!B112 -> 0 | D29: ='10.Grain Production details'!C112 -> 0 | E29: ='10.Grain Production details'!D112 -> 0 | F29: ='10.Grain Production details'!E112 -> 0 | G29: ='10.Grain Production details'!F112 -> 0 | H29: ='10.Grain Production details'!G112 -> 0 | I29: ='10.Grain Production details'!H112 -> 0
A30: ='10.Grain Production details'!A112 -> 0 | C30: ='10.Grain Production details'!B113 -> 0 | D30: ='10.Grain Production details'!C113 -> 0 | E30: ='10.Grain Production details'!D113 -> 0 | F30: ='10.Grain Production details'!E113 -> 0 | G30: ='10.Grain Production details'!F113 -> 0 | H30: ='10.Grain Production details'!G113 -> 0 | I30: ='10.Grain Production details'!H113 -> 0
A31: ='10.Grain Production details'!A113 -> 0 | C31: ='10.Grain Production details'!C114 -> 0 | D31: ='10.Grain Production details'!D114 -> 0 | E31: ='10.Grain Production details'!E114 -> 0 | F31: ='10.Grain Production details'!F114 -> 0 | G31: ='10.Grain Production details'!G114 -> 0 | H31: ='10.Grain Production details'!H114 -> 0 | I31: ='10.Grain Production details'!I114 -> 0
A32: ='11.F&V Crop Production details'!A1:H1 -> Fruit & Vegetables Crop Production Details
A33: ='11.F&V Crop Production details'!A102 -> Onion | C33: ='11.F&V Crop Production details'!B102 -> 0 | D33: ='11.F&V Crop Production details'!C102 -> 0 | E33: ='11.F&V Crop Production details'!D102 -> 0 | F33: ='11.F&V Crop Production details'!E102 -> 0 | G33: ='11.F&V Crop Production details'!F102 -> 0 | H33: ='11.F&V Crop Production details'!G102 -> 0 | I33: ='11.F&V Crop Production details'!H102 -> 0
A34: ='11.F&V Crop Production details'!A103 -> Tomato | C34: ='11.F&V Crop Production details'!B103 -> 0 | D34: ='11.F&V Crop Production details'!C103 -> 0 | E34: ='11.F&V Crop Production details'!D103 -> 0 | F34: ='11.F&V Crop Production details'!E103 -> 0 | G34: ='11.F&V Crop Production details'!F103 -> 0 | H34: ='11.F&V Crop Production details'!G103 -> 0 | I34: ='11.F&V Crop Production details'!H103 -> 0
A35: ='11.F&V Crop Production details'!A104 -> Okra | C35: ='11.F&V Crop Production details'!B104 -> 0 | D35: ='11.F&V Crop Production details'!C104 -> 0 | E35: ='11.F&V Crop Production details'!D104 -> 0 | F35: ='11.F&V Crop Production details'!E104 -> 0 | G35: ='11.F&V Crop Production details'!F104 -> 0 | H35: ='11.F&V Crop Production details'!G104 -> 0 | I35: ='11.F&V Crop Production details'!H104 -> 0
A36: ='11.F&V Crop Production details'!A105 -> Chilli | C36: ='11.F&V Crop Production details'!B105 -> 0 | D36: ='11.F&V Crop Production details'!C105 -> 0 | E36: ='11.F&V Crop Production details'!D105 -> 0 | F36: ='11.F&V Crop Production details'!E105 -> 0 | G36: ='11.F&V Crop Production details'!F105 -> 0 | H36: ='11.F&V Crop Production details'!G105 -> 0 | I36: ='11.F&V Crop Production details'!H105 -> 0
A37: ='11.F&V Crop Production details'!A106 -> Potato | C37: ='11.F&V Crop Production details'!B106 -> 0 | D37: ='11.F&V Crop Production details'!C106 -> 0 | E37: ='11.F&V Crop Production details'!D106 -> 0 | F37: ='11.F&V Crop Production details'!E106 -> 0 | G37: ='11.F&V Crop Production details'!F106 -> 0 | H37: ='11.F&V Crop Production details'!G106 -> 0 | I37: ='11.F&V Crop Production details'!H106 -> 0
A38: ='11.F&V Crop Production details'!A107 -> 0 | C38: ='11.F&V Crop Production details'!B107 -> 0 | D38: ='11.F&V Crop Production details'!C107 -> 0 | E38: ='11.F&V Crop Production details'!D107 -> 0 | F38: ='11.F&V Crop Production details'!E107 -> 0 | G38: ='11.F&V Crop Production details'!F107 -> 0 | H38: ='11.F&V Crop Production details'!G107 -> 0 | I38: ='11.F&V Crop Production details'!H107 -> 0
